Workbook

Sheet I. Parametros Grales
B2: PROYECTO DE GESTIÓN INTEGRAL DE RESIDUOS PARA EL MUNICIPIO DE CHIHUAHUA
B4: Parametros Generales
B6: Tabla 1. Parámetros del Proyecto
B7: Días al año | C7: 365
B8: Semanas al año | C8: =+C7/7 -> 52.142857
B9: Tasa social de descuento | C9: 0.1
B10: Año Base | C10: 2024
B11: Horizonte de Evaluación (años) | C11: 40
B12: Fuente: Estudio Diagnóstico
B14: Tabla 2. Datos Básicos de la Estación de Transferencia (ET) y PSTRS
B15: Concepto | C15: Unidad | D15: Cantidad
B16: Número de turnos ET | C16: # | D16: 1
B17: Horas por turno E. Transf. | C17: h | D17: 8
B18: Número de turnos PSTRS | C18: # | D18: 2
B19: Horas por turno PSTRS | C19: h | D19: 8
B20: Días por semana (ET y PSTRS) | C20: días | D20: 6
B21: Horas por semana ET | C21: h/semana | D21: =+D16*D17*D20 -> 48
B22: Horas por Semana PSTRS | C22: h/semana | D22: =+D18*D19*D20 -> 96
B23: Capacidad nominal de equipo de compactación ET | C23: t/h | D23: 140
B24: Costo promedio del diesel | C24: lto | D24: 23.72 | E24: Fuente: Precios Promedio Chihuahua acorde a información compartida por la Comisión Reguladora de Energía y reportados en www.gasolinamexico.com.mx (A Febrero 2024)
B25: Costo promedio de la gasolina | C25: lto | D25: 22.34 | E25: Fuente: Precios Promedio Chihuahua acorde a información compartida por la Comisión Reguladora de Energía y reportados en www.gasolinamexico.com.mx (A Febrero 2024)
B26: Costo lubricantes sobre el costo del diésel | C26: % | D26: 0.2 | E26: Fuente: | F26: Parámetrico utilizado por el consultor de acuerdo con estimaciones de usuarios de maquinaria consultados, incluye (Aceite, filtros, etc.)
B27: Tarifa de EE en media tensión TARIFA GDMTH base (HM) | C27: $/kW-h | D27: 1.0362 | E27: Fuente: | F27: Pagina de CFE a enero del 2024 | H27: app.cfe.mx/Aplicaciones/CCFE/Tarifas/TarifasCRENegocio/Tarifas/GranDemandaMTH.aspx
B28: Tarifa de EE en media tensión TARIFA GDMTH intermedia (HM) | C28: $/kW-h | D28: 1.6532 | E28: Fuente: | F28: Pagina de CFE a enero del 2024 | H28: app.cfe.mx/Aplicaciones/CCFE/Tarifas/TarifasCRENegocio/Tarifas/GranDemandaMTH.aspx
B29: Tarifa de EE en media tensión TARIFA GDMTH punta (HM) | C29: $/kW-h | D29: 1.9362 | E29: Fuente: | F29: Pagina de CFE a enero del 2024 | H29: app.cfe.mx/Aplicaciones/CCFE/Tarifas/TarifasCRENegocio/Tarifas/GranDemandaMTH.aspx
B30: Tarifa de EE en media tensión TARIFA GDMTH promedio ponderado (HM) ET | C30: $/kW-h | D30: =(C57*C45+J54*C54)/12 -> 1.6689632 | E30: Fuente: | F30: Ver cálculos
B31: Tarifa de EE en media tensión TARIFA GDMTH promedio ponderado (HM) PSTRS | C31: $/kW-h | D31: =+(C45*J46+C54*J55)/12 -> 1.6802226 | E31: Fuente: | F31: Ver cálculos
B32: Distribución | C32: $/kW | D32: 75.79 | E32: Fuente: | F32: Pagina de CFE a enero del 2024 | H32: app.cfe.mx/Aplicaciones/CCFE/Tarifas/TarifasCRENegocio/Tarifas/GranDemandaMTH.aspx
B33: Capacidad | C33: $/kW | D33: 410.85 | E33: Fuente: | F33: Pagina de CFE a enero del 2024 | H33: app.cfe.mx/Aplicaciones/CCFE/Tarifas/TarifasCRENegocio/Tarifas/GranDemandaMTH.aspx
B34: Costos de Distribución + Capacidad respecto al Consumo | C34: % | D34: =+E72+G61 -> 0.44248767 | E34: Fuente: | F34: Estimación conservadora del consultor, incluye cargos de distribución y capacidad (35% de la tarifa punta)
B35: Fuente: Estudio Diagnóstico
B37: Regiones Central, Noreste, Noroeste, Norte, Peninsular y Sur | F37: TARIFAS y Horarios Tarifa de EE en media tensión TARIFA GDMTH (HM) por Segmento Tarifario
F38: BASE | G38: INTERMEDIO | H38: PUNTA | I38: PROMEDIO
B39: Del primer domingo de abril al sábado anterior al último domingo de octubre
B40: Lunes a Viernes | F40: 0:00 - 6:00 | G40: 6:00 - 20:00 | H40: 20:00 - 22:00
G41: 22:00 - 24:00
B42: Sabado | F42: 0:00 - 7:00 | G42: 7:00 - 24:00
B43: Domingo y festivo | F43: 0:00 - 19:00 | G43: 19:00 - 24:00
E44: TARIFA | F44: =+D27 -> 1.0362 | G44: =+D28 -> 1.6532 | H44: =+D29 -> 1.9362
B45: Número de meses | C45: 7 | D45: ET | E45: # horas/semana | F45: 0 | G45: =8*6 -> 48 | H45: 0 | I45: =+SUM(F45:H45) -> 48 | J45: =+(F45*F44+G44*G45+H44*H45)/I45 -> 1.6532 | K45: HORARIO DE 08:00 - 16:00
D46: PSTRS | E46: # horas/semana | F46: 0 | G46: =16*6 -> 96 | H46: 0 | I46: =+SUM(F46:H46) -> 96 | J46: =+(F44*F46+G44*G46+H44*H46)/I46 -> 1.6532 | K46: HORARIO DE 08:00 - 24:00
B47: Del último domingo de octubre al sábado anterior al primer domingo de abril
B48: lunes a viernes | F48: 0:00 - 6:00 | G48: 6:00 - 18:00 | H48: 18:00 - 22:00
G49: 22:00 - 24:00
B50: sábado | F50: 0:00 - 8:00 | G50: 8:00 - 19:00 | H50: 19:00 - 21:00
G51: 21:00 - 24:00
B52: domingo y festivo | F52: 0:00 - 18:00 | G52: 18:00 - 24:00
E53: TARIFA | F53: =+F44 -> 1.0362 | G53: =+G44 -> 1.6532 | H53: =+H44 -> 1.9362
B54: Número de meses | C54: 5 | D54: ET | E54: # horas/semana | F54: 0 | G54: 48 | H54: 0 | I54: =+SUM(F54:H54) -> 48 | J54: =+(F54*F53+G53*G54+H53*H54)/I54 -> 1.6532 | K54: HORARIO DE 08:00 - 16:00
D55: PSTRS | E55: # horas/semana | F55: 0 | G55: =96-H55 -> 74 | H55: =5*4+2 -> 22 | I55: =+SUM(F55:H55) -> 96 | J55: =+(F53*F55+G53*G55+H53*H55)/I55 -> 1.7180542 | K55: HORARIO DE 08:00 - 24:00
B56: PSTRS: | I56: Nota
B57: Tarifa promedio | C57: =+D31 -> 1.6802226
B59: Cargo por consumo | C59: =+H137*C57 -> 770176.93 | D59: $/mes
B61: Cargo por capacidad | C61: =+C70*D33 -> 287718.09 | D61: $/mes | G61: =+C61/$C$59 -> 0.37357402 | H61: Sobre consumo
B62: Qmensual/(24 * d *F.C.) | C62: =+C63/(24*C64*C65) -> 1116.9053 | D62: kW
B63: Qmensual | C63: =+H137 -> 458377.92 | D63: kW-h/mes
B64: d | C64: 30 | D64: días | E64: Nota: Los 30 días considerados en el factor "d" son los días de facturación en el recibo de CFE del mes correspondiente. Y se aplica haya o no consumo. Por tanto no es necesariamente coincidente con los días de operación.
B65: F.C. | C65: 0.57 | D65: adimensional | E65: Factor de carga correspondiente del apartado 3.1.2 del Anexo Único del Acuerdo A/053/2022.
B66: Dmax punta: | C66: =+C67*C68 -> 700.2996 | D66: kW
B67: Demanda promedio | C67: =+C63/(24*C64) -> 636.636 | D67: kW
B68: Factor Dmax punta/Dpromedio | C68: 1.1 | E68: Nota: Dato eléctrico típico Considera que se utiliza un modo de arranque lento y secuencial de motores + banco de capacitores
B70: Demanda mínima para cálculo | C70: =+MIN(C62,C66) -> 700.2996 | D70: kW
B72: Cargo por distribución | C72: =+C77*D32 -> 53075.707 | D72: $/mes | E72: =+C72/$C$59 -> 0.068913655 | F72: Sobre consumo
B73: Dmax mensual: | C73: =+C74*C75 -> 700.2996 | D73: kW
B74: Demanda promedio | C74: =+C67 -> 636.636 | D74: kW
B75: Factor Dmax mensual/Dpromedio | C75: 1.1 | E75: Nota: Dato eléctrico típico Considera que se utiliza un modo de arranque lento y secuencial de motores + banco de capacitores
B77: Demanda mínima para cálculo | C77: =+MIN(C62,C73) -> 700.2996 | D77: kW
B79: Tabla 3. Días al año de Operación
B80: Concepto | C80: Días
B81: Dias por año en operación en dos turnos + 1 de mantenimiento. | C81: 312
B82: Fuente: Análisis Técnico. Nota: Los demas días no se encuentra en operación por ser día inhábil y se utiliza sólo para determinar la capacidad de maquinaria.
B84: Tabla 4. Consumo de Energía Electrica Requerida por la Planta de Separación (PSTRS)
B85: Equipo | C85: kW Inst | D85: kW-Op | F85: h/d en oper. | G85: kW-h/d | H85: kW-h/mes | I85: kW-h/año
B86: Alimentador de Planta A | C86: 5 | D86: 0.77 | E86: =+C86*D86 -> 3.85 | F86: 16 | G86: =+E86*F86 -> 61.6 | H86: =+I86/12 -> 1601.6 | I86: =+G86*$C$81 -> 19219.2
B87: Alimentador de Planta B | C87: 5 | D87: =+D86 -> 0.77 | E87: =+C87*D87 -> 3.85 | F87: 16 | G87: =+E87*F87 -> 61.6 | H87: =+I87/12 -> 1601.6 | I87: =+G87*$C$81 -> 19219.2
B88: Cinta de alimentación de Planta A | C88: 8 | D88: =+D87 -> 0.77 | E88: =+C88*D88 -> 6.16 | F88: 16 | G88: =+E88*F88 -> 98.56 | H88: =+I88/12 -> 2562.56 | I88: =+G88*$C$81 -> 30750.72
B89: Cinta de selección Primaria A | C89: 5 | D89: =+D88 -> 0.77 | E89: =+C89*D89 -> 3.85 | F89: 16 | G89: =+E89*F89 -> 61.6 | H89: =+I89/12 -> 1601.6 | I89: =+G89*$C$81 -> 19219.2
B90: Cinta de selección primaria B | C90: 5 | D90: =+D89 -> 0.77 | E90: =+C90*D90 -> 3.85 | F90: 16 | G90: =+E90*F90 -> 61.6 | H90: =+I90/12 -> 1601.6 | I90: =+G90*$C$81 -> 19219.2
B91: Cinta de alimentación a Trómel A | C91: 8 | D91: =+D90 -> 0.77 | E91: =+C91*D91 -> 6.16 | F91: 16 | G91: =+E91*F91 -> 98.56 | H91: =+I91/12 -> 2562.56 | I91: =+G91*$C$81 -> 30750.72
B92: Cinta de alimentación a Trómel B | C92: 6 | D92: =+D91 -> 0.77 | E92: =+C92*D92 -> 4.62 | F92: 16 | G92: =+E92*F92 -> 73.92 | H92: =+I92/12 -> 1921.92 | I92: =+G92*$C$81 -> 23063.04
B93: Separador Magnético antes de Trómel A | C93: 4 | D93: =+D92 -> 0.77 | E93: =+C93*D93 -> 3.08 | F93: 16 | G93: =+E93*F93 -> 49.28 | H93: =+I93/12 -> 1281.28 | I93: =+G93*$C$81 -> 15375.36
B94: Separador Magnético antes de Trómel B | C94: 3 | D94: =+D93 -> 0.77 | E94: =+C94*D94 -> 2.31 | F94: 16 | G94: =+E94*F94 -> 36.96 | H94: =+I94/12 -> 960.96 | I94: =+G94*$C$81 -> 11531.52
B95: TROMEL DE FINOS_ORGANICO A | C95: 32 | D95: =+D94 -> 0.77 | E95: =+C95*D95 -> 24.64 | F95: 16 | G95: =+E95*F95 -> 394.24 | H95: =+I95/12 -> 10250.24 | I95: =+G95*$C$81 -> 123002.88
B96: TROMEL DE FINOS_ORGANICO B | C96: 32 | D96: =+D95 -> 0.77 | E96: =+C96*D96 -> 24.64 | F96: 16 | G96: =+E96*F96 -> 394.24 | H96: =+I96/12 -> 10250.24 | I96: =+G96*$C$81 -> 123002.88
B97: Cinta colectora rebose de Trómel A | C97: 4 | D97: =+D96 -> 0.77 | E97: =+C97*D97 -> 3.08 | F97: 16 | G97: =+E97*F97 -> 49.28 | H97: =+I97/12 -> 1281.28 | I97: =+G97*$C$81 -> 15375.36
B98: Cinta colectora de rebose de Trómel B | C98: 4 | D98: =+D97 -> 0.77 | E98: =+C98*D98 -> 3.08 | F98: 16 | G98: =+E98*F98 -> 49.28 | H98: =+I98/12 -> 1281.28 | I98: =+G98*$C$81 -> 15375.36
... B136: Embaladora | C136: 32 | D136: =+D135 -> 0.77 | E136: =+C136*D136 -> 24.64 | F136: 16 | G136: =+E136*F136 -> 394.24 | H136: =+I136/12 -> 10250.24 | I136: =+G136*$C$81 -> 123002.88
B137: Total | H137: =+SUM(H86:H136) -> 458377.92 | I137: =+SUM(I86:I136) -> 5500535
B138: Fuente: Análisis Técnico | C138: =+SUM(C86:C136) -> 1431 | E138: =+SUM(E86:E136) -> 1101.87
B139: Nota: En lo que respecta a los kW-Op, se toma en cuenta el criterio de diseno del proveedor, el cual considera que se utiliza un 77% de la capacidad límite del motor.
B141: Tabla 5. Parámetros de Relleno Sanitario | G141: Tabla 6. Parámetros de Combustible Derivado de Residuos
B142: Relleno Sanitario | G142: Combustible derivado de Residuos
B143: Profundidad Maxima De Basura A Compactar | C143: 0.5 | D143: M
B144: Densidad De Basura Sin Compactar | C144: 500 | D144: KG/M3 | G144: Coeficiente de CDR Organico | H144: 0.13440592 | I144: Precio CDR Verde ($/Ton) | J144: 150
B145: Densidad De Basura Compacta | C145: 700 | D145: KG/M3 | G145: Coeficiente de CDR Plástico | H145: 0.41806475 | I145: Precio CDR Plastico ($/Ton) | J145: 300
B146: Densidad Suelo Compacto | C146: 1700 | D146: KG/M3 | G146: Fuente: Estudio Diagnóstico de Chihuahua (2023)
B147: Espesor De Cobertura Diaria Min | C147: 0.15 | D147: M
B148: Coef. Capas Intermedias De Cobertura (Cc) | C148: 1.25
B149: Coef. Eficiencia En El Vertido (Ce) | C149: =1/0.99 -> 1.010101
B150: Fuente: Estudio Diagnóstico de Chihuahua (2023)
...

Sheet I.1 Proyecciones Población
B2: PROYECTO DE GESTIÓN INTEGRAL DE RESIDUOS PARA EL MUNICIPIO DE CHIHUAHUA
B4: Proyecciones Población Municipal
B7: Tabla 1. Numero de Habitantes, INEGI 2020
B8: Municipio | C8: Número de Habitantes
B9: Chihuahua | C9: 937674
B10: Aldama | C10: 26047
B11: Aquiles Serdan | C11: 24344
B12: Total | C12: =+SUM(C9:C11) -> 988065
B13: Fuente: Censo Poblacional 2020
B15: Tabla 2. Proyección del Crecimiento Poblacional en la Zona de Estudio
B16: Tiempo | D16: Factor de crecimiento poblacional total CONAPO para el estado de Chihuahua | F16: Población Habitantes a mitad de año
B17: t | C17: Año | D17: Periodo % | E17: Acumulado % | F17: Chihuahua | G17: Aldama | H17: Aquiles Serdán | I17: Total
B18: -4 | C18: 2020 | D18: 0 | E18: 1 | F18: =+C9 -> 937674 | G18: =+C10 -> 26047 | H18: =+C11 -> 24344 | I18: =+SUM(F18:H18) -> 988065
B19: -3 | C19: 2021 | D19: =+D68 -> 0.0094177432 | E19: =+E18*(1+D19) -> 1.0094177 | F19: =+$F$18*E19 -> 946504.77 | G19: =+$G$18*E19 -> 26292.304 | H19: =+$H$18*E19 -> 24573.266 | I19: =+SUM(F19:H19) -> 997370.34
B20: -2 | C20: 2022 | D20: =+D69 -> 0.011172722 | E20: =+E19*(1+D20) -> 1.0206957 | F20: =+$F$18*E20 -> 957079.81 | G20: =+$G$18*E20 -> 26586.061 | H20: =+$H$18*E20 -> 24847.816 | I20: =+SUM(F20:H20) -> 1008513.7
B21: -1 | C21: 2023 | D21: =+D70 -> 0.01290222 | E21: =+E20*(1+D21) -> 1.0338649 | F21: =+$F$18*E21 -> 969428.26 | G21: =+$G$18*E21 -> 26929.08 | H21: =+$H$18*E21 -> 25168.408 | I21: =+SUM(F21:H21) -> 1021525.7
B22: 0 | C22: 2024 | D22: =+D71 -> 0.012578567 | E22: =+E21*(1+D22) -> 1.0468695 | F22: =+$F$18*E22 -> 981622.28 | G22: =+$G$18*E22 -> 27267.809 | H22: =+$H$18*E22 -> 25484.99 | I22: =+SUM(F22:H22) -> 1034375.1
B23: 1 | C23: 2025 | D23: =+D72 -> 0.012030881 | E23: =+E22*(1+D23) -> 1.0594642 | F23: =+$F$18*E23 -> 993432.06 | G23: =+$G$18*E23 -> 27595.865 | H23: =+$H$18*E23 -> 25791.597 | I23: =+SUM(F23:H23) -> 1046819.5
B24: 2 | C24: 2026 | D24: =+D73 -> 0.011310057 | E24: =+E23*(1+D24) -> 1.0714468 | F24: =+$F$18*E24 -> 1004667.8 | G24: =+$G$18*E24 -> 27907.976 | H24: =+$H$18*E24 -> 26083.302 | I24: =+SUM(F24:H24) -> 1058659.1
B25: 3 | C25: 2027 | D25: =+D74 -> 0.01054361 | E25: =+E24*(1+D25) -> 1.0827437 | F25: =+$F$18*E25 -> 1015260.7 | G25: =+$G$18*E25 -> 28202.226 | H25: =+$H$18*E25 -> 26358.314 | I25: =+SUM(F25:H25) -> 1069821.2
B26: 4 | C26: 2028 | D26: =+D75 -> 0.0097935038 | E26: =+E25*(1+D26) -> 1.0933476 | F26: =+$F$18*E26 -> 1025203.6 | G26: =+$G$18*E26 -> 28478.425 | H26: =+$H$18*E26 -> 26616.454 | I26: =+SUM(F26:H26) -> 1080298.5
B27: 5 | C27: 2029 | D27: =+D76 -> 0.0091154869 | E27: =+E26*(1+D27) -> 1.103314 | F27: =+$F$18*E27 -> 1034548.8 | G27: =+$G$18*E27 -> 28738.02 | H27: =+$H$18*E27 -> 26859.076 | I27: =+SUM(F27:H27) -> 1090145.9
B28: 6 | C28: 2030 | D28: =+D77 -> 0.0085454224 | E28: =+E27*(1+D28) -> 1.1127423 | F28: =+$F$18*E28 -> 1043389.5 | G28: =+$G$18*E28 -> 28983.598 | H28: =+$H$18*E28 -> 27088.598 | I28: =+SUM(F28:H28) -> 1099461.7
B29: 7 | C29: 2031 | D29: =+D78 -> 0.0080832079 | E29: =+E28*(1+D29) -> 1.1217368 | F29: =+$F$18*E29 -> 1051823.4 | G29: =+$G$18*E29 -> 29217.879 | H29: =+$H$18*E29 -> 27307.561 | I29: =+SUM(F29:H29) -> 1108348.9
B30: 8 | C30: 2032 | D30: =+D79 -> 0.0077153428 | E30: =+E29*(1+D30) -> 1.1303914 | F30: =+$F$18*E30 -> 1059938.6 | G30: =+$G$18*E30 -> 29443.305 | H30: =+$H$18*E30 -> 27518.248 | I30: =+SUM(F30:H30) -> 1116900.2
... B61: 39 | C61: 2063 | D61: =+D110 -> -0.0021252251 | E61: =+E60*(1+D61) -> 1.2260764 | F61: =+$F$18*E61 -> 1149660 | G61: =+$G$18*E61 -> 31935.613 | H61: =+$H$18*E61 -> 29847.605 | I61: =+SUM(F61:H61) -> 1211443.2
B62: Fuente: Elaboración propia con datos de la CONAPO, Proyecciones poblacionales al año 2070
B65: Tabla 3. Proyección del Crecimiento Poblacional en el Estado de Chihuahua
B66: Año | C66: Población | D66: Tasa de Crecimiento
B67: 2020 | C67: 3794752 | D67: -
B68: 2021 | C68: 3830490 | D68: =+(C68-C67)/C67 -> 0.0094177432
B69: 2022 | C69: 3873287 | D69: =+(C69-C68)/C68 -> 0.011172722
B70: 2023 | C70: 3923261 | D70: =+(C70-C69)/C69 -> 0.01290222
B71: 2024 | C71: 3972610 | D71: =+(C71-C70)/C70 -> 0.012578567
B72: 2025 | C72: 4020404 | D72: =+(C72-C71)/C71 -> 0.012030881
B73: 2026 | C73: 4065875 | D73: =+(C73-C72)/C72 -> 0.011310057
B74: 2027 | C74: 4108744 | D74: =+(C74-C73)/C73 -> 0.01054361
B75: 2028 | C75: 4148983 | D75: =+(C75-C74)/C74 -> 0.0097935038
B76: 2029 | C76: 4186803 | D76: =+(C76-C75)/C75 -> 0.0091154869
B77: 2030 | C77: 4222581 | D77: =+(C77-C76)/C76 -> 0.0085454224
B78: 2031 | C78: 4256713 | D78: =+(C78-C77)/C77 -> 0.0080832079
B79: 2032 | C79: 4289555 | D79: =+(C79-C78)/C78 -> 0.0077153428
... B118: 2071 | C118: 4541014 | D118: =+(C118-C117)/C117 -> -0.0039095497
B119: Fuente: Proyecciones poblacionales al año 2070. CONAPO liga: https://www.gob.mx/conapo/documentos/bases-de-datos-de-la-conciliaciondemografica-1950-a-2019-y-proyecciones-de-la-poblacion-de-mexico-2020-a2070.

Sheet II. Caracterizacion RSU
B2: PROYECTO DE GESTIÓN INTEGRAL DE RESIDUOS PARA EL MUNICIPIO DE CHIHUAHUA
B4: Caracterización y Composición de Residuos
B6: Tabla 1. Caracterización de RSU y RME (año base: 2023/365 días) | F6: =+H6-G42 -> 1133.1476 | H6: =+E54 -> 1148.7476 | J6: =+H6='III. Sit. Actual O-D'!S12 -> TRUE
B7: SUBPRODUCTO | C7: % Global sin RME específico | D7: Clase de Residuo | E7: Tipo de Residuo | F7: Toneladas al dia sin RME específicos | G7: RME especificos | H7: Toneladas totales | I7: %Global con RME especifico
B8: Residuos Alimenticios | C8: 0.1511 | D8: Orgánico | E8: Residuos alimenticios | F8: =+$F$6*C8 -> 171.2186 | G8: 6.72 | H8: =+F8+G8 -> 177.9386 | I8: =+H8/$H$6 -> 0.15489791
B9: Residuos de jardinería | C9: 0.034 | D9: Orgánico | E9: Residuos de jardinería | F9: =+$F$6*C9 -> 38.527018 | H9: =+F9+G9 -> 38.527018 | I9: =+H9/$H$6 -> 0.03353828
B10: Hueso | C10: 0.0023 | D10: Orgánico | E10: Otros | F10: =+$F$6*C10 -> 2.6062395 | H10: =+F10+G10 -> 2.6062395 | I10: =+H10/$H$6 -> 0.002268766
B11: Fibra dura vegetal | C11: 0 | D11: Orgánico | E11: Otros | F11: =+$F$6*C11 -> 0 | H11: =+F11+G11 -> 0 | I11: =+H11/$H$6 -> 0
B12: Papel | C12: 0.0418 | D12: Inorg. Recuperable | E12: Papel y Cartón | F12: =+$F$6*C12 -> 47.365569 | H12: =+F12+G12 -> 47.365569 | I12: =+H12/$H$6 -> 0.041232356
B13: Cartón | C13: 0.0858 | D13: Inorg. Recuperable | E13: Papel y Cartón | F13: =+$F$6*C13 -> 97.224063 | H13: =+F13+G13 -> 97.224063 | I13: =+H13/$H$6 -> 0.084634835
B14: Envase de cartón encerado | C14: 0 | D14: Inorg. Recuperable | E14: Papel y Cartón | F14: =+$F$6*C14 -> 0 | H14: =+F14+G14 -> 0 | I14: =+H14/$H$6 -> 0
B15: Tetrapack | C15: 0.014 | D15: Inorg. Recuperable | E15: Papel y Cartón | F15: =+$F$6*C15 -> 15.864066 | H15: =+F15+G15 -> 15.864066 | I15: =+H15/$H$6 -> 0.01380988
B16: Plástico rígido | C16: 0.0707 | D16: Inorg. Recuperable | E16: Plástico | F16: =+$F$6*C16 -> 80.113534 | H16: =+F16+G16 -> 80.113534 | I16: =+H16/$H$6 -> 0.069739894
B17: Plástico ligero | C17: 0.097 | D17: Inorg. Recuperable | E17: Plástico | F17: =+$F$6*C17 -> 109.91532 | H17: =+F17+G17 -> 109.91532 | I17: =+H17/$H$6 -> 0.095682739
B18: PET | C18: 0.0667 | D18: Inorg. Recuperable | E18: Plástico | F18: =+$F$6*C18 -> 75.580944 | H18: =+F18+G18 -> 75.580944 | I18: =+H18/$H$6 -> 0.065794214
B19: Vidrio de color | C19: 0.0097 | D19: Inorg. Recuperable | E19: Vidrio | F19: =+$F$6*C19 -> 10.991532 | H19: =+F19+G19 -> 10.991532 | I19: =+H19/$H$6 -> 0.0095682739
B20: Vidrio trasparente | C20: 0.0323 | D20: Inorg. Recuperable | E20: Vidrio | F20: =+$F$6*C20 -> 36.600667 | H20: =+F20+G20 -> 36.600667 | I20: =+H20/$H$6 -> 0.031861366
... B35: Cuero | C35: 0.0007 | D35: Inorg. No Recup. | E35: Otros | F35: =+$F$6*C35 -> 0.79320331 | H35: =+F35+G35 -> 0.79320331 | I35: =+H35/$H$6 -> 0.000690494
B36: Material de construcción | C36: 0.0007 | D36: Inorg. No Recup. | E36: Otros | F36: =+$F$6*C36 -> 0.79320331 | G36: 4.41 | H36: =+F36+G36 -> 5.2032033 | I36: =+H36/$H$6 -> 0.0045294574
B37: Loza y cerámica | C37: 0.0021 | D37: Inorg. No Recup. | E37: Otros | F37: =+$F$6*C37 -> 2.3796099 | H37: =+F37+G37 -> 2.3796099 | I37: =+H37/$H$6 -> 0.002071482
B38: Poliuretano | C38: 0.0056 | D38: Inorg. No Recup. | E38: Otros | F38: =+$F$6*C38 -> 6.3456265 | H38: =+F38+G38 -> 6.3456265 | I38: =+H38/$H$6 -> 0.005523952
B39: Hule | C39: 0.0042 | D39: Inorg. No Recup. | E39: Otros | F39: =+$F$6*C39 -> 4.7592199 | G39: 2.98 | H39: =+F39+G39 -> 7.7392199 | I39: =+H39/$H$6 -> 0.0067370935
B40: Otros | C40: 0.0508 | D40: Inorg. No Recup. | E40: Otros | F40: =+$F$6*C40 -> 57.563897 | G40: 1.49 | H40: =+F40+G40 -> 59.053897 | I40: =+H40/$H$6 -> 0.0514072
B41: Residuos Peligrosos | C41: 0.0039 | D41: Peligrosos | E41: Otros | F41: =+$F$6*C41 -> 4.4192756 | H41: =+F41+G41 -> 4.4192756 | I41: =+H41/$H$6 -> 0.003847038
B42: Total General | C42: =+SUM(C8:C41) -> 1 | F42: =+SUM(F8:F41) -> 1133.1476 | G42: 15.6 | H42: =F42+G42 -> 1148.7476 | I42: =+SUM(I8:I41) -> 1
B43: Fuente: Estudio Diagnóstico, Generación y Composición de los Residuos (2023) para el Proyecto Integral de Residuos para el municipio de Chihuahua
B45: Tabla 2. Índice de Generación Per Cápita (Año Base 2023)
B46: Tipo de Residuo | C46: Población | D46: kg/hab/día(365) | E46: Ton/día | F46: Ton/año
B47: RSU | C47: =+'I.1 Proyecciones Población'!I21 -> 1021525.7 | D47: 0.78 | E47: =+C47*D47/1000 -> 796.79008 | F47: =+E47*365 -> 290828.38
B48: RME | C48: =+'I.1 Proyecciones Población'!I21 -> 1021525.7 | D48: =+SUM(D49:D53) -> 0.344541 | E48: =+SUM(E49:E53) -> 351.9575 | F48: =+E48*365 -> 128464.49
B49: No Domésticos similares a Domésticos | D49: 0.329271 | E49: =+$C$48*D49/1000 -> 336.3588 | F49: =+E49*365 -> 122770.96
B50: Llantas | D50: 0.00289 | E50: =+$C$48*D50/1000 -> 2.9522094 | F50: =+E50*365 -> 1077.5564
B51: Escombros | D51: 0.0043 | E51: =+$C$48*D51/1000 -> 4.3925607 | F51: =+E51*365 -> 1603.2847
B52: Orgánicos | D52: 0.0066 | E52: =+$C$48*D52/1000 -> 6.7420699 | F52: =+E52*365 -> 2460.8555
B53: Inorgánicos | D53: 0.00148 | E53: =+$C$48*D53/1000 -> 1.5118581 | F53: =+E53*365 -> 551.82821
B54: Total | D54: =+SUM(D47:D48) -> 1.124541 | E54: =+SUM(E47:E48) -> 1148.7476 | F54: =+SUM(F47:F48) -> 419292.87
B55: Fuente: Elaboración Propia con información con base en Estudio de Taras y Pesajes y con las Proyecciones de CONAPO.
B57: Tabla 3. Residuos Totales
B58: Clase de Residuo | C58: Ton/día | D58: Porcentaje
B59: Inorgánico no Recuperable | C59: =+F25+F26+F27+F28+F29+F30+F31+F32+F33+F34+F35+F36+F37+F38+F39+F40+G36+G39+G40 -> 425.08511 | D59: =+C59/$C$63 -> 0.37004222
B60: Inorgánico Recuperable | C60: =+F12+F13+F14+F15+F16+F17+F18+F19+F20+F21+F22+F23+F24 -> 500.17135 | D60: =+C60/$C$63 -> 0.43540579
B61: Orgánico | C61: =+F8+F9+F10+F11+G8 -> 219.07186 | D61: =+C61/$C$63 -> 0.19070496
B62: Peligrosos | C62: =+F41 -> 4.4192756 | D62: =+C62/$C$63 -> 0.003847038
B63: Total | C63: =+SUM(C59:C62) -> 1148.7476 | D63: =+C63/$C$63 -> 1
B64: Fuente: Estudio Diagnóstico, Generación y Composición de los Residuos (2023) para el Proyecto Integral de Residuos para el municipio de Chihuahua
B66: Tabla 4. Inorgánicos Recuperables
B67: Tipo de Residuo | C67: Ton/día | D67: Porcentaje
B68: Papel y Cartón | C68: =+F12+F13+F14+F15 -> 160.4537 | D68: =+C68/$C$72 -> 0.32079746
B69: Plástico | C69: =+F16+F17+F18 -> 265.60979 | D69: =+C69/$C$72 -> 0.53103761
B70: Vidrio | C70: =+F19+F20 -> 47.592199 | D70: =+C70/$C$72 -> 0.09515179
B71: Metales | C71: =+F21+F22+F23+F24 -> 26.515654 | D71: =+C71/$C$72 -> 0.05301314
B72: Total | C72: =+SUM(C68:C71) -> 500.17135 | D72: =+C72/$C$72 -> 1
B73: Fuente: Balance de Masa, Estudio Diagnóstico, Generación y Composición de los Residuos (2023) para el Proyecto Integral de Residuos para el municipio de Chihuahua
B75: Tabla 6. Residuos de Manejo Especial Específicos que van directo a Relleno Sanitario
B76: Residuos | C76: Ton/día
B77: Material de construcción | C77: =+G36 -> 4.41
B78: Hule | C78: =+G39 -> 2.98
B79: Residuos peligrosos neutralizados | C79: =+F41 -> 4.4192756
B80: Total | C80: =+SUM(C77:C79) -> 11.809276
B81: Fuente: Balance de Masa, Estudio Diagnóstico, Generación y Composición de los Residuos (2023) para el Proyecto Integral de Residuos para el municipio de Chihuahua
B83: Tabla 7. Volumen Generado de RSU + RME
B84: Categoría | C84: Ton/día | D84: Porcentaje
B85: Confinable a RS (directo) | C85: =+C80 -> 11.809276 | D85: =+C85/C87 -> 0.010280131
B86: Residuo que va a Planta de Separación | C86: =+C87-C85 -> 1136.9383 | D86: =+C86/C87 -> 0.98971987
B87: Total | C87: =+C63 -> 1148.7476 | D87: 1
B88: Fuente: Balance de Masa, Estudio Diagnóstico, Generación y Composición de los Residuos (2023) para el Proyecto Integral de Residuos para el municipio de Chihuahua
B89: Valorizable: se refiere a lo Reciclable menos el rechazo
B90: Confinable a RS: los RME específicos que quedan fuera (hule, residuos peligrosos y material de construcción)
B91: Tratamiento biológico: se refiere a los residuos orgánicos e inorgánicos que son susceptibles de proceso biológico (reactor) | J91: Gráfico 1. Flujo Másico de RSU
B93: Tabla 8. Balance de Masa de los Residuos que pasan por la Planta de Separación
B94: Concepto | C94: Factor de Rechazo | D94: Factor de Eficiencia | E94: Residuo Valorizable (ton/día) | F94: % de Valorizable Global o Factor de conversión Global
B95: Total de Residuos | E95: =+C87 -> 1148.7476 | F95: 1
B96: Confinable Directo a Relleno Sanitario | E96: =+C85 -> 11.809276 | F96: =+E96/E95 -> 0.010280131
B97: Valorizable | E97: =+SUM(E98:E109) -> 247.77677 | F97: =+E97/E95 -> 0.21569296
B98: Papel | C98: 0.636 | D98: =1-C98 -> 0.364 | E98: =+D98*H12 -> 17.241067 | F98: =+E98/$C$87 -> 0.015008577
B99: Cartón | C99: 0.636 | D99: =1-C99 -> 0.364 | E99: =+D99*H13 -> 35.389559 | F99: =+E99/$C$87 -> 0.03080708
B100: Tetrapack | C100: 0.636 | D100: =1-C100 -> 0.364 | E100: =+D100*H15 -> 5.7745201 | F100: =+E100/$C$87 -> 0.0050267963
B101: Plástico rígido | C101: 0.6 | D101: =1-C101 -> 0.4 | E101: =+D101*H16 -> 32.045414 | F101: =+E101/$C$87 -> 0.027895957
B102: Plástico ligero | C102: 0.6 | D102: =1-C102 -> 0.4 | E102: =+D102*H17 -> 43.966126 | F102: =+E102/$C$87 -> 0.038273096
B103: PET | C103: 0.3 | D103: =1-C103 -> 0.7 | E103: =+D103*H18 -> 52.906661 | F103: =+E103/$C$87 -> 0.046055949
B104: Vidrio de color | C104: 0.25 | D104: =1-C104 -> 0.75 | E104: =+D104*H19 -> 8.2436487 | F104: =+E104/$C$87 -> 0.0071762055
B105: Vidrio trasparente | C105: 0.25 | D105: =1-C105 -> 0.75 | E105: =+D105*H20 -> 27.4505 | F105: =+E105/$C$87 -> 0.023896024
B106: Lata | C106: 0.02 | D106: =1-C106 -> 0.98 | E106: =+D106*H21 -> 6.6629078 | F106: =+E106/$C$87 -> 0.0058001496
B107: Material ferroso | C107: 0.05 | D107: =1-C107 -> 0.95 | E107: =+D107*H22 -> 14.747916 | F107: =+E107/$C$87 -> 0.012838256
B108: Material no-ferroso | C108: 0.05 | D108: =1-C108 -> 0.95 | E108: =+D108*H23 -> 2.2606294 | F108: =+E108/$C$87 -> 0.0019679079
B109: Papel aluminio | C109: 0.4 | D109: =1-C109 -> 0.6 | E109: =+D109*H24 -> 1.0878217 | F109: =+E109/$C$87 -> 0.00094696319
B110: CDR | E110: =+E111+E115 -> 509.23499 | F110: =+E110/$E$95 -> 0.44329581
B111: CDR verde | E111: =SUM(E112:E114) -> 87.628743 | F111: =+E111/E95 -> 0.076281982
B112: Residuos Alimenticios | D112: 0.4 | E112: =+D112*H8 -> 71.17544 | F112: =+E112/$C$87 -> 0.061959164
B113: Residuos de jardinería | D113: 0.4 | E113: =+D113*H9 -> 15.410807 | F113: =+E113/$C$87 -> 0.013415312
B114: Hueso | D114: 0.4 | E114: =+D114*H10 -> 1.0424958 | F114: =+E114/$C$87 -> 0.00090750639
B115: CDR Plástico | D115: 0.526 | E115: =+(C86-E97-E111)*D115 -> 421.60625 | F115: =+E115/E95 -> 0.36701383
B116: Pérdida de Agua y Co2 | D116: =+E116/(E95-E96-E97) -> 0.19056185 | E116: =+F116*E95 -> 169.44027 | F116: 0.1475
B117: Rechazo CDR | D117: 0.554 | E117: =+(E95-E96-E97-E110)*D117 -> 210.47931 | F117: =+E117/E95 -> 0.18322503
B118: Rechazo Fino | D118: 0.416 | E118: =+G118*E117 -> 158.04944 | F118: =+E118/$C$87 -> 0.13758414 | G118: =+D118/D117 -> 0.75090253
B119: Rechazo Grueso | D119: 0.1383 | E119: =+ROUNDDOWN(E117*G119,1) -> 52.5 | F119: =+E119/$C$87 -> 0.045701946 | G119: =+D119/D117 -> 0.24963899
E120: =+E96+E97+E110+E116+E117 -> 1148.7406
B123: Fuente: Balance de Masa, Estudio Diagnóstico, Generación y Composición de los Residuos (2023) para el Proyecto Integral de Residuos para el municipio de Chihuahua
B124: Nota: Los porcentajes son especificaciones de la Tecnología y que se especifican en los estudios técnicos.
B125: Nota 2: Los calculos detallados incluyen pérdida de masa por digestión y pérdida de humedad. Estos pueden ser vistos en el Balance de Masa incluido en el estudio Diagnóstico.
...

Sheet III. Sit. Actual O-D
B2: PROYECTO DE GESTIÓN INTEGRAL DE RESIDUOS PARA EL MUNICIPIO DE CHIHUAHUA
B4: Proyección de la Población y Demanda en Situación Actual
B6: Tabla 1. Proyección de la Demanda en la Situación Actual
B7: Tiempo | D7: Factor de crecimiento poblacional total CONAPO para el estado de Chihuahua | F7: Población Habitantes a mitad de año | J7: Generación RSU | N7: Generación RME | R7: Generación RS = RSU + RME | Y7: Ver Nota 1
B8: t | C8: Año | D8: Periodo | E8: Acumulado | F8: Chihuahua | G8: Aldama | H8: Aquiles Serdán | I8: Total | J8: Producción Per Cápita RSU (k/hab.día) | K8: Masa RSU (T/día) | L8: Masa RSU (T/día hábil) | M8: Masa RSU (T/año) | N8: Producción Per Cápita RME (k/hab.día) | O8: Masa RME (T/día) | P8: Masa RME (T/día hábil) | Q8: Masa RME (T/año) | R8: Producción Per Cápita RS (k/hab.día) | S8: Masa RS (T/día) | T8: Masa RS (T/día hábil) | U8: Masa RS (T/año) | V8: RSU (m3/año) | W8: RME (m3/año) | X8: Total (m3/año) | Y8: Volumen Efectivo Confinado (m3/año)
B9: -4 | C9: 2020 | D9: =+'I.1 Proyecciones Población'!D18 -> 0 | E9: 1 | F9: 937674 | G9: 26047 | H9: 24344 | I9: =SUM(F9:H9) -> 988065 | J9: =+'II. Caracterizacion RSU'!D47 -> 0.78 | K9: =+I9*J9/1000 -> 770.6907 | L9: =+K9*365/'I. Parametros Grales'!$C$81 -> 901.60931 | M9: =+J9*$I9*365/1000 -> 281302.11 | N9: =+'II. Caracterizacion RSU'!D48 -> 0.344541 | O9: =+I9*N9/1000 -> 340.4289 | P9: =+O9*365/'I. Parametros Grales'!$C$81 -> 398.25817 | Q9: =+N9*$I9*365/1000 -> 124256.55 | R9: =+J9+N9 -> 1.124541 | S9: =+K9+O9 -> 1111.1196 | T9: =+L9+P9 -> 1299.8675 | U9: =+M9+Q9 -> 405558.66
B10: -3 | C10: 2021 | D10: =+'I.1 Proyecciones Población'!D19 -> 0.0094177432 | E10: =+E9*(1+D10) -> 1.0094177 | F10: =+$F$9*E10 -> 946504.77 | G10: =+$G$9*E10 -> 26292.304 | H10: =+$H$9*E10 -> 24573.266 | I10: =SUM(F10:H10) -> 997370.34 | J10: =+J9 -> 0.78 | K10: =+I10*J10/1000 -> 777.94887 | L10: =+K10*365/'I. Parametros Grales'!$C$81 -> 910.10044 | M10: =+J10*$I10*365/1000 -> 283951.34 | N10: =+N9 -> 0.344541 | O10: =+I10*N10/1000 -> 343.63498 | P10: =+O10*365/'I. Parametros Grales'!$C$81 -> 402.00887 | Q10: =+N10*$I10*365/1000 -> 125426.77 | R10: =+J10+N10 -> 1.124541 | S10: =+K10+O10 -> 1121.5838 | T10: =+L10+P10 -> 1312.1093 | U10: =+M10+Q10 -> 409378.1
B11: -2 | C11: 2022 | D11: =+'I.1 Proyecciones Población'!D20 -> 0.011172722 | E11: =+E10*(1+D11) -> 1.0206957 | F11: =+$F$9*E11 -> 957079.81 | G11: =+$G$9*E11 -> 26586.061 | H11: =+$H$9*E11 -> 24847.816 | I11: =SUM(F11:H11) -> 1008513.7 | J11: =+J10 -> 0.78 | K11: =+I11*J11/1000 -> 786.64067 | L11: =+K11*365/'I. Parametros Grales'!$C$81 -> 920.26874 | M11: =+J11*$I11*365/1000 -> 287123.85 | N11: =+N10 -> 0.344541 | O11: =+I11*N11/1000 -> 347.47431 | P11: =+O11*365/'I. Parametros Grales'!$C$81 -> 406.5004 | Q11: =+N11*$I11*365/1000 -> 126828.12 | R11: =+J11+N11 -> 1.124541 | S11: =+K11+O11 -> 1134.115 | T11: =+L11+P11 -> 1326.7691 | U11: =+M11+Q11 -> 413951.97
B12: -1 | C12: 2023 | D12: =+'I.1 Proyecciones Población'!D21 -> 0.01290222 | E12: =+E11*(1+D12) -> 1.0338649 | F12: =+$F$9*E12 -> 969428.26 | G12: =+$G$9*E12 -> 26929.08 | H12: =+$H$9*E12 -> 25168.408 | I12: =SUM(F12:H12) -> 1021525.7 | J12: =+J11 -> 0.78 | K12: =+I12*J12/1000 -> 796.79008 | L12: =+K12*365/'I. Parametros Grales'!$C$81 -> 932.14225 | M12: =+J12*$I12*365/1000 -> 290828.38 | N12: =+N11 -> 0.344541 | O12: =+I12*N12/1000 -> 351.9575 | P12: =+O12*365/'I. Parametros Grales'!$C$81 -> 411.74516 | Q12: =+N12*$I12*365/1000 -> 128464.49 | R12: =+J12+N12 -> 1.124541 | S12: =+K12+O12 -> 1148.7476 | T12: =+L12+P12 -> 1343.8874 | U12: =+M12+Q12 -> 419292.87 | V12: =+M12*1000/'I. Parametros Grales'!$C$145 -> 415469.12 | W12: =+Q12*1000/'I. Parametros Grales'!$C$145 -> 183520.7 | X12: =+U12*1000/'I. Parametros Grales'!$C$145 -> 598989.81 | Y12: =+X12*'I. Parametros Grales'!$C$149*'I. Parametros Grales'!$C$148 -> 756300.27
B13: 0 | C13: 2024 | D13: =+'I.1 Proyecciones Población'!D22 -> 0.012578567 | E13: =+E12*(1+D13) -> 1.0468695 | F13: =+$F$9*E13 -> 981622.28 | G13: =+$G$9*E13 -> 27267.809 | H13: =+$H$9*E13 -> 25484.99 | I13: =SUM(F13:H13) -> 1034375.1 | J13: =+J12 -> 0.78 | K13: =+I13*J13/1000 -> 806.81256 | L13: =+K13*365/'I. Parametros Grales'!$C$81 -> 943.86726 | M13: =+J13*$I13*365/1000 -> 294486.58 | N13: =+N12 -> 0.344541 | O13: =+I13*N13/1000 -> 356.38462 | P13: =+O13*365/'I. Parametros Grales'!$C$81 -> 416.92432 | Q13: =+N13*$I13*365/1000 -> 130080.39 | R13: =+J13+N13 -> 1.124541 | S13: =+K13+O13 -> 1163.1972 | T13: =+L13+P13 -> 1360.7916 | U13: =+M13+Q13 -> 424566.97 | V13: =+M13*1000/'I. Parametros Grales'!$C$145 -> 420695.12 | W13: =+Q13*1000/'I. Parametros Grales'!$C$145 -> 185829.13 | X13: =+U13*1000/'I. Parametros Grales'!$C$145 -> 606524.25 | Y13: =+X13*'I. Parametros Grales'!$C$149*'I. Parametros Grales'!$C$148 -> 765813.44 | Z13: =+X13*0.25 -> 151631.06
B14: 1 | C14: 2025 | D14: =+'I.1 Proyecciones Población'!D23 -> 0.012030881 | E14: =+E13*(1+D14) -> 1.0594642 | F14: =+$F$9*E14 -> 993432.06 | G14: =+$G$9*E14 -> 27595.865 | H14: =+$H$9*E14 -> 25791.597 | I14: =SUM(F14:H14) -> 1046819.5 | J14: =+J13 -> 0.78 | K14: =+I14*J14/1000 -> 816.51923 | L14: =+K14*365/'I. Parametros Grales'!$C$81 -> 955.22281 | M14: =+J14*$I14*365/1000 -> 298029.52 | N14: =+N13 -> 0.344541 | O14: =+I14*N14/1000 -> 360.67225 | P14: =+O14*365/'I. Parametros Grales'!$C$81 -> 421.94029 | Q14: =+N14*$I14*365/1000 -> 131645.37 | R14: =+J14+N14 -> 1.124541 | S14: =+K14+O14 -> 1177.1915 | T14: =+L14+P14 -> 1377.1631 | U14: =+M14+Q14 -> 429674.89 | V14: =+M14*1000/'I. Parametros Grales'!$C$145 -> 425756.45 | W14: =+Q14*1000/'I. Parametros Grales'!$C$145 -> 188064.81 | X14: =+U14*1000/'I. Parametros Grales'!$C$145 -> 613821.27 | Y14: =+X14*'I. Parametros Grales'!$C$149*'I. Parametros Grales'!$C$148 -> 775026.85 | Z14: =+X14*0.25 -> 153455.32
B15: 2 | C15: 2026 | D15: =+'I.1 Proyecciones Población'!D24 -> 0.011310057 | E15: =+E14*(1+D15) -> 1.0714468 | F15: =+$F$9*E15 -> 1004667.8 | G15: =+$G$9*E15 -> 27907.976 | H15: =+$H$9*E15 -> 26083.302 | I15: =SUM(F15:H15) -> 1058659.1 | J15: =+J14 -> 0.78 | K15: =+I15*J15/1000 -> 825.75411 | L15: =+K15*365/'I. Parametros Grales'!$C$81 -> 966.02644 | M15: =+J15*$I15*365/1000 -> 301400.25 | N15: =+N14 -> 0.344541 | O15: =+I15*N15/1000 -> 364.75147 | P15: =+O15*365/'I. Parametros Grales'!$C$81 -> 426.71246 | Q15: =+N15*$I15*365/1000 -> 133134.29 | R15: =+J15+N15 -> 1.124541 | S15: =+K15+O15 -> 1190.5056 | T15: =+L15+P15 -> 1392.7389 | U15: =+M15+Q15 -> 434534.54 | V15: =+M15*1000/'I. Parametros Grales'!$C$145 -> 430571.78 | W15: =+Q15*1000/'I. Parametros Grales'!$C$145 -> 190191.84 | X15: =+U15*1000/'I. Parametros Grales'!$C$145 -> 620763.62 | Y15: =+X15*'I. Parametros Grales'!$C$149*'I. Parametros Grales'!$C$148 -> 783792.45 | Z15: =+X15*0.25 -> 155190.91
B16: 3 | C16: 2027 | D16: =+'I.1 Proyecciones Población'!D25 -> 0.01054361 | E16: =+E15*(1+D16) -> 1.0827437 | F16: =+$F$9*E16 -> 1015260.7 | G16: =+$G$9*E16 -> 28202.226 | H16: =+$H$9*E16 -> 26358.314 | I16: =SUM(F16:H16) -> 1069821.2 | J16: =+J15 -> 0.78 | K16: =+I16*J16/1000 -> 834.46054 | L16: =+K16*365/'I. Parametros Grales'!$C$81 -> 976.21185 | M16: =+J16*$I16*365/1000 -> 304578.1 | N16: =+N15 -> 0.344541 | O16: =+I16*N16/1000 -> 368.59727 | P16: =+O16*365/'I. Parametros Grales'!$C$81 -> 431.21155 | Q16: =+N16*$I16*365/1000 -> 134538 | R16: =+J16+N16 -> 1.124541 | S16: =+K16+O16 -> 1203.0578 | T16: =+L16+P16 -> 1407.4234 | U16: =+M16+Q16 -> 439116.1 | V16: =+M16*1000/'I. Parametros Grales'!$C$145 -> 435111.57 | W16: =+Q16*1000/'I. Parametros Grales'!$C$145 -> 192197.15 | X16: =+U16*1000/'I. Parametros Grales'!$C$145 -> 627308.71 | Y16: =+X16*'I. Parametros Grales'!$C$149*'I. Parametros Grales'!$C$148 -> 792056.45 | Z16: =+X16*0.25 -> 156827.18
B17: 4 | C17: 2028 | D17: =+'I.1 Proyecciones Población'!D26 -> 0.0097935038 | E17: =+E16*(1+D17) -> 1.0933476 | F17: =+$F$9*E17 -> 1025203.6 | G17: =+$G$9*E17 -> 28478.425 | H17: =+$H$9*E17 -> 26616.454 | I17: =SUM(F17:H17) -> 1080298.5 | J17: =+J16 -> 0.78 | K17: =+I17*J17/1000 -> 842.63283 | L17: =+K17*365/'I. Parametros Grales'!$C$81 -> 985.77238 | M17: =+J17*$I17*365/1000 -> 307560.98 | N17: =+N16 -> 0.344541 | O17: =+I17*N17/1000 -> 372.20712 | P17: =+O17*365/'I. Parametros Grales'!$C$81 -> 435.43462 | Q17: =+N17*$I17*365/1000 -> 135855.6 | R17: =+J17+N17 -> 1.124541 | S17: =+K17+O17 -> 1214.84 | T17: =+L17+P17 -> 1421.207 | U17: =+M17+Q17 -> 443416.58 | V17: =+M17*1000/'I. Parametros Grales'!$C$145 -> 439372.83 | W17: =+Q17*1000/'I. Parametros Grales'!$C$145 -> 194079.43 | X17: =+U17*1000/'I. Parametros Grales'!$C$145 -> 633452.26 | Y17: =+X17*'I. Parametros Grales'!$C$149*'I. Parametros Grales'!$C$148 -> 799813.46 | Z17: =+X17*0.25 -> 158363.07
B18: 5 | C18: 2029 | D18: =+'I.1 Proyecciones Población'!D27 -> 0.0091154869 | E18: =+E17*(1+D18) -> 1.103314 | F18: =+$F$9*E18 -> 1034548.8 | G18: =+$G$9*E18 -> 28738.02 | H18: =+$H$9*E18 -> 26859.076 | I18: =SUM(F18:H18) -> 1090145.9 | J18: =+J17 -> 0.78 | K18: =+I18*J18/1000 -> 850.31384 | L18: =+K18*365/'I. Parametros Grales'!$C$81 -> 994.75818 | M18: =+J18*$I18*365/1000 -> 310364.55 | N18: =+N17 -> 0.344541 | O18: =+I18*N18/1000 -> 375.59997 | P18: =+O18*365/'I. Parametros Grales'!$C$81 -> 439.40382 | Q18: =+N18*$I18*365/1000 -> 137093.99 | R18: =+J18+N18 -> 1.124541 | S18: =+K18+O18 -> 1225.9138 | T18: =+L18+P18 -> 1434.162 | U18: =+M18+Q18 -> 447458.54 | V18: =+M18*1000/'I. Parametros Grales'!$C$145 -> 443377.93 | W18: =+Q18*1000/'I. Parametros Grales'!$C$145 -> 195848.56 | X18: =+U18*1000/'I. Parametros Grales'!$C$145 -> 639226.49 | Y18: =+X18*'I. Parametros Grales'!$C$149*'I. Parametros Grales'!$C$148 -> 807104.15 | Z18: =+X18*0.25 -> 159806.62
B19: 6 | C19: 2030 | D19: =+'I.1 Proyecciones Población'!D28 -> 0.0085454224 | E19: =+E18*(1+D19) -> 1.1127423 | F19: =+$F$9*E19 -> 1043389.5 | G19: =+$G$9*E19 -> 28983.598 | H19: =+$H$9*E19 -> 27088.598 | I19: =SUM(F19:H19) -> 1099461.7 | J19: =+J18 -> 0.78 | K19: =+I19*J19/1000 -> 857.58013 | L19: =+K19*365/'I. Parametros Grales'!$C$81 -> 1003.2588 | M19: =+J19*$I19*365/1000 -> 313016.75 | N19: =+N18 -> 0.344541 | O19: =+I19*N19/1000 -> 378.80963 | P19: =+O19*365/'I. Parametros Grales'!$C$81 -> 443.15871 | Q19: =+N19*$I19*365/1000 -> 138265.52 | R19: =+J19+N19 -> 1.124541 | S19: =+K19+O19 -> 1236.3898 | T19: =+L19+P19 -> 1446.4175 | U19: =+M19+Q19 -> 451282.26 | V19: =+M19*1000/'I. Parametros Grales'!$C$145 -> 447166.78 | W19: =+Q19*1000/'I. Parametros Grales'!$C$145 -> 197522.17 | X19: =+U19*1000/'I. Parametros Grales'!$C$145 -> 644688.95 | Y19: =+X19*'I. Parametros Grales'!$C$149*'I. Parametros Grales'!$C$148 -> 814001.2 | Z19: =+X19*0.25 -> 161172.24
B20: 7 | C20: 2031 | D20: =+'I.1 Proyecciones Población'!D29 -> 0.0080832079 | E20: =+E19*(1+D20) -> 1.1217368 | F20: =+$F$9*E20 -> 1051823.4 | G20: =+$G$9*E20 -> 29217.879 | H20: =+$H$9*E20 -> 27307.561 | I20: =SUM(F20:H20) -> 1108348.9 | J20: =+J19 -> 0.78 | K20: =+I20*J20/1000 -> 864.51213 | L20: =+K20*365/'I. Parametros Grales'!$C$81 -> 1011.3684 | M20: =+J20*$I20*365/1000 -> 315546.93 | N20: =+N19 -> 0.344541 | O20: =+I20*N20/1000 -> 381.87163 | P20: =+O20*365/'I. Parametros Grales'!$C$81 -> 446.74085 | Q20: =+N20*$I20*365/1000 -> 139383.15 | R20: =+J20+N20 -> 1.124541 | S20: =+K20+O20 -> 1246.3838 | T20: =+L20+P20 -> 1458.1092 | U20: =+M20+Q20 -> 454930.07 | V20: =+M20*1000/'I. Parametros Grales'!$C$145 -> 450781.32 | W20: =+Q20*1000/'I. Parametros Grales'!$C$145 -> 199118.78 | X20: =+U20*1000/'I. Parametros Grales'!$C$145 -> 649900.1 | Y20: =+X20*'I. Parametros Grales'!$C$149*'I. Parametros Grales'!$C$148 -> 820580.94 | Z20: =+X20*0.25 -> 162475.03
B21: 8 | C21: 2032 | D21: =+'I.1 Proyecciones Población'!D30 -> 0.0077153428 | E21: =+E20*(1+D21) -> 1.1303914 | F21: =+$F$9*E21 -> 1059938.6 | G21: =+$G$9*E21 -> 29443.305 | H21: =+$H$9*E21 -> 27518.248 | I21: =SUM(F21:H21) -> 1116900.2 | J21: =+J20 -> 0.78 | K21: =+I21*J21/1000 -> 871.18213 | L21: =+K21*365/'I. Parametros Grales'!$C$81 -> 1019.1714 | M21: =+J21*$I21*365/1000 -> 317981.48 | N21: =+N20 -> 0.344541 | O21: =+I21*N21/1000 -> 384.8179 | P21: =+O21*365/'I. Parametros Grales'!$C$81 -> 450.18761 | Q21: =+N21*$I21*365/1000 -> 140458.53 | R21: =+J21+N21 -> 1.124541 | S21: =+K21+O21 -> 1256 | T21: =+L21+P21 -> 1469.359 | U21: =+M21+Q21 -> 458440.01 | V21: =+M21*1000/'I. Parametros Grales'!$C$145 -> 454259.26 | W21: =+Q21*1000/'I. Parametros Grales'!$C$145 -> 200655.05 | X21: =+U21*1000/'I. Parametros Grales'!$C$145 -> 654914.3 | Y21: =+X21*'I. Parametros Grales'!$C$149*'I. Parametros Grales'!$C$148 -> 826912 | Z21: =+X21*0.25 -> 163728.58
B22: 9 | C22: 2033 | D22: =+'I.1 Proyecciones Población'!D31 -> 0.007431307 | E22: =+E21*(1+D22) -> 1.1387917 | F22: =+$F$9*E22 -> 1067815.3 | G22: =+$G$9*E22 -> 29662.107 | H22: =+$H$9*E22 -> 27722.745 | I22: =SUM(F22:H22) -> 1125200.2 | J22: =+J21 -> 0.78 | K22: =+I22*J22/1000 -> 877.65616 | L22: =+K22*365/'I. Parametros Grales'!$C$81 -> 1026.7452 | M22: =+J22*$I22*365/1000 -> 320344.5 | N22: =+N21 -> 0.344541 | O22: =+I22*N22/1000 -> 387.6776 | P22: =+O22*365/'I. Parametros Grales'!$C$81 -> 453.53309 | Q22: =+N22*$I22*365/1000 -> 141502.32 | R22: =+J22+N22 -> 1.124541 | S22: =+K22+O22 -> 1265.3338 | T22: =+L22+P22 -> 1480.2783 | U22: =+M22+Q22 -> 461846.82 | V22: =+M22*1000/'I. Parametros Grales'!$C$145 -> 457635 | W22: =+Q22*1000/'I. Parametros Grales'!$C$145 -> 202146.18 | X22: =+U22*1000/'I. Parametros Grales'!$C$145 -> 659781.17 | Y22: =+X22*'I. Parametros Grales'!$C$149*'I. Parametros Grales'!$C$148 -> 833057.04 | Z22: =+X22*0.25 -> 164945.29
B23: 10 | C23: 2034 | D23: =+'I.1 Proyecciones Población'!D32 -> 0.0072230686 | E23: =+E22*(1+D23) -> 1.1470172 | F23: =+$F$9*E23 -> 1075528.3 | G23: =+$G$9*E23 -> 29876.358 | H23: =+$H$9*E23 -> 27922.988 | I23: =SUM(F23:H23) -> 1133327.6 | J23: =+J22 -> 0.78 | K23: =+I23*J23/1000 -> 883.99553 | L23: =+K23*365/'I. Parametros Grales'!$C$81 -> 1034.1614 | M23: =+J23*$I23*365/1000 -> 322658.37 | N23: =+N22 -> 0.344541 | O23: =+I23*N23/1000 -> 390.47782 | P23: =+O23*365/'I. Parametros Grales'!$C$81 -> 456.80899 | Q23: =+N23*$I23*365/1000 -> 142524.41 | R23: =+J23+N23 -> 1.124541 | S23: =+K23+O23 -> 1274.4734 | T23: =+L23+P23 -> 1490.9704 | U23: =+M23+Q23 -> 465182.77 | V23: =+M23*1000/'I. Parametros Grales'!$C$145 -> 460940.52 | W23: =+Q23*1000/'I. Parametros Grales'!$C$145 -> 203606.29 | X23: =+U23*1000/'I. Parametros Grales'!$C$145 -> 664546.82 | Y23: =+X23*'I. Parametros Grales'!$C$149*'I. Parametros Grales'!$C$148 -> 839074.27 | Z23: =+X23*0.25 -> 166136.7
B24: 11 | C24: 2035 | D24: =+'I.1 Proyecciones Población'!D33 -> 0.0070433019 | E24: =+E23*(1+D24) -> 1.155096 | F24: =+$F$9*E24 -> 1083103.5 | G24: =+$G$9*E24 -> 30086.786 | H24: =+$H$9*E24 -> 28119.658 | I24: =SUM(F24:H24) -> 1141310 | J24: =+J23 -> 0.78 | K24: =+I24*J24/1000 -> 890.22177 | L24: =+K24*365/'I. Parametros Grales'!$C$81 -> 1041.4453 | M24: =+J24*$I24*365/1000 -> 324930.95 | N24: =+N23 -> 0.344541 | O24: =+I24*N24/1000 -> 393.22808 | P24: =+O24*365/'I. Parametros Grales'!$C$81 -> 460.02644 | Q24: =+N24*$I24*365/1000 -> 143528.25 | R24: =+J24+N24 -> 1.124541 | S24: =+K24+O24 -> 1283.4499 | T24: =+L24+P24 -> 1501.4718 | U24: =+M24+Q24 -> 468459.2 | V24: =+M24*1000/'I. Parametros Grales'!$C$145 -> 464187.07 | W24: =+Q24*1000/'I. Parametros Grales'!$C$145 -> 205040.35 | X24: =+U24*1000/'I. Parametros Grales'!$C$145 -> 669227.42 | Y24: =+X24*'I. Parametros Grales'!$C$149*'I. Parametros Grales'!$C$148 -> 844984.12 | Z24: =+X24*0.25 -> 167306.86
... B52: 39 | C52: 2063 | D52: =+'I.1 Proyecciones Población'!D61 -> -0.0021252251 | E52: =+E51*(1+D52) -> 1.2260764 | F52: =+$F$9*E52 -> 1149660 | G52: =+$G$9*E52 -> 31935.613 | H52: =+$H$9*E52 -> 29847.605 | I52: =SUM(F52:H52) -> 1211443.2 | J52: =+J51 -> 0.78 | K52: =+I52*J52/1000 -> 944.92571 | L52: =+K52*365/'I. Parametros Grales'!$C$81 -> 1105.4419 | M52: =+J52*$I52*365/1000 -> 344897.88 | N52: =+N51 -> 0.344541 | O52: =+I52*N52/1000 -> 417.39186 | P52: =+O52*365/'I. Parametros Grales'!$C$81 -> 488.29496 | Q52: =+N52*$I52*365/1000 -> 152348.03 | R52: =+J52+N52 -> 1.124541 | S52: =+K52+O52 -> 1362.3176 | T52: =+L52+P52 -> 1593.7369 | U52: =+M52+Q52 -> 497245.91 | V52: =+M52*1000/'I. Parametros Grales'!$C$145 -> 492711.26 | W52: =+Q52*1000/'I. Parametros Grales'!$C$145 -> 217640.04 | X52: =+U52*1000/'I. Parametros Grales'!$C$145 -> 710351.3 | Y52: =+X52*'I. Parametros Grales'!$C$149*'I. Parametros Grales'!$C$148 -> 896908.21 | Z52: =+X52*0.25 -> 177587.82
B53: Fuente: Elaboración Propia | Z53: =+X53*0.25 -> 0
B54: Nota 1: Según se cita en la referencia “Landfill Manual” (Maccaferri SpA, Abril 2007) se recurre a un coeficiente adimensional de uso del relleno de 0.99 (Se acepta que coeficiente muy próximo a 1 es suficiente para tener en cuenta el manejo del relleno sanitario) Vef = Volumen de residuos depositados (m3/año) * Coeficiente eficiencia * Coeficiente capas intermedias Vef (m3/año) = V (m3/año) * ef * cp ef =Coeficiente de corrector de eficiencia en el vertido (ef = 1/ 0.99) cp = Proporción del volumen requerido para las capas intermedias de cubrición (cp = 1.2 – 1.25) MANUAL DE ESPECIFICACIONES TÉCNICAS PARA LA CONSTRUCCIÓN DE RELLENOS SANITARIOS PARA RESIDUOS SÓLIDOS URBANOS (RSU) Y RESIDUOS DE MANEJO ESPECIAL (RME) – SEMARNAT- CONTRATO DGRMIS-DAC-DGFAUT- No. 018/2009 Pag. 66 | Z54: =+X54*0.25 -> 0
B55: Interacción Oferta - Demanda | Z55: =+X55*0.25 -> 0
C57: Tabla 2. Interacción Oferta - Demanda Disposición Final
C58: Año | D58: Oferta (m3/año) | E58: Demanda de RS (m3/año) | F58: Demanda Efectiva para Confinamiento (m3/año) | G58: Interacción (m3/año) | H58: Déficit Acumulado (m3)
C59: 2024 | D59: 0 | E59: =+X13 -> 606524.25 | F59: =+Y13 -> 765813.44 | G59: =+F59-D59 -> 765813.44 | H59: =+G59 -> 765813.44
C60: 2025 | D60: 0 | E60: =+X14 -> 613821.27 | F60: =+Y14 -> 775026.85 | G60: =+F60-D60 -> 775026.85 | H60: =+G60+H59 -> 1540840.3
C61: 2026 | D61: 0 | E61: =+X15 -> 620763.62 | F61: =+Y15 -> 783792.45 | G61: =+F61-D61 -> 783792.45 | H61: =+G61+H60 -> 2324632.7
C62: 2027 | D62: 0 | E62: =+X16 -> 627308.71 | F62: =+Y16 -> 792056.45 | G62: =+F62-D62 -> 792056.45 | H62: =+G62+H61 -> 3116689.2
C63: 2028 | D63: 0 | E63: =+X17 -> 633452.26 | F63: =+Y17 -> 799813.46 | G63: =+F63-D63 -> 799813.46 | H63: =+G63+H62 -> 3916502.7
C64: 2029 | D64: 0 | E64: =+X18 -> 639226.49 | F64: =+Y18 -> 807104.15 | G64: =+F64-D64 -> 807104.15 | H64: =+G64+H63 -> 4723606.8
C65: 2030 | D65: 0 | E65: =+X19 -> 644688.95 | F65: =+Y19 -> 814001.2 | G65: =+F65-D65 -> 814001.2 | H65: =+G65+H64 -> 5537608
C66: 2031 | D66: 0 | E66: =+X20 -> 649900.1 | F66: =+Y20 -> 820580.94 | G66: =+F66-D66 -> 820580.94 | H66: =+G66+H65 -> 6358188.9
C67: 2032 | D67: 0 | E67: =+X21 -> 654914.3 | F67: =+Y21 -> 826912 | G67: =+F67-D67 -> 826912 | H67: =+G67+H66 -> 7185100.9
C68: 2033 | D68: 0 | E68: =+X22 -> 659781.17 | F68: =+Y22 -> 833057.04 | G68: =+F68-D68 -> 833057.04 | H68: =+G68+H67 -> 8018158
C69: 2034 | D69: 0 | E69: =+X23 -> 664546.82 | F69: =+Y23 -> 839074.27 | G69: =+F69-D69 -> 839074.27 | H69: =+G69+H68 -> 8857232.3
C70: 2035 | D70: 0 | E70: =+X24 -> 669227.42 | F70: =+Y24 -> 844984.12 | G70: =+F70-D70 -> 844984.12 | H70: =+G70+H69 -> 9702216.4
C71: 2036 | D71: 0 | E71: =+X25 -> 673831.69 | F71: =+Y25 -> 850797.59 | G71: =+F71-D71 -> 850797.59 | H71: =+G71+H70 -> 10553014
... C98: 2063 | D98: 0 | E98: =+X52 -> 710351.3 | F98: =+Y52 -> 896908.21 | G98: =+F98-D98 -> 896908.21 | H98: =+G98+H97 -> 34644849
C99: Fuente: Elaboración Propia
B102: Situación Actual Recolección
B105: Tabla 3. Demanda, Oferta e Interacción de la Recolección
B106: Año | C106: Demanda de Recolección (ton/año) | D106: Oferta Anual Ton/año | E106: Interacción Oferta Demanda (Anual) | F106: Demanda de Recolección (ton/día) | G106: Oferta Anual Ton/día | H106: Interacción Oferta Demanda (Diaria) | I106: % Cobertura | J106: *Para más detalle, ver pestana III.1 Recolección
B107: 2023 | C107: =+M12 -> 290828.38 | D107: =+'III.1 Recolección'!C38 -> 275804.42 | E107: =+D107-C107 -> -15023.965 | F107: =+L12 -> 932.14225 | G107: =+'III.1 Recolección'!C37 -> 892.57093 | H107: =+G107-F107 -> -39.57132 | I107: =+D107/C107 -> 0.94834079
B108: 2024 | C108: =+M13 -> 294486.58 | D108: =+'III.1 Recolección'!$C$66 -> 291934.22 | E108: =+D108-C108 -> -2552.3688 | F108: =+L13 -> 943.86726 | G108: =+'III.1 Recolección'!$C$65 -> 944.77093 | H108: =+G108-F108 -> 0.90366663 | I108: =+D108/C108 -> 0.99133282 | J108: Adquisición de 10 unidades Municipales
B109: 2025 | C109: =+M14 -> 298029.52 | D109: =+'III.1 Recolección'!R66 -> 297310.82 | E109: =+D109-C109 -> -718.70199 | F109: =+L14 -> 955.22281 | G109: =+'III.1 Recolección'!$C$65 -> 944.77093 | H109: =+G109-F109 -> -10.451888 | I109: =+D109/C109 -> 0.99758849
B110: 2026 | C110: =+M15 -> 301400.25 | D110: =+'III.1 Recolección'!Z66 -> 300895.22 | E110: =+D110-C110 -> -505.03294 | F110: =+L15 -> 966.02644 | G110: =+'III.1 Recolección'!$C$65 -> 944.77093 | H110: =+G110-F110 -> -21.255513 | I110: =+D110/C110 -> 0.99832438
B111: 2027 | C111: =+M16 -> 304578.1 | D111: =+'III.1 Recolección'!$AD$66 -> 302687.42 | E111: =+D111-C111 -> -1890.6796 | F111: =+L16 -> 976.21185 | G111: =+'III.1 Recolección'!$C$65 -> 944.77093 | H111: =+G111-F111 -> -31.440919 | I111: =+D111/C111 -> 0.99379246
B112: 2028 | C112: =+M17 -> 307560.98 | D112: =+'III.1 Recolección'!$AD$66 -> 302687.42 | E112: =+D112-C112 -> -4873.5663 | F112: =+L17 -> 985.77238 | G112: =+'III.1 Recolección'!$C$65 -> 944.77093 | H112: =+G112-F112 -> -41.001454 | I112: =+D112/C112 -> 0.98415415
B113: 2029 | C113: =+M18 -> 310364.55 | D113: =+'III.1 Recolección'!$AD$66 -> 302687.42 | E113: =+D113-C113 -> -7677.1344 | F113: =+L18 -> 994.75818 | G113: =+'III.1 Recolección'!$C$65 -> 944.77093 | H113: =+G113-F113 -> -49.987249 | I113: =+D113/C113 -> 0.97526414
B114: 2030 | C114: =+M19 -> 313016.75 | D114: =+'III.1 Recolección'!$AD$66 -> 302687.42 | E114: =+D114-C114 -> -10329.331 | F114: =+L19 -> 1003.2588 | G114: =+'III.1 Recolección'!$C$65 -> 944.77093 | H114: =+G114-F114 -> -58.487878 | I114: =+D114/C114 -> 0.96700071
B115: 2031 | C115: =+M20 -> 315546.93 | D115: =+'III.1 Recolección'!$AD$66 -> 302687.42 | E115: =+D115-C115 -> -12859.51 | F115: =+L20 -> 1011.3684 | G115: =+'III.1 Recolección'!$C$65 -> 944.77093 | H115: =+G115-F115 -> -66.597427 | I115: =+D115/C115 -> 0.95924692
B116: 2032 | C116: =+M21 -> 317981.48 | D116: =+'III.1 Recolección'!$AD$66 -> 302687.42 | E116: =+D116-C116 -> -15294.063 | F116: =+L21 -> 1019.1714 | G116: =+'III.1 Recolección'!$C$65 -> 944.77093 | H116: =+G116-F116 -> -74.400481 | I116: =+D116/C116 -> 0.95190266
B117: 2033 | C117: =+M22 -> 320344.5 | D117: =+'III.1 Recolección'!$AD$66 -> 302687.42 | E117: =+D117-C117 -> -17657.081 | F117: =+L22 -> 1026.7452 | G117: =+'III.1 Recolección'!$C$65 -> 944.77093 | H117: =+G117-F117 -> -81.974256 | I117: =+D117/C117 -> 0.94488096
B118: 2034 | C118: =+M23 -> 322658.37 | D118: =+'III.1 Recolección'!$AD$66 -> 302687.42 | E118: =+D118-C118 -> -19970.951 | F118: =+L23 -> 1034.1614 | G118: =+'III.1 Recolección'!$C$65 -> 944.77093 | H118: =+G118-F118 -> -89.390507 | I118: =+D118/C118 -> 0.93810496
B119: 2035 | C119: =+M24 -> 324930.95 | D119: =+'III.1 Recolección'!$AD$66 -> 302687.42 | E119: =+D119-C119 -> -22243.531 | F119: =+L24 -> 1041.4453 | G119: =+'III.1 Recolección'!$C$65 -> 944.77093 | H119: =+G119-F119 -> -96.674418 | I119: =+D119/C119 -> 0.93154382
B120: 2036 | C120: =+M25 -> 327166.46 | D120: =+'III.1 Recolección'!$AD$66 -> 302687.42 | E120: =+D120-C120 -> -24479.047 | F120: =+L25 -> 1048.6105 | G120: =+'III.1 Recolección'!$C$65 -> 944.77093 | H120: =+G120-F120 -> -103.83953 | I120: =+D120/C120 -> 0.92517862
B121: 2037 | C121: =+M26 -> 329354.61 | D121: =+'III.1 Recolección'!$AD$66 -> 302687.42 | E121: =+D121-C121 -> -26667.194 | F121: =+L26 -> 1055.6238 | G121: =+'III.1 Recolección'!$C$65 -> 944.77093 | H121: =+G121-F121 -> -110.85282 | I121: =+D121/C121 -> 0.91903197
B122: 2038 | C122: =+M27 -> 331470.85 | D122: =+'III.1 Recolección'!$AD$66 -> 302687.42 | E122: =+D122-C122 -> -28783.436 | F122: =+L27 -> 1062.4066 | G122: =+'III.1 Recolección'!$C$65 -> 944.77093 | H122: =+G122-F122 -> -117.63565 | I122: =+D122/C122 -> 0.9131645
... B147: 2063 | C147: =+M52 -> 344897.88 | D147: =+'III.1 Recolección'!$AD$66 -> 302687.42 | E147: =+D147-C147 -> -42210.466 | F147: =+L52 -> 1105.4419 | G147: =+'III.1 Recolección'!$C$65 -> 944.77093 | H147: =+G147-F147 -> -160.671 | I147: =+D147/C147 -> 0.8776146
B148: Fuente: Elaboración Propia

Sheet III.1 Recolección
B2: PROYECTO DE GESTIÓN INTEGRAL DE RESIDUOS PARA EL MUNICIPIO DE CHIHUAHUA
B4: Recolección Situación Actual
B6: Tabla 1. Unidades de Recolección Concesionadas
B7: Carga promedio por camión | C7: 5.8 | D7: Ton/viaje
B8: Cantidad | C8: 80 | D8: Unidades
B9: Viajes por día | C9: 113.89154 | D9: Viaje/Día
B10: Relación | C10: =C9/C8 -> 1.4236442 | D10: Viaje/Unidad
B11: Toneladas promedio | C11: =C7*C9 -> 660.57093 | D11: Ton/Día
B12: Fuente: Municipio de Chihuahua
B14: Tabla 2. Unidades de Recolección Municipales
B15: Carga promedio por camión | C15: 5.8 | D15: Ton/viaje
B16: Cantidad | C16: 48 | D16: Unidades
B17: Viajes por día | C17: 40 | D17: Viaje/Día
B18: Relación | C18: =C17/C16 -> 0.83333333 | D18: Viaje/Unidad/Día
B19: Toneladas promedio | C19: =+C17*C15 -> 232 | D19: Ton/Día
B20: Fuente: Municipio de Chihuahua
B21: Nota: Aunque el Municipio cuenta con 48 Unidades para la recolección, debido al mal estado de algunas unidades, en promedio al año, solo se pueden hacer en promedio 40 viajes por día.
B23: Tabla 3. Días Promedio de Recolección
B24: Días del Año | C24: 365
B25: Días Que no se Recolecta | C25: =+SUM(C26:C28) -> 56
B26: Domingos | C26: 52
B27: Navidad y Año Nuevo | C27: 2
B28: Semana Santa | C28: 2
B29: Días de Recolección | C29: =+C24-C25 -> 309
B30: Fuente: Municipio de Chihuahua
B32: Tabla 4. Oferta Actual (ton/año)
B33: Carga promedio por camión | C33: 5.8 | D33: Ton/viaje
B34: Cantidad | C34: =+C16+C8 -> 128 | D34: Unidades
B35: Viajes por día | C35: =+C17+C9 -> 153.89154 | D35: Viaje/Día
B36: Relación | C36: =C35/C34 -> 1.2022776 | D36: Viaje/Unidad | E36: Cobertura
B37: Toneladas promedio | C37: =+C19+C11 -> 892.57093 | D37: Ton/Día | E37: =+C37/'III. Sit. Actual O-D'!L13 -> 0.94565302
B38: Toneladas Totales (Oferta Actual) | C38: =+C37*C29 -> 275804.42 | D38: Ton/año
B39: Fuente: Municipio de Chihuahua
B41: Recolección Situación Optimizada
B43: Tabla 5. Unidades de Recolección Concesionadas (optimización)
B44: Carga promedio por camión | C44: 5.8 | D44: Ton/viaje
B45: Cantidad | C45: 80 | D45: Unidades
B46: Viajes por día | C46: 113.89154 | D46: Viaje/Día
B47: Relación | C47: =C46/C45 -> 1.4236442 | D47: Viaje/Unidad
B48: Toneladas promedio | C48: =C44*C46 -> 660.57093 | D48: Ton/Día
B49: Fuente: Municipio de Chihuahua
B51: Tabla 6. Unidades de Recolección Municipales (optimización) | I51: Tabla 6. Unidades de Recolección Municipales (optimización) | M51: Tabla 6. Unidades de Recolección Municipales (optimización) | Q51: Tabla 6. Unidades de Recolección Municipales (optimización) | U51: Tabla 6. Unidades de Recolección Municipales (optimización) | Y51: Tabla 6. Unidades de Recolección Municipales (optimización) | AC51: Tabla 6. Unidades de Recolección Municipales (optimización)
B52: Carga promedio por camión | C52: 5.8 | D52: Ton/viaje | I52: Carga promedio por camión | J52: 5.8 | K52: Ton/viaje | M52: Carga promedio por camión | N52: 5.8 | O52: Ton/viaje | Q52: Carga promedio por camión | R52: 5.8 | S52: Ton/viaje | U52: Carga promedio por camión | V52: 5.8 | W52: Ton/viaje | Y52: Carga promedio por camión | Z52: 5.8 | AA52: Ton/viaje | AC52: Carga promedio por camión | AD52: 5.8 | AE52: Ton/viaje
B53: Cantidad | C53: 48 | D53: Unidades | I53: Cantidad | J53: 48 | K53: Unidades | M53: Cantidad | N53: 48 | O53: Unidades | Q53: Cantidad | R53: 48 | S53: Unidades | U53: Cantidad | V53: 48 | W53: Unidades | Y53: Cantidad | Z53: 48 | AA53: Unidades | AC53: Cantidad | AD53: 48 | AE53: Unidades
B54: Viajes por día | C54: 49 | D54: Viaje/Día | E54: Y hasta 55 viajes según vaya incrementando la demanda | I54: Viajes por día | J54: 50 | K54: Viaje/Día | M54: Viajes por día | N54: 51 | O54: Viaje/Día | Q54: Viajes por día | R54: 52 | S54: Viaje/Día | U54: Viajes por día | V54: 53 | W54: Viaje/Día | Y54: Viajes por día | Z54: 54 | AA54: Viaje/Día | AC54: Viajes por día | AD54: 55 | AE54: Viaje/Día
B55: Relación | C55: =C54/C53 -> 1.0208333 | D55: Viaje/Unidad/Día | I55: Relación | J55: =J54/J53 -> 1.0416667 | K55: Viaje/Unidad/Día | M55: Relación | N55: =N54/N53 -> 1.0625 | O55: Viaje/Unidad/Día | Q55: Relación | R55: =R54/R53 -> 1.0833333 | S55: Viaje/Unidad/Día | U55: Relación | V55: =V54/V53 -> 1.1041667 | W55: Viaje/Unidad/Día | Y55: Relación | Z55: =Z54/Z53 -> 1.125 | AA55: Viaje/Unidad/Día | AC55: Relación | AD55: =AD54/AD53 -> 1.1458333 | AE55: Viaje/Unidad/Día
B56: Toneladas promedio | C56: =+C54*C52 -> 284.2 | D56: Ton/Día | I56: Toneladas promedio | J56: =+J54*J52 -> 290 | K56: Ton/Día | M56: Toneladas promedio | N56: =+N54*N52 -> 295.8 | O56: Ton/Día | Q56: Toneladas promedio | R56: =+R54*R52 -> 301.6 | S56: Ton/Día | U56: Toneladas promedio | V56: =+V54*V52 -> 307.4 | W56: Ton/Día | Y56: Toneladas promedio | Z56: =+Z54*Z52 -> 313.2 | AA56: Ton/Día | AC56: Toneladas promedio | AD56: =+AD54*AD52 -> 319 | AE56: Ton/Día
B57: Fuente: Municipio de Chihuahua | I57: Fuente: Municipio de Chihuahua | M57: Fuente: Municipio de Chihuahua | Q57: Fuente: Municipio de Chihuahua | U57: Fuente: Municipio de Chihuahua | Y57: Fuente: Municipio de Chihuahua | AC57: Fuente: Municipio de Chihuahua
B58: Nota: Dado que se adquirieron 10 Unidades de Recolección, el número de viajes por día se incrementa hasta 55 viajes | I58: Nota: Dado que se adquirieron 10 Unidades de Recolección, el número de viajes por día se incrementa hasta 55 viajes | M58: Nota: Dado que se adquirieron 10 Unidades de Recolección, el número de viajes por día se incrementa hasta 55 viajes | Q58: Nota: Dado que se adquirieron 10 Unidades de Recolección, el número de viajes por día se incrementa hasta 55 viajes | U58: Nota: Dado que se adquirieron 10 Unidades de Recolección, el número de viajes por día se incrementa hasta 55 viajes | Y58: Nota: Dado que se adquirieron 10 Unidades de Recolección, el número de viajes por día se incrementa hasta 55 viajes | AC58: Nota: Dado que se adquirieron 10 Unidades de Recolección, el número de viajes por día se incrementa hasta 55 viajes
B60: Tabla 7. Oferta Actual Optimizada (ton/año) | I60: Tabla 7. Oferta Actual Optimizada (ton/año) | M60: Tabla 7. Oferta Actual Optimizada (ton/año) | Q60: Tabla 7. Oferta Actual Optimizada (ton/año) | U60: Tabla 7. Oferta Actual Optimizada (ton/año) | Y60: Tabla 7. Oferta Actual Optimizada (ton/año) | AC60: Tabla 7. Oferta Actual Optimizada (ton/año)
B61: Carga promedio por camión | C61: 5.8 | D61: Ton/viaje | I61: Carga promedio por camión | J61: 5.8 | K61: Ton/viaje | M61: Carga promedio por camión | N61: 5.8 | O61: Ton/viaje | Q61: Carga promedio por camión | R61: 5.8 | S61: Ton/viaje | U61: Carga promedio por camión | V61: 5.8 | W61: Ton/viaje | Y61: Carga promedio por camión | Z61: 5.8 | AA61: Ton/viaje | AC61: Carga promedio por camión | AD61: 5.8 | AE61: Ton/viaje
B62: Cantidad | C62: =+C53+C45 -> 128 | D62: Unidades | I62: Cantidad | J62: =+J53+J45 -> 48 | K62: Unidades | M62: Cantidad | N62: =+N53+N45 -> 48 | O62: Unidades | Q62: Cantidad | R62: =+R53+R45 -> 48 | S62: Unidades | U62: Cantidad | V62: =+V53+V45 -> 48 | W62: Unidades | Y62: Cantidad | Z62: =+Z53+Z45 -> 48 | AA62: Unidades | AC62: Cantidad | AD62: =+AD53+AD45 -> 48 | AE62: Unidades
B63: Viajes por día | C63: =+C54+C46 -> 162.89154 | D63: Viaje/Día | I63: Viajes por día | J63: =+J54+J46 -> 50 | K63: Viaje/Día | M63: Viajes por día | N63: =+N54+N46 -> 51 | O63: Viaje/Día | Q63: Viajes por día | R63: =+R54+R46 -> 52 | S63: Viaje/Día | U63: Viajes por día | V63: =+V54+V46 -> 53 | W63: Viaje/Día | Y63: Viajes por día | Z63: =+Z54+Z46 -> 54 | AA63: Viaje/Día | AC63: Viajes por día | AD63: =+AD54+AD46 -> 55 | AE63: Viaje/Día
B64: Relación | C64: =C63/C62 -> 1.2725901 | D64: Viaje/Unidad | E64: Cobertura | I64: Relación | J64: =J63/J62 -> 1.0416667 | K64: Viaje/Unidad | L64: Cobertura | M64: Relación | N64: =N63/N62 -> 1.0625 | O64: Viaje/Unidad | P64: Cobertura | Q64: Relación | R64: =R63/R62 -> 1.0833333 | S64: Viaje/Unidad | T64: Cobertura | U64: Relación | V64: =V63/V62 -> 1.1041667 | W64: Viaje/Unidad | X64: Cobertura | Y64: Relación | Z64: =Z63/Z62 -> 1.125 | AA64: Viaje/Unidad | AB64: Cobertura | AC64: Relación | AD64: =AD63/AD62 -> 1.1458333 | AE64: Viaje/Unidad | AF64: Cobertura
B65: Toneladas promedio | C65: =+C48+C56 -> 944.77093 | D65: Ton/Día | E65: =+C65/'III. Sit. Actual O-D'!$L$13 -> 1.0009574 | I65: Toneladas promedio | J65: =+$C$48+J56 -> 950.57093 | K65: Ton/Día | L65: =+J65/'III. Sit. Actual O-D'!$L$13 -> 1.0071023 | M65: Toneladas promedio | N65: =+$C$48+N56 -> 956.37093 | O65: Ton/Día | P65: =+N65/'III. Sit. Actual O-D'!$L$13 -> 1.0132473 | Q65: Toneladas promedio | R65: =+$C$48+R56 -> 962.17093 | S65: Ton/Día | T65: =+R65/'III. Sit. Actual O-D'!$L$13 -> 1.0193922 | U65: Toneladas promedio | V65: =+$C$48+V56 -> 967.97093 | W65: Ton/Día | X65: =+V65/'III. Sit. Actual O-D'!$L$13 -> 1.0255371 | Y65: Toneladas promedio | Z65: =+$C$48+Z56 -> 973.77093 | AA65: Ton/Día | AB65: =+Z65/'III. Sit. Actual O-D'!$L$13 -> 1.0316821 | AC65: Toneladas promedio | AD65: =+$C$48+AD56 -> 979.57093 | AE65: Ton/Día | AF65: =+AD65/'III. Sit. Actual O-D'!$L$13 -> 1.037827
B66: Toneladas Totales (Oferta Actual) | C66: =+C65*$C$29 -> 291934.22 | D66: Ton/año | I66: Toneladas Totales (Oferta Actual) | J66: =+J65*$C$29 -> 293726.42 | K66: Ton/año | M66: Toneladas Totales (Oferta Actual) | N66: =+N65*$C$29 -> 295518.62 | O66: Ton/año | Q66: Toneladas Totales (Oferta Actual) | R66: =+R65*$C$29 -> 297310.82 | S66: Ton/año | U66: Toneladas Totales (Oferta Actual) | V66: =+V65*$C$29 -> 299103.02 | W66: Ton/año | Y66: Toneladas Totales (Oferta Actual) | Z66: =+Z65*$C$29 -> 300895.22 | AA66: Ton/año | AC66: Toneladas Totales (Oferta Actual) | AD66: =+AD65*$C$29 -> 302687.42 | AE66: Ton/año
B67: Fuente: Municipio de Chihuahua | I67: Fuente: Municipio de Chihuahua | M67: Fuente: Municipio de Chihuahua | Q67: Fuente: Municipio de Chihuahua | U67: Fuente: Municipio de Chihuahua | Y67: Fuente: Municipio de Chihuahua | AC67: Fuente: Municipio de Chihuahua
B69: CAPEX y OPEX de la Optimización
B71: Tabla 8. Costo Total de Adquisición de las Unidades de Recolección
B72: Concepto | C72: Cantidad | D72: Precio Unitario | E72: Costo Total | F72: Costo con IVA
B73: Unidad de Recolección | C73: 10 | D73: 5525168 | E73: =+C73*D73 -> 55251680 | F73: =+E73*1.16 -> 64091949
B74: Fuente: Estudio Diagnótico.
B77: Tabla 9. Costo de Operación de las Nuevas Unidades de Recolección
B78: Concepto | C78: Costo sin IVA | D78: Costo con IVA
B79: Llantas (cambio de total de llantas al año) | C79: 107586.21 | D79: =+C79*1.16 -> 124800
B80: Mantenimiento | C80: =+SUM(C81:C82) -> 476060.97 | D80: =+SUM(D81:D82) -> 552230.73
B81: Correctivo | C81: 84315.509 | D81: =+C81*1.16 -> 97805.99
B82: Preventivo (3 servicios al año) | C82: 391745.47 | D82: =+C82*1.16 -> 454424.74
B83: Póliza de Seguro | C83: 27586.207 | D83: =+C83*1.16 -> 32000
B84: Total | C84: =+C79+C80+C83 -> 611233.39 | D84: =+D79+D80+D83 -> 709030.73
B85: Fuente: Estudio Diagnótico.
B87: Tabla 10. Calendario de las Optimizaciones
B88: Concepto/Mes | C88: 44927 | D88: 44958 | E88: 44986 | F88: 45017 | G88: 45047 | H88: 45078 | I88: 45108 | J88: 45139 | K88: 45170 | L88: 45200 | M88: 45231 | N88: 45261
B89: Adquisición de 10 Unidades
B90: Operación
B91: Fuente: Municipio de Chihuahua

Sheet IV. Sit. Sin Proy O-D
B2: PROYECTO DE GESTIÓN INTEGRAL DE RESIDUOS PARA EL MUNICIPIO DE CHIHUAHUA
B4: Situación Sin Proyecto
B6: Oferta
B8: Tabla 1. Oferta Disposición Final
B9: Año | C9: Total (ton/día)
B10: 2024 | C10: 0
B11: 2025 | C11: 0
B12: 2026 | C12: 0
B13: 2027 | C13: 0
B14: 2028 | C14: 0
B15: 2029 | C15: 0
B16: 2030 | C16: 0
B17: 2031 | C17: 0
B18: 2032 | C18: 0
B19: 2033 | C19: 0
B20: 2034 | C20: 0
B21: 2035 | C21: 0
... B49: 2063 | C49: 0
B50: Fuente: Estudio Diagnóstico
B53: Demanda
B55: Tabla 3. Proyección de Generación de Residuos
B56: No | C56: Año | D56: Chihuahua | J56: Aldama | P56: Aquiles Serdan
D57: RSU (ton/día) | E57: RME (ton/día) | F57: Total (ton/día) | G57: RSU (ton/año) | H57: RME (ton/año) | I57: Total (ton/año) | J57: RSU (ton/día) | K57: RME (ton/día) | L57: Total (ton/día) | M57: RSU (ton/año) | N57: RME (ton/año) | O57: Total (ton/año) | P57: RSU (ton/día) | Q57: RME (ton/día) | R57: Total (ton/día) | S57: RSU (ton/año) | T57: RME (ton/año) | U57: Total (ton/año)
B58: 0 | C58: 2024 | D58: =+'I.1 Proyecciones Población'!F22*'II. Caracterizacion RSU'!$D$47/1000 -> 765.66538 | E58: =+'I.1 Proyecciones Población'!F22*'II. Caracterizacion RSU'!$D$48/1000 -> 338.20912 | F58: =+SUM(D58:E58) -> 1103.8745 | G58: =+D58*365 -> 279467.86 | H58: =+E58*365 -> 123446.33 | I58: =+SUM(G58:H58) -> 402914.19 | J58: =+'I.1 Proyecciones Población'!G22*'II. Caracterizacion RSU'!$D$47/1000 -> 21.268891 | K58: =+'I.1 Proyecciones Población'!G22*'II. Caracterizacion RSU'!$D$48/1000 -> 9.3948782 | L58: =+SUM(J58:K58) -> 30.663769 | M58: =+J58*365 -> 7763.1452 | N58: =+K58*365 -> 3429.1305 | O58: =+SUM(M58:N58) -> 11192.276 | P58: =+'I.1 Proyecciones Población'!H22*'II. Caracterizacion RSU'!$D$47/1000 -> 19.878292 | Q58: =+'I.1 Proyecciones Población'!H22*'II. Caracterizacion RSU'!$D$48/1000 -> 8.780624 | R58: =+SUM(P58:Q58) -> 28.658916 | S58: =+P58*365 -> 7255.5767 | T58: =+Q58*365 -> 3204.9278 | U58: =+SUM(S58:T58) -> 10460.505
B59: 1 | C59: 2025 | D59: =+'I.1 Proyecciones Población'!F23*'II. Caracterizacion RSU'!$D$47/1000 -> 774.87701 | E59: =+'I.1 Proyecciones Población'!F23*'II. Caracterizacion RSU'!$D$48/1000 -> 342.27808 | F59: =+SUM(D59:E59) -> 1117.1551 | G59: =+D59*365 -> 282830.11 | H59: =+E59*365 -> 124931.5 | I59: =+SUM(G59:H59) -> 407761.61 | J59: =+'I.1 Proyecciones Población'!G23*'II. Caracterizacion RSU'!$D$47/1000 -> 21.524775 | K59: =+'I.1 Proyecciones Población'!G23*'II. Caracterizacion RSU'!$D$48/1000 -> 9.5079068 | L59: =+SUM(J59:K59) -> 31.032681 | M59: =+J59*365 -> 7856.5427 | N59: =+K59*365 -> 3470.386 | O59: =+SUM(M59:N59) -> 11326.929 | P59: =+'I.1 Proyecciones Población'!H23*'II. Caracterizacion RSU'!$D$47/1000 -> 20.117446 | Q59: =+'I.1 Proyecciones Población'!H23*'II. Caracterizacion RSU'!$D$48/1000 -> 8.8862627 | R59: =+SUM(P59:Q59) -> 29.003708 | S59: =+P59*365 -> 7342.8677 | T59: =+Q59*365 -> 3243.4859 | U59: =+SUM(S59:T59) -> 10586.354
B60: 2 | C60: 2026 | D60: =+'I.1 Proyecciones Población'!F24*'II. Caracterizacion RSU'!$D$47/1000 -> 783.64091 | E60: =+'I.1 Proyecciones Población'!F24*'II. Caracterizacion RSU'!$D$48/1000 -> 346.14926 | F60: =+SUM(D60:E60) -> 1129.7902 | G60: =+D60*365 -> 286028.93 | H60: =+E60*365 -> 126344.48 | I60: =+SUM(G60:H60) -> 412373.41 | J60: =+'I.1 Proyecciones Población'!G24*'II. Caracterizacion RSU'!$D$47/1000 -> 21.768221 | K60: =+'I.1 Proyecciones Población'!G24*'II. Caracterizacion RSU'!$D$48/1000 -> 9.6154418 | L60: =+SUM(J60:K60) -> 31.383663 | M60: =+J60*365 -> 7945.4006 | N60: =+K60*365 -> 3509.6363 | O60: =+SUM(M60:N60) -> 11455.037 | P60: =+'I.1 Proyecciones Población'!H24*'II. Caracterizacion RSU'!$D$47/1000 -> 20.344975 | Q60: =+'I.1 Proyecciones Población'!H24*'II. Caracterizacion RSU'!$D$48/1000 -> 8.9867668 | R60: =+SUM(P60:Q60) -> 29.331742 | S60: =+P60*365 -> 7425.916 | T60: =+Q60*365 -> 3280.1699 | U60: =+SUM(S60:T60) -> 10706.086
B61: 3 | C61: 2027 | D61: =+'I.1 Proyecciones Población'!F25*'II. Caracterizacion RSU'!$D$47/1000 -> 791.90332 | E61: =+'I.1 Proyecciones Población'!F25*'II. Caracterizacion RSU'!$D$48/1000 -> 349.79892 | F61: =+SUM(D61:E61) -> 1141.7022 | G61: =+D61*365 -> 289044.71 | H61: =+E61*365 -> 127676.61 | I61: =+SUM(G61:H61) -> 416721.32 | J61: =+'I.1 Proyecciones Población'!G25*'II. Caracterizacion RSU'!$D$47/1000 -> 21.997737 | K61: =+'I.1 Proyecciones Población'!G25*'II. Caracterizacion RSU'!$D$48/1000 -> 9.7168233 | L61: =+SUM(J61:K61) -> 31.71456 | M61: =+J61*365 -> 8029.1739 | N61: =+K61*365 -> 3546.6405 | O61: =+SUM(M61:N61) -> 11575.814 | P61: =+'I.1 Proyecciones Población'!H25*'II. Caracterizacion RSU'!$D$47/1000 -> 20.559485 | Q61: =+'I.1 Proyecciones Población'!H25*'II. Caracterizacion RSU'!$D$48/1000 -> 9.0815198 | R61: =+SUM(P61:Q61) -> 29.641005 | S61: =+P61*365 -> 7504.2119 | T61: =+Q61*365 -> 3314.7547 | U61: =+SUM(S61:T61) -> 10818.967
B62: 4 | C62: 2028 | D62: =+'I.1 Proyecciones Población'!F26*'II. Caracterizacion RSU'!$D$47/1000 -> 799.65882 | E62: =+'I.1 Proyecciones Población'!F26*'II. Caracterizacion RSU'!$D$48/1000 -> 353.22468 | F62: =+SUM(D62:E62) -> 1152.8835 | G62: =+D62*365 -> 291875.47 | H62: =+E62*365 -> 128927.01 | I62: =+SUM(G62:H62) -> 420802.48 | J62: =+'I.1 Proyecciones Población'!G26*'II. Caracterizacion RSU'!$D$47/1000 -> 22.213171 | K62: =+'I.1 Proyecciones Población'!G26*'II. Caracterizacion RSU'!$D$48/1000 -> 9.811985 | L62: =+SUM(J62:K62) -> 32.025157 | M62: =+J62*365 -> 8107.8076 | N62: =+K62*365 -> 3581.3745 | O62: =+SUM(M62:N62) -> 11689.182 | P62: =+'I.1 Proyecciones Población'!H26*'II. Caracterizacion RSU'!$D$47/1000 -> 20.760834 | Q62: =+'I.1 Proyecciones Población'!H26*'II. Caracterizacion RSU'!$D$48/1000 -> 9.1704597 | R62: =+SUM(P62:Q62) -> 29.931294 | S62: =+P62*365 -> 7577.7045 | T62: =+Q62*365 -> 3347.2178 | U62: =+SUM(S62:T62) -> 10924.922
B63: 5 | C63: 2029 | D63: =+'I.1 Proyecciones Población'!F27*'II. Caracterizacion RSU'!$D$47/1000 -> 806.9481 | E63: =+'I.1 Proyecciones Población'!F27*'II. Caracterizacion RSU'!$D$48/1000 -> 356.4445 | F63: =+SUM(D63:E63) -> 1163.3926 | G63: =+D63*365 -> 294536.06 | H63: =+E63*365 -> 130102.24 | I63: =+SUM(G63:H63) -> 424638.3 | J63: =+'I.1 Proyecciones Población'!G27*'II. Caracterizacion RSU'!$D$47/1000 -> 22.415655 | K63: =+'I.1 Proyecciones Población'!G27*'II. Caracterizacion RSU'!$D$48/1000 -> 9.901426 | L63: =+SUM(J63:K63) -> 32.317081 | M63: =+J63*365 -> 8181.7142 | N63: =+K63*365 -> 3614.0205 | O63: =+SUM(M63:N63) -> 11795.735 | P63: =+'I.1 Proyecciones Población'!H27*'II. Caracterizacion RSU'!$D$47/1000 -> 20.950079 | Q63: =+'I.1 Proyecciones Población'!H27*'II. Caracterizacion RSU'!$D$48/1000 -> 9.2540529 | R63: =+SUM(P63:Q63) -> 30.204132 | S63: =+P63*365 -> 7646.7789 | T63: =+Q63*365 -> 3377.7293 | U63: =+SUM(S63:T63) -> 11024.508
B64: 6 | C64: 2030 | D64: =+'I.1 Proyecciones Población'!F28*'II. Caracterizacion RSU'!$D$47/1000 -> 813.84382 | E64: =+'I.1 Proyecciones Población'!F28*'II. Caracterizacion RSU'!$D$48/1000 -> 359.49046 | F64: =+SUM(D64:E64) -> 1173.3343 | G64: =+D64*365 -> 297052.99 | H64: =+E64*365 -> 131214.02 | I64: =+SUM(G64:H64) -> 428267.01 | J64: =+'I.1 Proyecciones Población'!G28*'II. Caracterizacion RSU'!$D$47/1000 -> 22.607207 | K64: =+'I.1 Proyecciones Población'!G28*'II. Caracterizacion RSU'!$D$48/1000 -> 9.9860379 | L64: =+SUM(J64:K64) -> 32.593245 | M64: =+J64*365 -> 8251.6304 | N64: =+K64*365 -> 3644.9038 | O64: =+SUM(M64:N64) -> 11896.534 | P64: =+'I.1 Proyecciones Población'!H28*'II. Caracterizacion RSU'!$D$47/1000 -> 21.129107 | Q64: =+'I.1 Proyecciones Población'!H28*'II. Caracterizacion RSU'!$D$48/1000 -> 9.3331327 | R64: =+SUM(P64:Q64) -> 30.462239 | S64: =+P64*365 -> 7712.1239 | T64: =+Q64*365 -> 3406.5934 | U64: =+SUM(S64:T64) -> 11118.717
B65: 7 | C65: 2031 | D65: =+'I.1 Proyecciones Población'!F29*'II. Caracterizacion RSU'!$D$47/1000 -> 820.42228 | E65: =+'I.1 Proyecciones Población'!F29*'II. Caracterizacion RSU'!$D$48/1000 -> 362.3963 | F65: =+SUM(D65:E65) -> 1182.8186 | G65: =+D65*365 -> 299454.13 | H65: =+E65*365 -> 132274.65 | I65: =+SUM(G65:H65) -> 431728.78 | J65: =+'I.1 Proyecciones Población'!G29*'II. Caracterizacion RSU'!$D$47/1000 -> 22.789945 | K65: =+'I.1 Proyecciones Población'!G29*'II. Caracterizacion RSU'!$D$48/1000 -> 10.066757 | L65: =+SUM(J65:K65) -> 32.856702 | M65: =+J65*365 -> 8318.3301 | N65: =+K65*365 -> 3674.3664 | O65: =+SUM(M65:N65) -> 11992.696 | P65: =+'I.1 Proyecciones Población'!H29*'II. Caracterizacion RSU'!$D$47/1000 -> 21.299897 | Q65: =+'I.1 Proyecciones Población'!H29*'II. Caracterizacion RSU'!$D$48/1000 -> 9.4085743 | R65: =+SUM(P65:Q65) -> 30.708472 | S65: =+P65*365 -> 7774.4626 | T65: =+Q65*365 -> 3434.1296 | U65: =+SUM(S65:T65) -> 11208.592
B66: 8 | C66: 2032 | D66: =+'I.1 Proyecciones Población'!F30*'II. Caracterizacion RSU'!$D$47/1000 -> 826.75212 | E66: =+'I.1 Proyecciones Población'!F30*'II. Caracterizacion RSU'!$D$48/1000 -> 365.19231 | F66: =+SUM(D66:E66) -> 1191.9444 | G66: =+D66*365 -> 301764.52 | H66: =+E66*365 -> 133295.19 | I66: =+SUM(G66:H66) -> 435059.72 | J66: =+'I.1 Proyecciones Población'!G30*'II. Caracterizacion RSU'!$D$47/1000 -> 22.965778 | K66: =+'I.1 Proyecciones Población'!G30*'II. Caracterizacion RSU'!$D$48/1000 -> 10.144426 | L66: =+SUM(J66:K66) -> 33.110203 | M66: =+J66*365 -> 8382.5088 | N66: =+K66*365 -> 3702.7153 | O66: =+SUM(M66:N66) -> 12085.224 | P66: =+'I.1 Proyecciones Población'!H30*'II. Caracterizacion RSU'!$D$47/1000 -> 21.464233 | Q66: =+'I.1 Proyecciones Población'!H30*'II. Caracterizacion RSU'!$D$48/1000 -> 9.4811647 | R66: =+SUM(P66:Q66) -> 30.945398 | S66: =+P66*365 -> 7834.4452 | T66: =+Q66*365 -> 3460.6251 | U66: =+SUM(S66:T66) -> 11295.07
B67: 9 | C67: 2033 | D67: =+'I.1 Proyecciones Población'!F31*'II. Caracterizacion RSU'!$D$47/1000 -> 832.89597 | E67: =+'I.1 Proyecciones Población'!F31*'II. Caracterizacion RSU'!$D$48/1000 -> 367.90617 | F67: =+SUM(D67:E67) -> 1200.8021 | G67: =+D67*365 -> 304007.03 | H67: =+E67*365 -> 134285.75 | I67: =+SUM(G67:H67) -> 438292.78 | J67: =+'I.1 Proyecciones Población'!G31*'II. Caracterizacion RSU'!$D$47/1000 -> 23.136443 | K67: =+'I.1 Proyecciones Población'!G31*'II. Caracterizacion RSU'!$D$48/1000 -> 10.219812 | L67: =+SUM(J67:K67) -> 33.356255 | M67: =+J67*365 -> 8444.8018 | N67: =+K67*365 -> 3730.2314 | O67: =+SUM(M67:N67) -> 12175.033 | P67: =+'I.1 Proyecciones Población'!H31*'II. Caracterizacion RSU'!$D$47/1000 -> 21.623741 | Q67: =+'I.1 Proyecciones Población'!H31*'II. Caracterizacion RSU'!$D$48/1000 -> 9.5516222 | R67: =+SUM(P67:Q67) -> 31.175363 | S67: =+P67*365 -> 7892.6654 | T67: =+Q67*365 -> 3486.3421 | U67: =+SUM(S67:T67) -> 11379.007
B68: 10 | C68: 2034 | D68: =+'I.1 Proyecciones Población'!F32*'II. Caracterizacion RSU'!$D$47/1000 -> 838.91204 | E68: =+'I.1 Proyecciones Población'!F32*'II. Caracterizacion RSU'!$D$48/1000 -> 370.56358 | F68: =+SUM(D68:E68) -> 1209.4756 | G68: =+D68*365 -> 306202.89 | H68: =+E68*365 -> 135255.71 | I68: =+SUM(G68:H68) -> 441458.6 | J68: =+'I.1 Proyecciones Población'!G32*'II. Caracterizacion RSU'!$D$47/1000 -> 23.303559 | K68: =+'I.1 Proyecciones Población'!G32*'II. Caracterizacion RSU'!$D$48/1000 -> 10.29363 | L68: =+SUM(J68:K68) -> 33.59719 | M68: =+J68*365 -> 8505.7992 | N68: =+K68*365 -> 3757.1751 | O68: =+SUM(M68:N68) -> 12262.974 | P68: =+'I.1 Proyecciones Población'!H32*'II. Caracterizacion RSU'!$D$47/1000 -> 21.779931 | Q68: =+'I.1 Proyecciones Población'!H32*'II. Caracterizacion RSU'!$D$48/1000 -> 9.6206142 | R68: =+SUM(P68:Q68) -> 31.400545 | S68: =+P68*365 -> 7949.6747 | T68: =+Q68*365 -> 3511.5242 | U68: =+SUM(S68:T68) -> 11461.199
B69: 11 | C69: 2035 | D69: =+'I.1 Proyecciones Población'!F33*'II. Caracterizacion RSU'!$D$47/1000 -> 844.82075 | E69: =+'I.1 Proyecciones Población'!F33*'II. Caracterizacion RSU'!$D$48/1000 -> 373.17357 | F69: =+SUM(D69:E69) -> 1217.9943 | G69: =+D69*365 -> 308359.57 | H69: =+E69*365 -> 136208.35 | I69: =+SUM(G69:H69) -> 444567.93 | J69: =+'I.1 Proyecciones Población'!G33*'II. Caracterizacion RSU'!$D$47/1000 -> 23.467693 | K69: =+'I.1 Proyecciones Población'!G33*'II. Caracterizacion RSU'!$D$48/1000 -> 10.366132 | L69: =+SUM(J69:K69) -> 33.833825 | M69: =+J69*365 -> 8565.7081 | N69: =+K69*365 -> 3783.638 | O69: =+SUM(M69:N69) -> 12349.346 | P69: =+'I.1 Proyecciones Población'!H33*'II. Caracterizacion RSU'!$D$47/1000 -> 21.933333 | Q69: =+'I.1 Proyecciones Población'!H33*'II. Caracterizacion RSU'!$D$48/1000 -> 9.6883751 | R69: =+SUM(P69:Q69) -> 31.621708 | S69: =+P69*365 -> 8005.6666 | T69: =+Q69*365 -> 3536.2569 | U69: =+SUM(S69:T69) -> 11541.924
... B97: 39 | C97: 2063 | D97: =+'I.1 Proyecciones Población'!F61*'II. Caracterizacion RSU'!$D$47/1000 -> 896.7348 | E97: =+'I.1 Proyecciones Población'!F61*'II. Caracterizacion RSU'!$D$48/1000 -> 396.105 | F97: =+SUM(D97:E97) -> 1292.8398 | G97: =+D97*365 -> 327308.2 | H97: =+E97*365 -> 144578.33 | I97: =+SUM(G97:H97) -> 471886.53 | J97: =+'I.1 Proyecciones Población'!G61*'II. Caracterizacion RSU'!$D$47/1000 -> 24.909778 | K97: =+'I.1 Proyecciones Población'!G61*'II. Caracterizacion RSU'!$D$48/1000 -> 11.003128 | L97: =+SUM(J97:K97) -> 35.912906 | M97: =+J97*365 -> 9092.069 | N97: =+K97*365 -> 4016.1417 | O97: =+SUM(M97:N97) -> 13108.211 | P97: =+'I.1 Proyecciones Población'!H61*'II. Caracterizacion RSU'!$D$47/1000 -> 23.281132 | Q97: =+'I.1 Proyecciones Población'!H61*'II. Caracterizacion RSU'!$D$48/1000 -> 10.283724 | R97: =+SUM(P97:Q97) -> 33.564855 | S97: =+P97*365 -> 8497.6131 | T97: =+Q97*365 -> 3753.5591 | U97: =+SUM(S97:T97) -> 12251.172
B98: Fuente: Elaboración Propia
B101: Tabla 5. Proyección de la Demanda de Disposición Final
B102: No. | C102: Año | D102: RSU (ton/día) | E102: RME (ton/día) | F102: Total (ton/día) | G102: RSU (ton/año) | H102: RME (ton/año) | I102: Total (ton/año) | J102: RSU (m3/año) | K102: RME (m3/año) | L102: Total (m3/año) | M102: Volumen Efectivo Confinado (m3/año)
B103: 0 | C103: 2024 | D103: =+D58+J58+P58 -> 806.81256 | E103: =+E58+K58+Q58 -> 356.38462 | F103: =+SUM(D103:E103) -> 1163.1972 | G103: =+G58+M58+S58 -> 294486.58 | H103: =+H58+N58+T58 -> 130080.39 | I103: =+SUM(G103:H103) -> 424566.97 | J103: =+G103*1000/'I. Parametros Grales'!$C$145 -> 420695.12 | K103: =+H103*1000/'I. Parametros Grales'!$C$145 -> 185829.13 | L103: =+SUM(J103:K103) -> 606524.25 | M103: =+L103*'I. Parametros Grales'!$C$148*'I. Parametros Grales'!$C$149 -> 765813.44
B104: 1 | C104: 2025 | D104: =+D59+J59+P59 -> 816.51923 | E104: =+E59+K59+Q59 -> 360.67225 | F104: =+SUM(D104:E104) -> 1177.1915 | G104: =+G59+M59+S59 -> 298029.52 | H104: =+H59+N59+T59 -> 131645.37 | I104: =+SUM(G104:H104) -> 429674.89 | J104: =+G104*1000/'I. Parametros Grales'!$C$145 -> 425756.45 | K104: =+H104*1000/'I. Parametros Grales'!$C$145 -> 188064.81 | L104: =+SUM(J104:K104) -> 613821.27 | M104: =+L104*'I. Parametros Grales'!$C$148*'I. Parametros Grales'!$C$149 -> 775026.85
B105: 2 | C105: 2026 | D105: =+D60+J60+P60 -> 825.75411 | E105: =+E60+K60+Q60 -> 364.75147 | F105: =+SUM(D105:E105) -> 1190.5056 | G105: =+G60+M60+S60 -> 301400.25 | H105: =+H60+N60+T60 -> 133134.29 | I105: =+SUM(G105:H105) -> 434534.54 | J105: =+G105*1000/'I. Parametros Grales'!$C$145 -> 430571.78 | K105: =+H105*1000/'I. Parametros Grales'!$C$145 -> 190191.84 | L105: =+SUM(J105:K105) -> 620763.62 | M105: =+L105*'I. Parametros Grales'!$C$148*'I. Parametros Grales'!$C$149 -> 783792.45
B106: 3 | C106: 2027 | D106: =+D61+J61+P61 -> 834.46054 | E106: =+E61+K61+Q61 -> 368.59727 | F106: =+SUM(D106:E106) -> 1203.0578 | G106: =+G61+M61+S61 -> 304578.1 | H106: =+H61+N61+T61 -> 134538 | I106: =+SUM(G106:H106) -> 439116.1 | J106: =+G106*1000/'I. Parametros Grales'!$C$145 -> 435111.57 | K106: =+H106*1000/'I. Parametros Grales'!$C$145 -> 192197.15 | L106: =+SUM(J106:K106) -> 627308.71 | M106: =+L106*'I. Parametros Grales'!$C$148*'I. Parametros Grales'!$C$149 -> 792056.45
B107: 4 | C107: 2028 | D107: =+D62+J62+P62 -> 842.63283 | E107: =+E62+K62+Q62 -> 372.20712 | F107: =+SUM(D107:E107) -> 1214.84 | G107: =+G62+M62+S62 -> 307560.98 | H107: =+H62+N62+T62 -> 135855.6 | I107: =+SUM(G107:H107) -> 443416.58 | J107: =+G107*1000/'I. Parametros Grales'!$C$145 -> 439372.83 | K107: =+H107*1000/'I. Parametros Grales'!$C$145 -> 194079.43 | L107: =+SUM(J107:K107) -> 633452.26 | M107: =+L107*'I. Parametros Grales'!$C$148*'I. Parametros Grales'!$C$149 -> 799813.46
B108: 5 | C108: 2029 | D108: =+D63+J63+P63 -> 850.31384 | E108: =+E63+K63+Q63 -> 375.59997 | F108: =+SUM(D108:E108) -> 1225.9138 | G108: =+G63+M63+S63 -> 310364.55 | H108: =+H63+N63+T63 -> 137093.99 | I108: =+SUM(G108:H108) -> 447458.54 | J108: =+G108*1000/'I. Parametros Grales'!$C$145 -> 443377.93 | K108: =+H108*1000/'I. Parametros Grales'!$C$145 -> 195848.56 | L108: =+SUM(J108:K108) -> 639226.49 | M108: =+L108*'I. Parametros Grales'!$C$148*'I. Parametros Grales'!$C$149 -> 807104.15
B109: 6 | C109: 2030 | D109: =+D64+J64+P64 -> 857.58013 | E109: =+E64+K64+Q64 -> 378.80963 | F109: =+SUM(D109:E109) -> 1236.3898 | G109: =+G64+M64+S64 -> 313016.75 | H109: =+H64+N64+T64 -> 138265.52 | I109: =+SUM(G109:H109) -> 451282.26 | J109: =+G109*1000/'I. Parametros Grales'!$C$145 -> 447166.78 | K109: =+H109*1000/'I. Parametros Grales'!$C$145 -> 197522.17 | L109: =+SUM(J109:K109) -> 644688.95 | M109: =+L109*'I. Parametros Grales'!$C$148*'I. Parametros Grales'!$C$149 -> 814001.2
B110: 7 | C110: 2031 | D110: =+D65+J65+P65 -> 864.51213 | E110: =+E65+K65+Q65 -> 381.87163 | F110: =+SUM(D110:E110) -> 1246.3838 | G110: =+G65+M65+S65 -> 315546.93 | H110: =+H65+N65+T65 -> 139383.15 | I110: =+SUM(G110:H110) -> 454930.07 | J110: =+G110*1000/'I. Parametros Grales'!$C$145 -> 450781.32 | K110: =+H110*1000/'I. Parametros Grales'!$C$145 -> 199118.78 | L110: =+SUM(J110:K110) -> 649900.1 | M110: =+L110*'I. Parametros Grales'!$C$148*'I. Parametros Grales'!$C$149 -> 820580.94
B111: 8 | C111: 2032 | D111: =+D66+J66+P66 -> 871.18213 | E111: =+E66+K66+Q66 -> 384.8179 | F111: =+SUM(D111:E111) -> 1256 | G111: =+G66+M66+S66 -> 317981.48 | H111: =+H66+N66+T66 -> 140458.53 | I111: =+SUM(G111:H111) -> 458440.01 | J111: =+G111*1000/'I. Parametros Grales'!$C$145 -> 454259.26 | K111: =+H111*1000/'I. Parametros Grales'!$C$145 -> 200655.05 | L111: =+SUM(J111:K111) -> 654914.3 | M111: =+L111*'I. Parametros Grales'!$C$148*'I. Parametros Grales'!$C$149 -> 826912
B112: 9 | C112: 2033 | D112: =+D67+J67+P67 -> 877.65616 | E112: =+E67+K67+Q67 -> 387.6776 | F112: =+SUM(D112:E112) -> 1265.3338 | G112: =+G67+M67+S67 -> 320344.5 | H112: =+H67+N67+T67 -> 141502.32 | I112: =+SUM(G112:H112) -> 461846.82 | J112: =+G112*1000/'I. Parametros Grales'!$C$145 -> 457635 | K112: =+H112*1000/'I. Parametros Grales'!$C$145 -> 202146.18 | L112: =+SUM(J112:K112) -> 659781.17 | M112: =+L112*'I. Parametros Grales'!$C$148*'I. Parametros Grales'!$C$149 -> 833057.04
B113: 10 | C113: 2034 | D113: =+D68+J68+P68 -> 883.99553 | E113: =+E68+K68+Q68 -> 390.47782 | F113: =+SUM(D113:E113) -> 1274.4734 | G113: =+G68+M68+S68 -> 322658.37 | H113: =+H68+N68+T68 -> 142524.41 | I113: =+SUM(G113:H113) -> 465182.77 | J113: =+G113*1000/'I. Parametros Grales'!$C$145 -> 460940.52 | K113: =+H113*1000/'I. Parametros Grales'!$C$145 -> 203606.29 | L113: =+SUM(J113:K113) -> 664546.82 | M113: =+L113*'I. Parametros Grales'!$C$148*'I. Parametros Grales'!$C$149 -> 839074.27
B114: 11 | C114: 2035 | D114: =+D69+J69+P69 -> 890.22177 | E114: =+E69+K69+Q69 -> 393.22808 | F114: =+SUM(D114:E114) -> 1283.4499 | G114: =+G69+M69+S69 -> 324930.95 | H114: =+H69+N69+T69 -> 143528.25 | I114: =+SUM(G114:H114) -> 468459.2 | J114: =+G114*1000/'I. Parametros Grales'!$C$145 -> 464187.07 | K114: =+H114*1000/'I. Parametros Grales'!$C$145 -> 205040.35 | L114: =+SUM(J114:K114) -> 669227.42 | M114: =+L114*'I. Parametros Grales'!$C$148*'I. Parametros Grales'!$C$149 -> 844984.12
... B142: 39 | C142: 2063 | D142: =+D97+J97+P97 -> 944.92571 | E142: =+E97+K97+Q97 -> 417.39186 | F142: =+SUM(D142:E142) -> 1362.3176 | G142: =+G97+M97+S97 -> 344897.88 | H142: =+H97+N97+T97 -> 152348.03 | I142: =+SUM(G142:H142) -> 497245.91 | J142: =+G142*1000/'I. Parametros Grales'!$C$145 -> 492711.26 | K142: =+H142*1000/'I. Parametros Grales'!$C$145 -> 217640.04 | L142: =+SUM(J142:K142) -> 710351.3 | M142: =+L142*'I. Parametros Grales'!$C$148*'I. Parametros Grales'!$C$149 -> 896908.21
B143: Fuente: Elaboración Propia
A145: Interacción Oferta - Demanda
I147: Tabla 6. Interacción Oferta - Demanda Disposición Final
I148: Año | J148: Oferta (m3/año) | K148: Demanda (m3/año) | L148: Interacción (m3/año)
I149: 2024 | J149: 0 | K149: =+M103 -> 765813.44 | L149: =+J149-K149 -> -765813.44
I150: 2025 | J150: 0 | K150: =+M104 -> 775026.85 | L150: =+J150-K150 -> -775026.85
I151: 2026 | J151: 0 | K151: =+M105 -> 783792.45 | L151: =+J151-K151 -> -783792.45
I152: 2027 | J152: 0 | K152: =+M106 -> 792056.45 | L152: =+J152-K152 -> -792056.45
I153: 2028 | J153: 0 | K153: =+M107 -> 799813.46 | L153: =+J153-K153 -> -799813.46
I154: 2029 | J154: 0 | K154: =+M108 -> 807104.15 | L154: =+J154-K154 -> -807104.15
I155: 2030 | J155: 0 | K155: =+M109 -> 814001.2 | L155: =+J155-K155 -> -814001.2
I156: 2031 | J156: 0 | K156: =+M110 -> 820580.94 | L156: =+J156-K156 -> -820580.94
I157: 2032 | J157: 0 | K157: =+M111 -> 826912 | L157: =+J157-K157 -> -826912
I158: 2033 | J158: 0 | K158: =+M112 -> 833057.04 | L158: =+J158-K158 -> -833057.04
I159: 2034 | J159: 0 | K159: =+M113 -> 839074.27 | L159: =+J159-K159 -> -839074.27
I160: 2035 | J160: 0 | K160: =+M114 -> 844984.12 | L160: =+J160-K160 -> -844984.12
... I188: 2063 | J188: 0 | K188: =+M142 -> 896908.21 | L188: =+J188-K188 -> -896908.21
I189: Fuente: Elaboración Propia
B192: Situación Sin Proyecto (La Situación Actual es el escenario optimizado)
B195: Tabla 3. Demanda, Oferta e Interacción de la Recolección
B196: Año | C196: Demanda de Recolección (ton/año) | D196: Oferta Anual Ton/año | E196: Interacción Oferta Demanda (Anual) | F196: Demanda de Recolección (ton/día) | G196: Oferta Anual Ton/día | H196: Interacción Oferta Demanda (Diaria) | I196: % Cobertura | J196: *Para más detalle, ver pestana III.1 Recolección
B197: 2023 | C197: =+'III. Sit. Actual O-D'!C107 -> 290828.38 | D197: =+'III. Sit. Actual O-D'!D107 -> 275804.42 | E197: =+'III. Sit. Actual O-D'!E107 -> -15023.965 | F197: =+'III. Sit. Actual O-D'!F107 -> 932.14225 | G197: =+'III. Sit. Actual O-D'!G107 -> 892.57093 | H197: =+'III. Sit. Actual O-D'!H107 -> -39.57132 | I197: =+'III. Sit. Actual O-D'!I107 -> 0.94834079
B198: 2024 | C198: =+'III. Sit. Actual O-D'!C108 -> 294486.58 | D198: =+'III. Sit. Actual O-D'!D108 -> 291934.22 | E198: =+'III. Sit. Actual O-D'!E108 -> -2552.3688 | F198: =+'III. Sit. Actual O-D'!F108 -> 943.86726 | G198: =+'III. Sit. Actual O-D'!G108 -> 944.77093 | H198: =+'III. Sit. Actual O-D'!H108 -> 0.90366663 | I198: =+'III. Sit. Actual O-D'!I108 -> 0.99133282 | J198: Adquisición de 10 unidades Municipales
B199: 2025 | C199: =+'III. Sit. Actual O-D'!C109 -> 298029.52 | D199: =+'III. Sit. Actual O-D'!D109 -> 297310.82 | E199: =+'III. Sit. Actual O-D'!E109 -> -718.70199 | F199: =+'III. Sit. Actual O-D'!F109 -> 955.22281 | G199: =+'III. Sit. Actual O-D'!G109 -> 944.77093 | H199: =+'III. Sit. Actual O-D'!H109 -> -10.451888 | I199: =+'III. Sit. Actual O-D'!I109 -> 0.99758849
B200: 2026 | C200: =+'III. Sit. Actual O-D'!C110 -> 301400.25 | D200: =+'III. Sit. Actual O-D'!D110 -> 300895.22 | E200: =+'III. Sit. Actual O-D'!E110 -> -505.03294 | F200: =+'III. Sit. Actual O-D'!F110 -> 966.02644 | G200: =+'III. Sit. Actual O-D'!G110 -> 944.77093 | H200: =+'III. Sit. Actual O-D'!H110 -> -21.255513 | I200: =+'III. Sit. Actual O-D'!I110 -> 0.99832438
B201: 2027 | C201: =+'III. Sit. Actual O-D'!C111 -> 304578.1 | D201: =+'III. Sit. Actual O-D'!D111 -> 302687.42 | E201: =+'III. Sit. Actual O-D'!E111 -> -1890.6796 | F201: =+'III. Sit. Actual O-D'!F111 -> 976.21185 | G201: =+'III. Sit. Actual O-D'!G111 -> 944.77093 | H201: =+'III. Sit. Actual O-D'!H111 -> -31.440919 | I201: =+'III. Sit. Actual O-D'!I111 -> 0.99379246
B202: 2028 | C202: =+'III. Sit. Actual O-D'!C112 -> 307560.98 | D202: =+'III. Sit. Actual O-D'!D112 -> 302687.42 | E202: =+'III. Sit. Actual O-D'!E112 -> -4873.5663 | F202: =+'III. Sit. Actual O-D'!F112 -> 985.77238 | G202: =+'III. Sit. Actual O-D'!G112 -> 944.77093 | H202: =+'III. Sit. Actual O-D'!H112 -> -41.001454 | I202: =+'III. Sit. Actual O-D'!I112 -> 0.98415415
B203: 2029 | C203: =+'III. Sit. Actual O-D'!C113 -> 310364.55 | D203: =+'III. Sit. Actual O-D'!D113 -> 302687.42 | E203: =+'III. Sit. Actual O-D'!E113 -> -7677.1344 | F203: =+'III. Sit. Actual O-D'!F113 -> 994.75818 | G203: =+'III. Sit. Actual O-D'!G113 -> 944.77093 | H203: =+'III. Sit. Actual O-D'!H113 -> -49.987249 | I203: =+'III. Sit. Actual O-D'!I113 -> 0.97526414
B204: 2030 | C204: =+'III. Sit. Actual O-D'!C114 -> 313016.75 | D204: =+'III. Sit. Actual O-D'!D114 -> 302687.42 | E204: =+'III. Sit. Actual O-D'!E114 -> -10329.331 | F204: =+'III. Sit. Actual O-D'!F114 -> 1003.2588 | G204: =+'III. Sit. Actual O-D'!G114 -> 944.77093 | H204: =+'III. Sit. Actual O-D'!H114 -> -58.487878 | I204: =+'III. Sit. Actual O-D'!I114 -> 0.96700071
B205: 2031 | C205: =+'III. Sit. Actual O-D'!C115 -> 315546.93 | D205: =+'III. Sit. Actual O-D'!D115 -> 302687.42 | E205: =+'III. Sit. Actual O-D'!E115 -> -12859.51 | F205: =+'III. Sit. Actual O-D'!F115 -> 1011.3684 | G205: =+'III. Sit. Actual O-D'!G115 -> 944.77093 | H205: =+'III. Sit. Actual O-D'!H115 -> -66.597427 | I205: =+'III. Sit. Actual O-D'!I115 -> 0.95924692
B206: 2032 | C206: =+'III. Sit. Actual O-D'!C116 -> 317981.48 | D206: =+'III. Sit. Actual O-D'!D116 -> 302687.42 | E206: =+'III. Sit. Actual O-D'!E116 -> -15294.063 | F206: =+'III. Sit. Actual O-D'!F116 -> 1019.1714 | G206: =+'III. Sit. Actual O-D'!G116 -> 944.77093 | H206: =+'III. Sit. Actual O-D'!H116 -> -74.400481 | I206: =+'III. Sit. Actual O-D'!I116 -> 0.95190266
B207: 2033 | C207: =+'III. Sit. Actual O-D'!C117 -> 320344.5 | D207: =+'III. Sit. Actual O-D'!D117 -> 302687.42 | E207: =+'III. Sit. Actual O-D'!E117 -> -17657.081 | F207: =+'III. Sit. Actual O-D'!F117 -> 1026.7452 | G207: =+'III. Sit. Actual O-D'!G117 -> 944.77093 | H207: =+'III. Sit. Actual O-D'!H117 -> -81.974256 | I207: =+'III. Sit. Actual O-D'!I117 -> 0.94488096
B208: 2034 | C208: =+'III. Sit. Actual O-D'!C118 -> 322658.37 | D208: =+'III. Sit. Actual O-D'!D118 -> 302687.42 | E208: =+'III. Sit. Actual O-D'!E118 -> -19970.951 | F208: =+'III. Sit. Actual O-D'!F118 -> 1034.1614 | G208: =+'III. Sit. Actual O-D'!G118 -> 944.77093 | H208: =+'III. Sit. Actual O-D'!H118 -> -89.390507 | I208: =+'III. Sit. Actual O-D'!I118 -> 0.93810496
B209: 2035 | C209: =+'III. Sit. Actual O-D'!C119 -> 324930.95 | D209: =+'III. Sit. Actual O-D'!D119 -> 302687.42 | E209: =+'III. Sit. Actual O-D'!E119 -> -22243.531 | F209: =+'III. Sit. Actual O-D'!F119 -> 1041.4453 | G209: =+'III. Sit. Actual O-D'!G119 -> 944.77093 | H209: =+'III. Sit. Actual O-D'!H119 -> -96.674418 | I209: =+'III. Sit. Actual O-D'!I119 -> 0.93154382
B210: 2036 | C210: =+'III. Sit. Actual O-D'!C120 -> 327166.46 | D210: =+'III. Sit. Actual O-D'!D120 -> 302687.42 | E210: =+'III. Sit. Actual O-D'!E120 -> -24479.047 | F210: =+'III. Sit. Actual O-D'!F120 -> 1048.6105 | G210: =+'III. Sit. Actual O-D'!G120 -> 944.77093 | H210: =+'III. Sit. Actual O-D'!H120 -> -103.83953 | I210: =+'III. Sit. Actual O-D'!I120 -> 0.92517862
... B237: 2063 | C237: =+'III. Sit. Actual O-D'!C147 -> 344897.88 | D237: =+'III. Sit. Actual O-D'!D147 -> 302687.42 | E237: =+'III. Sit. Actual O-D'!E147 -> -42210.466 | F237: =+'III. Sit. Actual O-D'!F147 -> 1105.4419 | G237: =+'III. Sit. Actual O-D'!G147 -> 944.77093 | H237: =+'III. Sit. Actual O-D'!H147 -> -160.671 | I237: =+'III. Sit. Actual O-D'!I147 -> 0.8776146
B238: Fuente: Elaboración Propia

Sheet IV.1 CAE Alt 1
B2: PROYECTO DE GESTIÓN INTEGRAL DE RESIDUOS PARA EL MUNICIPIO DE CHIHUAHUA
B4: Costo Anual Equivalente del Proyecto
B7: Año | D7: Costos totales de inversión | E7: Costos de Operación y Mantenimiento | F7: Costos de Mantenimiento Mayor | G7: Costos Totales por año | H7: Valor presente de los costos
B8: 0 | C8: 2024 | D8: =+SUM('VII.1 Calendario'!C14:K14) -> 64081223 | E8: =+'VIII. Costos Op y Mant'!X9 -> 53343537 | F8: 0 | G8: =+SUM(D8:F8) -> 1.1742476e+08 | H8: =+G8/((1+$D$48)^B8) -> 1.1742476e+08
B9: 1 | C9: 2025 | D9: =+SUM('VII.1 Calendario'!L14:W14) -> 9.8819698e+08 | E9: =+'VIII. Costos Op y Mant'!X10 -> 53343537 | F9: 0 | G9: =+SUM(D9:F9) -> 1.0415405e+09 | H9: =+G9/((1+$D$48)^B9) -> 9.4685501e+08
B10: 2 | C10: 2026 | D10: =+SUM('VII.1 Calendario'!X14:AC14) -> 1.6836725e+08 | E10: =+'VIII. Costos Op y Mant'!X11 -> 1.5046788e+08 | F10: - | G10: =+SUM(D10:F10) -> 3.1883512e+08 | H10: =+G10/((1+$D$48)^B10) -> 2.635001e+08
B11: 3 | C11: 2027 | D11: 0 | E11: =+'VIII. Costos Op y Mant'!X12 -> 1.5127232e+08 | F11: =+'IX. Costos MantenimientoMayor'!H11 -> 0 | G11: =+SUM(D11:F11) -> 1.5127232e+08 | H11: =+G11/((1+$D$48)^B11) -> 1.1365313e+08
B12: 4 | C12: 2028 | D12: 0 | E12: =+'VIII. Costos Op y Mant'!X13 -> 1.5202741e+08 | F12: =+'IX. Costos MantenimientoMayor'!H12 -> 0 | G12: =+SUM(D12:F12) -> 1.5202741e+08 | H12: =+G12/((1+$D$48)^B12) -> 1.0383676e+08
B13: 5 | C13: 2029 | D13: 0 | E13: =+'VIII. Costos Op y Mant'!X14 -> 1.527371e+08 | F13: =+'IX. Costos MantenimientoMayor'!H13 -> 0 | G13: =+SUM(D13:F13) -> 1.527371e+08 | H13: =+G13/((1+$D$48)^B13) -> 94837725
B14: 6 | C14: 2030 | D14: 0 | E14: =+'VIII. Costos Op y Mant'!X15 -> 1.5340848e+08 | F14: =+'IX. Costos MantenimientoMayor'!H14 -> 0 | G14: =+SUM(D14:F14) -> 1.5340848e+08 | H14: =+G14/((1+$D$48)^B14) -> 86595089
B15: 7 | C15: 2031 | D15: 0 | E15: =+'VIII. Costos Op y Mant'!X16 -> 1.5404897e+08 | F15: =+'IX. Costos MantenimientoMayor'!H15 -> 0 | G15: =+SUM(D15:F15) -> 1.5404897e+08 | H15: =+G15/((1+$D$48)^B15) -> 79051481
B16: 8 | C16: 2032 | D16: 0 | E16: =+'VIII. Costos Op y Mant'!X17 -> 1.5466526e+08 | F16: =+'IX. Costos MantenimientoMayor'!H16 -> 1750000 | G16: =+SUM(D16:F16) -> 1.5641526e+08 | H16: =+G16/((1+$D$48)^B16) -> 72968872
B17: 9 | C17: 2033 | D17: 0 | E17: =+'VIII. Costos Op y Mant'!X18 -> 1.5526343e+08 | F17: =+'IX. Costos MantenimientoMayor'!H17 -> 32378260 | G17: =+SUM(D17:F17) -> 1.8764169e+08 | H17: =+G17/((1+$D$48)^B17) -> 79578395
B18: 10 | C18: 2034 | D18: 0 | E18: =+'VIII. Costos Op y Mant'!X19 -> 1.5584917e+08 | F18: =+'IX. Costos MantenimientoMayor'!H18 -> 125491485 | G18: =+SUM(D18:F18) -> 2.8134065e+08 | H18: =+G18/((1+$D$48)^B18) -> 1.08469e+08
B19: 11 | C19: 2035 | D19: 0 | E19: =+'VIII. Costos Op y Mant'!X20 -> 1.5642445e+08 | F19: =+'IX. Costos MantenimientoMayor'!H19 -> 0 | G19: =+SUM(D19:F19) -> 1.5642445e+08 | H19: =+G19/((1+$D$48)^B19) -> 54825815
B20: 12 | C20: 2036 | D20: 0 | E20: =+'VIII. Costos Op y Mant'!X21 -> 1.5699035e+08 | F20: =+'IX. Costos MantenimientoMayor'!H20 -> 0 | G20: =+SUM(D20:F20) -> 1.5699035e+08 | H20: =+G20/((1+$D$48)^B20) -> 50021963
B21: 13 | C21: 2037 | D21: 0 | E21: =+'VIII. Costos Op y Mant'!X22 -> 1.5754426e+08 | F21: =+'IX. Costos MantenimientoMayor'!H21 -> 49394500 | G21: =+SUM(D21:F21) -> 2.0693876e+08 | H21: =+G21/((1+$D$48)^B21) -> 59942787
B22: 14 | C22: 2038 | D22: 0 | E22: =+'VIII. Costos Op y Mant'!X23 -> 1.5807997e+08 | F22: =+'IX. Costos MantenimientoMayor'!H22 -> 0 | G22: =+SUM(D22:F22) -> 1.5807997e+08 | H22: =+G22/((1+$D$48)^B22) -> 41627395
... B47: 39 | C47: 2063 | D47: 0 | E47: =+'VIII. Costos Op y Mant'!X48 -> 1.6147889e+08 | F47: =+'IX. Costos MantenimientoMayor'!H47 -> 0 | G47: =+SUM(D47:F47) -> 1.6147889e+08 | H47: =+G47/((1+$D$48)^B47) -> 3924650.9
B48: Tasa | D48: 0.1 | G48: Valor Presente | H48: =SUM(H8:H47) -> 2.747743e+09
B49: Vida Util | D49: =+COUNT(E10:E47) -> 38 | G49: CAE | H49: =+PMT(D48,D49,H48)*-1 -> 2.8232214e+08

Sheet IV.2 CAE Alt 2
B2: PROYECTO DE GESTIÓN INTEGRAL DE RESIDUOS PARA EL MUNICIPIO DE CHIHUAHUA
B4: Costo Anual Equivalente de la Alternativa
B7: Año | D7: Costos totales de inversión | E7: Costos de Operación y Mantenimiento | F7: Costos de Mantenimiento Mayor | G7: Costos Totales por año | H7: Valor presente de los costos
B8: 0 | C8: 2024 | D8: =+'IV2.2. Costos Alt2'!O9 -> 2.0627072e+08 | E8: =+'IV2.3. CostosOPEX Alt2'!Y9 -> 53343537 | F8: 0 | G8: =+SUM(D8:F8) -> 2.5961426e+08 | H8: =+G8/((1+$D$48)^B8) -> 2.5961426e+08
B9: 1 | C9: 2025 | D9: =+'IV2.2. Costos Alt2'!O10 -> 1.1534304e+09 | E9: =+'IV2.3. CostosOPEX Alt2'!Y10 -> 53343537 | F9: 0 | G9: =+SUM(D9:F9) -> 1.206774e+09 | H9: =+G9/((1+$D$48)^B9) -> 1.0970672e+09
B10: 2 | C10: 2026 | D10: =+'IV2.2. Costos Alt2'!O11 -> 4.0952765e+08 | E10: =+'IV2.3. CostosOPEX Alt2'!Y11 -> 2.2647925e+08 | F10: =+'[2]IV.3.Costos de Inversión Alt'!O11 -> 0 | G10: =+SUM(D10:F10) -> 6.360069e+08 | H10: =+G10/((1+$D$48)^B10) -> 5.2562554e+08
B11: 3 | C11: 2027 | D11: 0 | E11: =+'IV2.3. CostosOPEX Alt2'!Y12 -> 2.2690741e+08 | F11: =+'IV2.2. Costos Alt2'!O12 -> 0 | G11: =+SUM(D11:F11) -> 2.2690741e+08 | H11: =+G11/((1+$D$48)^B11) -> 1.7047889e+08
B12: 4 | C12: 2028 | D12: 0 | E12: =+'IV2.3. CostosOPEX Alt2'!Y13 -> 2.2732032e+08 | F12: =+'IV2.2. Costos Alt2'!O13 -> 0 | G12: =+SUM(D12:F12) -> 2.2732032e+08 | H12: =+G12/((1+$D$48)^B12) -> 1.5526284e+08
B13: 5 | C13: 2029 | D13: 0 | E13: =+'IV2.3. CostosOPEX Alt2'!Y14 -> 2.2771248e+08 | F13: =+'IV2.2. Costos Alt2'!O14 -> 0 | G13: =+SUM(D13:F13) -> 2.2771248e+08 | H13: =+G13/((1+$D$48)^B13) -> 1.4139153e+08
B14: 6 | C14: 2030 | D14: 0 | E14: =+'IV2.3. CostosOPEX Alt2'!Y15 -> 2.2809446e+08 | F14: =+'IV2.2. Costos Alt2'!O15 -> 0 | G14: =+SUM(D14:F14) -> 2.2809446e+08 | H14: =+G14/((1+$D$48)^B14) -> 1.2875338e+08
B15: 7 | C15: 2031 | D15: 0 | E15: =+'IV2.3. CostosOPEX Alt2'!Y16 -> 2.2845455e+08 | F15: =+'IV2.2. Costos Alt2'!O16 -> 0 | G15: =+SUM(D15:F15) -> 2.2845455e+08 | H15: =+G15/((1+$D$48)^B15) -> 1.1723331e+08
B16: 8 | C16: 2032 | D16: 0 | E16: =+'IV2.3. CostosOPEX Alt2'!Y17 -> 2.2879767e+08 | F16: =+'IV2.2. Costos Alt2'!O17 -> 1750000 | G16: =+SUM(D16:F16) -> 2.3054767e+08 | H16: =+G16/((1+$D$48)^B16) -> 1.0755219e+08
B17: 9 | C17: 2033 | D17: 0 | E17: =+'IV2.3. CostosOPEX Alt2'!Y18 -> 2.2912351e+08 | F17: =+'IV2.2. Costos Alt2'!O18 -> 32378260 | G17: =+SUM(D17:F17) -> 2.6150177e+08 | H17: =+G17/((1+$D$48)^B17) -> 1.1090228e+08
B18: 10 | C18: 2034 | D18: 0 | E18: =+'IV2.3. CostosOPEX Alt2'!Y19 -> 2.2943177e+08 | F18: =+'IV2.2. Costos Alt2'!O19 -> 125491485 | G18: =+SUM(D18:F18) -> 3.5492325e+08 | H18: =+G18/((1+$D$48)^B18) -> 1.3683828e+08
B19: 11 | C19: 2035 | D19: 0 | E19: =+'IV2.3. CostosOPEX Alt2'!Y20 -> 2.2972217e+08 | F19: =+'IV2.2. Costos Alt2'!O20 -> 0 | G19: =+SUM(D19:F19) -> 2.2972217e+08 | H19: =+G19/((1+$D$48)^B19) -> 80516218
B20: 12 | C20: 2036 | D20: 0 | E20: =+'IV2.3. CostosOPEX Alt2'!Y21 -> 2.2999443e+08 | F20: =+'IV2.2. Costos Alt2'!O21 -> 0 | G20: =+SUM(D20:F20) -> 2.2999443e+08 | H20: =+G20/((1+$D$48)^B20) -> 73283315
B21: 13 | C21: 2037 | D21: 0 | E21: =+'IV2.3. CostosOPEX Alt2'!Y22 -> 2.3024832e+08 | F21: =+'IV2.2. Costos Alt2'!O22 -> 49394500 | G21: =+SUM(D21:F21) -> 2.7964282e+08 | H21: =+G21/((1+$D$48)^B21) -> 81002564
B22: 14 | C22: 2038 | D22: 0 | E22: =+'IV2.3. CostosOPEX Alt2'!Y23 -> 2.3048358e+08 | F22: =+'IV2.2. Costos Alt2'!O23 -> 0 | G22: =+SUM(D22:F22) -> 2.3048358e+08 | H22: =+G22/((1+$D$48)^B22) -> 60693531
... B46: 38 | C46: 2062 | D46: 0 | E46: =+'IV2.3. CostosOPEX Alt2'!Y47 -> 2.3206171e+08 | F46: =+'IV2.2. Costos Alt2'!O47 -> 1750000 | G46: =+SUM(D46:F46) -> 2.3381171e+08 | H46: =+G46/((1+$D$48)^B46) -> 6250924.1
B47: 39 | C47: 2063 | D47: 0 | E47: =+'IV2.3. CostosOPEX Alt2'!Y48 -> 2.3208246e+08 | F47: 0 | G47: =+SUM(D47:F47) -> 2.3208246e+08 | H47: =+G47/((1+$D$48)^B47) -> 5640629.8
B48: Tasa | D48: 0.1 | G48: Valor Presente | H48: =SUM(H8:H47) -> 3.9884273e+09
B49: Vida Util | D49: 38 | G49: CAE | H49: =+PMT(D48,D49,H48)*-1 -> 4.0979864e+08

Sheet IV2.2. Costos Alt2
B2: PROYECTO DE GESTIÓN INTEGRAL DE RESIDUOS PARA EL MUNICIPIO DE CHIHUAHUA
B4: Costos de Inversión de la Alternativa
B7: Tabla 6. Biodigestor | H7: Tabla 2. Programa de Inversión Anual
B8: Concepto | C8: Unidad | D8: Cantidad | E8: P.U. | F8: Monto sin IVA | H8: Año | I8: Ampliación del RA | J8: Estación de Transferencia | K8: Planta de Separación | L8: NRSM | M8: Clausura | N8: Biodigestor | O8: Total
B9: Edificación y Obra Civil | C9: lote | D9: 1 | E9: 90252378 | F9: =+E9*D9 -> 90252378 | H9: 2024 | I9: =+'VII. Costos de Inversión'!G103 -> 56678528 | J9: 0 | K9: =+'IX. Costos MantenimientoMayor'!E8 -> 0 | L9: =+SUM('VII.1 Calendario'!C12:N12) -> 94255362 | M9: =+SUM('VII.1 Calendario'!C13:Y13) -> 55336833 | N9: 0 | O9: =+SUM(I9:N9) -> 2.0627072e+08
B10: Planta de Digestión | C10: lote | D10: 1 | E10: =+SUM(E11:E14) -> 449073280 | F10: =+E10*D10 -> 449073280 | H10: 2025 | I10: 0 | J10: =+SUM('VII.1 Calendario'!S10:Z10) -> 1.4660458e+08 | K10: =+SUM('VII.1 Calendario'!I11:Q11) -> 4.3438718e+08 | L10: =+SUM('VII.1 Calendario'!O12:S12) -> 1.4940952e+08 | M10: =+SUM('VII.1 Calendario'!Q13:AA13) -> 92484000 | N10: =+$F$19/2 -> 330545161 | O10: =+SUM(J10:N10) -> 1.1534304e+09
B11: Digestores | C11: lote | D11: 1 | E11: 315308350 | F11: =+D11*E11 -> 315308350 | H11: 2026 | I11: 0 | J11: =+'VII.1 Calendario'!AA10 -> 21980009 | K11: =+SUM('VII.1 Calendario'!U11:W11) -> 57002483 | L11: =+'IX. Costos MantenimientoMayor'!F10 -> 0 | M11: =+'IX. Costos MantenimientoMayor'!G10 -> 0 | N11: =+$F$19/2 -> 330545161 | O11: =+SUM(J11:N11) -> 4.0952765e+08
B12: Almacenamientos y mejora del Biogas | C12: lote | D12: 1 | E12: 70480690 | F12: =+D12*E12 -> 70480690 | H12: 2027 | J12: =+'IX. Costos MantenimientoMayor'!D11 -> - | K12: =+'IX. Costos MantenimientoMayor'!E11 -> - | L12: =+'IX. Costos MantenimientoMayor'!F11 -> - | M12: =+'IX. Costos MantenimientoMayor'!G11 -> - | N12: =+'[2]V1. Costos de Inversión'!P11 -> 0 | O12: =+SUM(J12:N12) -> 0
B13: Separación de Liquido | C13: lote | D13: 1 | E13: 41453774 | F13: =+D13*E13 -> 41453774 | H13: 2028 | J13: =+'IX. Costos MantenimientoMayor'!D12 -> - | K13: =+'IX. Costos MantenimientoMayor'!E12 -> - | L13: =+'IX. Costos MantenimientoMayor'!F12 -> - | M13: =+'IX. Costos MantenimientoMayor'!G12 -> - | N13: =+'[2]V1. Costos de Inversión'!P12 -> 0 | O13: =+SUM(J13:N13) -> 0
B14: Equipo | C14: lote | D14: 1 | E14: 21830466 | F14: =+D14*E14 -> 21830466 | H14: 2029 | J14: =+'IX. Costos MantenimientoMayor'!D13 -> - | K14: =+'IX. Costos MantenimientoMayor'!E13 -> - | L14: =+'IX. Costos MantenimientoMayor'!F13 -> - | M14: =+'IX. Costos MantenimientoMayor'!G13 -> - | N14: =+'[2]V1. Costos de Inversión'!P13 -> 0 | O14: =+SUM(J14:N14) -> 0
B15: Instalaciones | C15: lote | D15: 1 | E15: 115180285 | F15: =+E15*D15 -> 115180285 | H15: 2030 | J15: =+'IX. Costos MantenimientoMayor'!D14 -> 0 | K15: =+'IX. Costos MantenimientoMayor'!E14 -> - | L15: =+'IX. Costos MantenimientoMayor'!F14 -> - | M15: =+'IX. Costos MantenimientoMayor'!G14 -> - | N15: 0 | O15: =+SUM(J15:N15) -> 0
B16: Seguridad y Salud | C16: lote | D16: 1 | E16: 2782132 | F16: =+E16*D16 -> 2782132 | H16: 2031 | J16: =+'IX. Costos MantenimientoMayor'!D15 -> 0 | K16: =+'IX. Costos MantenimientoMayor'!E15 -> 0 | L16: =+'IX. Costos MantenimientoMayor'!F15 -> - | M16: =+'IX. Costos MantenimientoMayor'!G15 -> - | N16: 0 | O16: =+SUM(J16:N16) -> 0
B17: Control Calidad Obra | C17: lote | D17: 1 | E17: 3338559 | F17: =+E17*D17 -> 3338559 | H17: 2032 | J17: =+'IX. Costos MantenimientoMayor'!D16 -> 1750000 | K17: =+'IX. Costos MantenimientoMayor'!E16 -> 0 | L17: =+'IX. Costos MantenimientoMayor'!F16 -> 0 | M17: =+'IX. Costos MantenimientoMayor'!G16 -> - | N17: 0 | O17: =+SUM(J17:N17) -> 1750000
B18: Equipo de Monitoreo Ambiental | C18: lote | D18: 1 | E18: 463688 | F18: =+E18*D18 -> 463688 | H18: 2033 | J18: =+'IX. Costos MantenimientoMayor'!D17 -> - | K18: =+'IX. Costos MantenimientoMayor'!E17 -> 32378260 | L18: =+'IX. Costos MantenimientoMayor'!F17 -> - | M18: =+'IX. Costos MantenimientoMayor'!G17 -> - | N18: 0 | O18: =+SUM(J18:N18) -> 32378260
B19: Total | E19: =+SUM(E15:E18,E9:E10) -> 661090322 | F19: =+SUM(F15:F18,F9:F10) -> 661090322 | H19: 2034 | J19: =+'IX. Costos MantenimientoMayor'!D18 -> 14000000 | K19: =+'IX. Costos MantenimientoMayor'!E18 -> - | L19: =+'IX. Costos MantenimientoMayor'!F18 -> 111491485 | M19: =+'IX. Costos MantenimientoMayor'!G18 -> - | N19: 0 | O19: =+SUM(J19:N19) -> 125491485
B20: Fuente: Estudio Diagnóstico y Propuesta económica de proveedor | H20: 2035 | J20: =+'IX. Costos MantenimientoMayor'!D19 -> - | K20: =+'IX. Costos MantenimientoMayor'!E19 -> - | L20: =+'IX. Costos MantenimientoMayor'!F19 -> - | M20: =+'IX. Costos MantenimientoMayor'!G19 -> - | N20: 0 | O20: =+SUM(J20:N20) -> 0
H21: 2036 | J21: =+'IX. Costos MantenimientoMayor'!D20 -> - | K21: =+'IX. Costos MantenimientoMayor'!E20 -> - | L21: =+'IX. Costos MantenimientoMayor'!F20 -> - | M21: =+'IX. Costos MantenimientoMayor'!G20 -> - | N21: 0 | O21: =+SUM(J21:N21) -> 0
H22: 2037 | J22: =+'IX. Costos MantenimientoMayor'!D21 -> 49394500 | K22: =+'IX. Costos MantenimientoMayor'!E21 -> - | L22: =+'IX. Costos MantenimientoMayor'!F21 -> - | M22: =+'IX. Costos MantenimientoMayor'!G21 -> - | N22: 0 | O22: =+SUM(J22:N22) -> 49394500
H23: 2038 | J23: =+'IX. Costos MantenimientoMayor'!D22 -> - | K23: =+'IX. Costos MantenimientoMayor'!E22 -> - | L23: =+'IX. Costos MantenimientoMayor'!F22 -> - | M23: =+'IX. Costos MantenimientoMayor'!G22 -> - | N23: 0 | O23: =+SUM(J23:N23) -> 0
H24: 2039 | J24: =+'IX. Costos MantenimientoMayor'!D23 -> - | K24: =+'IX. Costos MantenimientoMayor'!E23 -> - | L24: =+'IX. Costos MantenimientoMayor'!F23 -> - | M24: =+'IX. Costos MantenimientoMayor'!G23 -> - | N24: 0 | O24: =+SUM(J24:N24) -> 0
H25: 2040 | J25: =+'IX. Costos MantenimientoMayor'!D24 -> - | K25: =+'IX. Costos MantenimientoMayor'!E24 -> 1750000 | L25: =+'IX. Costos MantenimientoMayor'!F24 -> - | M25: =+'IX. Costos MantenimientoMayor'!G24 -> - | N25: 0 | O25: =+SUM(J25:N25) -> 1750000
H26: 2041 | J26: =+'IX. Costos MantenimientoMayor'!D25 -> - | K26: =+'IX. Costos MantenimientoMayor'!E25 -> - | L26: =+'IX. Costos MantenimientoMayor'!F25 -> 227685146 | M26: =+'IX. Costos MantenimientoMayor'!G25 -> - | N26: 0 | O26: =+SUM(J26:N26) -> 227685146
H27: 2042 | J27: =+'IX. Costos MantenimientoMayor'!D26 -> 15750000 | K27: =+'IX. Costos MantenimientoMayor'!E26 -> - | L27: =+'IX. Costos MantenimientoMayor'!F26 -> - | M27: =+'IX. Costos MantenimientoMayor'!G26 -> - | N27: =+$F$10 -> 449073280 | O27: =+SUM(J27:N27) -> 464823280
H28: 2043 | J28: =+'IX. Costos MantenimientoMayor'!D27 -> - | K28: =+'IX. Costos MantenimientoMayor'!E27 -> - | L28: =+'IX. Costos MantenimientoMayor'!F27 -> - | M28: =+'IX. Costos MantenimientoMayor'!G27 -> - | N28: 0 | O28: =+SUM(J28:N28) -> 0
H29: 2044 | J29: =+'IX. Costos MantenimientoMayor'!D28 -> - | K29: =+'IX. Costos MantenimientoMayor'!E28 -> - | L29: =+'IX. Costos MantenimientoMayor'!F28 -> - | M29: =+'IX. Costos MantenimientoMayor'!G28 -> - | N29: 0 | O29: =+SUM(J29:N29) -> 0
H30: 2045 | J30: =+'IX. Costos MantenimientoMayor'!D29 -> - | K30: =+'IX. Costos MantenimientoMayor'!E29 -> - | L30: =+'IX. Costos MantenimientoMayor'!F29 -> - | M30: =+'IX. Costos MantenimientoMayor'!G29 -> - | N30: 0 | O30: =+SUM(J30:N30) -> 0
H31: 2046 | J31: =+'IX. Costos MantenimientoMayor'!D30 -> - | K31: =+'IX. Costos MantenimientoMayor'!E30 -> - | L31: =+'IX. Costos MantenimientoMayor'!F30 -> 188740447 | M31: =+'IX. Costos MantenimientoMayor'!G30 -> - | N31: 0 | O31: =+SUM(J31:N31) -> 188740447
H32: 2047 | J32: =+'IX. Costos MantenimientoMayor'!D31 -> 49394500 | K32: =+'IX. Costos MantenimientoMayor'!E31 -> - | L32: =+'IX. Costos MantenimientoMayor'!F31 -> - | M32: =+'IX. Costos MantenimientoMayor'!G31 -> - | N32: 0 | O32: =+SUM(J32:N32) -> 49394500
H33: 2048 | J33: =+'IX. Costos MantenimientoMayor'!D32 -> - | K33: =+'IX. Costos MantenimientoMayor'!E32 -> 1750000 | L33: =+'IX. Costos MantenimientoMayor'!F32 -> - | M33: =+'IX. Costos MantenimientoMayor'!G32 -> - | N33: 0 | O33: =+SUM(J33:N33) -> 1750000
H34: 2049 | J34: =+'IX. Costos MantenimientoMayor'!D33 -> - | K34: =+'IX. Costos MantenimientoMayor'!E33 -> - | L34: =+'IX. Costos MantenimientoMayor'!F33 -> - | M34: =+'IX. Costos MantenimientoMayor'!G33 -> - | N34: 0 | O34: =+SUM(J34:N34) -> 0
H35: 2050 | J35: =+'IX. Costos MantenimientoMayor'!D34 -> 14000000 | K35: =+'IX. Costos MantenimientoMayor'!E34 -> - | L35: =+'IX. Costos MantenimientoMayor'!F34 -> - | M35: =+'IX. Costos MantenimientoMayor'!G34 -> - | N35: 0 | O35: =+SUM(J35:N35) -> 14000000
H36: 2051 | J36: =+'IX. Costos MantenimientoMayor'!D35 -> - | K36: =+'IX. Costos MantenimientoMayor'!E35 -> - | L36: =+'IX. Costos MantenimientoMayor'!F35 -> - | M36: =+'IX. Costos MantenimientoMayor'!G35 -> - | N36: 0 | O36: =+SUM(J36:N36) -> 0
H37: 2052 | J37: =+'IX. Costos MantenimientoMayor'!D36 -> 1750000 | K37: =+'IX. Costos MantenimientoMayor'!E36 -> - | L37: =+'IX. Costos MantenimientoMayor'!F36 -> - | M37: =+'IX. Costos MantenimientoMayor'!G36 -> - | N37: 0 | O37: =+SUM(J37:N37) -> 1750000
H38: 2053 | J38: =+'IX. Costos MantenimientoMayor'!D37 -> - | K38: =+'IX. Costos MantenimientoMayor'!E37 -> - | L38: =+'IX. Costos MantenimientoMayor'!F37 -> - | M38: =+'IX. Costos MantenimientoMayor'!G37 -> - | N38: 0 | O38: =+SUM(J38:N38) -> 0
H39: 2054 | J39: =+'IX. Costos MantenimientoMayor'!D38 -> - | K39: =+'IX. Costos MantenimientoMayor'!E38 -> - | L39: =+'IX. Costos MantenimientoMayor'!F38 -> 163247831 | M39: =+'IX. Costos MantenimientoMayor'!G38 -> - | N39: 0 | O39: =+SUM(J39:N39) -> 163247831
... H42: 2057 | J42: =+'IX. Costos MantenimientoMayor'!D41 -> 49394500 | K42: =+'IX. Costos MantenimientoMayor'!E41 -> - | L42: =+'IX. Costos MantenimientoMayor'!F41 -> - | M42: =+'IX. Costos MantenimientoMayor'!G41 -> - | N42: 0 | O42: =+SUM(J42:N42) -> 49394500
H43: 2058 | J43: =+'IX. Costos MantenimientoMayor'!D42 -> 14000000 | K43: =+'IX. Costos MantenimientoMayor'!E42 -> - | L43: =+'IX. Costos MantenimientoMayor'!F42 -> - | M43: =+'IX. Costos MantenimientoMayor'!G42 -> - | N43: =+F10 -> 449073280 | O43: =+SUM(J43:N43) -> 463073280
H44: 2059 | J44: =+'IX. Costos MantenimientoMayor'!D43 -> - | K44: =+'IX. Costos MantenimientoMayor'!E43 -> - | L44: =+'IX. Costos MantenimientoMayor'!F43 -> - | M44: =+'IX. Costos MantenimientoMayor'!G43 -> - | N44: 0 | O44: =+SUM(J44:N44) -> 0
H45: 2060 | J45: =+'IX. Costos MantenimientoMayor'!D44 -> - | K45: =+'IX. Costos MantenimientoMayor'!E44 -> - | L45: =+'IX. Costos MantenimientoMayor'!F44 -> - | M45: =+'IX. Costos MantenimientoMayor'!G44 -> - | N45: 0 | O45: =+SUM(J45:N45) -> 0
H46: 2061 | J46: =+'IX. Costos MantenimientoMayor'!D45 -> 0 | K46: =+'IX. Costos MantenimientoMayor'!E45 -> - | L46: =+'IX. Costos MantenimientoMayor'!F45 -> - | M46: =+'IX. Costos MantenimientoMayor'!G45 -> - | N46: 0 | O46: =+SUM(J46:N46) -> 0
H47: 2062 | J47: =+'IX. Costos MantenimientoMayor'!D46 -> 1750000 | K47: =+'IX. Costos MantenimientoMayor'!E46 -> - | L47: =+'IX. Costos MantenimientoMayor'!F46 -> - | M47: =+'IX. Costos MantenimientoMayor'!G46 -> - | N47: 0 | O47: =+SUM(J47:N47) -> 1750000
H48: 2063 | I48: 0 | J48: 0 | K48: 0 | L48: 0 | M48: 0 | N48: 0 | O48: 0
H49: Fuente: Estudio Diagnóstico

Sheet IV2.3. CostosOPEX Alt2
B2: PROYECTO DE GESTIÓN INTEGRAL DE RESIDUOS PARA EL MUNICIPIO DE CHIHUAHUA
B4: Costos de Operación y Mantenimiento de la Alternativa 2
B6: Tabla 1. Gastos de Operación y Mantenimiento del Nuevo Relleno Sanitario | I6: Tabla 6. Resumen de Gastos de Operación del NRS | N6: Tabla 10. Proyecto de los Costos de Operación y Mantenimiento
B7: Concepto | C7: Unidad | D7: Cantidad | E7: P.U. | F7: Importe mensual | I7: Concepto | J7: Mensual sin IVA | K7: Anual sin IVA | N7: Año | O7: Ampliación | Q7: Estación de Transferencia | S7: Nuevo Relleno Sanitario | U7: Planta de Separación | W7: Clausura del Relleno Sanitario Actual | X7: Biodigestor | Y7: Total
B8: Personal Operativo | I8: Personal | J8: =+F19+F29 -> 536575 | K8: =+J8*12 -> 6438900 | O8: Fijos | P8: Variables | Q8: Fijos | R8: Variables | S8: Fijos | T8: Variables | U8: Fijos | V8: Variables
B9: Gerente de planta | C9: persona | D9: 1 | E9: 36250 | F9: =+E9*D9 -> 36250 | I9: Gastos de oficina | J9: =+F38 -> 70250 | K9: =+J9*12 -> 843000 | N9: 2024 | O9: =+'VIII. Costos Op y Mant'!O9 -> 28090881 | P9: =+'VIII. Costos Op y Mant'!P9 -> 25252655 | Q9: 0 | R9: 0 | S9: 0 | T9: 0 | U9: 0 | V9: 0 | W9: 0 | X9: 0 | Y9: =+SUM(O9:X9) -> 53343537
B10: Jefe de operaciones del relleno sanitario | C10: persona | D10: 1 | E10: 26100 | F10: =+E10*D10 -> 26100 | I10: Energía eléctrica Parte Fija | J10: =+F48 -> 18182.624 | K10: =+J10*12 -> 218191.49 | N10: 2025 | O10: =+'VIII. Costos Op y Mant'!O10 -> 28090881 | P10: =+'VIII. Costos Op y Mant'!P10 -> 25252655 | Q10: 0 | R10: 0 | S10: 0 | T10: 0 | U10: 0 | V10: 0 | W10: 0 | X10: 0 | Y10: =+SUM(O10:X10) -> 53343537
B11: Supervisor de operaciones | C11: persona | D11: 2 | E11: 18125 | F11: =+E11*D11 -> 36250 | I11: Laboratorio externo (Monitoreo) | J11: =+F51 -> 12500 | K11: =+J11*12 -> 150000 | N11: 2026 | Q11: =+'[2]V2. Costos Op y Mant'!O11 -> 95323624 | R11: =+'[2]V2. Costos Op y Mant'!P11 -> 19798171 | S11: =+'[2]V2. Costos Op y Mant'!Q11 -> 12369771 | T11: =+'[2]V2. Costos Op y Mant'!R11 -> 2962136.7 | U11: =+'[2]V2. Costos Op y Mant'!S11 -> 32289776 | V11: =+'[2]V2. Costos Op y Mant'!T11 -> 36825855 | W11: =+$F$198 -> 450000 | X11: =+K46 -> 26459913 | Y11: =+SUM(O11:X11) -> 2.2647925e+08
B12: Operadores de maquinaria Amarilla | C12: persona | D12: 4 | E12: 16500 | F12: =+E12*D12 -> 66000 | I12: Renta de Maquinaria y Equipo | J12: =+F57 -> 1110000 | K12: =+J12*12 -> 13320000 | N12: 2027 | Q12: =+'[2]V2. Costos Op y Mant'!O12 -> 95323624 | R12: =+'[2]V2. Costos Op y Mant'!P12 -> 19940727 | S12: =+'[2]V2. Costos Op y Mant'!Q12 -> 12369771 | T12: =+'[2]V2. Costos Op y Mant'!R12 -> 2982576.2 | U12: =+'[2]V2. Costos Op y Mant'!S12 -> 32289776 | V12: =+'[2]V2. Costos Op y Mant'!T12 -> 37091019 | W12: =+$F$198 -> 450000 | X12: =+X11 -> 26459913 | Y12: =+SUM(Q12:X12) -> 2.2690741e+08
B13: Operador de camión de volteo 14 m3 | C13: persona | D13: 4 | E13: 14025 | F13: =+E13*D13 -> 56100 | I13: Combustibles y lubricantes (variable) | J13: =+F67 -> 532276.8 | K13: =+J13*12 -> 6387321.6 | N13: 2028 | Q13: =+'[2]V2. Costos Op y Mant'!O13 -> 95323624 | R13: =+'[2]V2. Costos Op y Mant'!P13 -> 20078323 | S13: =+'[2]V2. Costos Op y Mant'!Q13 -> 12369771 | T13: =+'[2]V2. Costos Op y Mant'!R13 -> 3001961.6 | U13: =+'[2]V2. Costos Op y Mant'!S13 -> 32289776 | V13: =+'[2]V2. Costos Op y Mant'!T13 -> 37346956 | W13: =+$F$198 -> 450000 | X13: =+X12 -> 26459913 | Y13: =+SUM(Q13:X13) -> 2.2732032e+08
B14: Supervisor de mantenimiento | C14: persona | D14: 1 | E14: 18125 | F14: =+E14*D14 -> 18125 | I14: Refacciones (variable) | J14: =+F69 -> 88741.264 | K14: =+J14*12 -> 1064895.2 | N14: 2029 | Q14: =+'[2]V2. Costos Op y Mant'!O14 -> 95323624 | R14: =+'[2]V2. Costos Op y Mant'!P14 -> 20208823 | S14: =+'[2]V2. Costos Op y Mant'!Q14 -> 12369771 | T14: =+'[2]V2. Costos Op y Mant'!R14 -> 3020875.8 | U14: =+'[2]V2. Costos Op y Mant'!S14 -> 32289776 | V14: =+'[2]V2. Costos Op y Mant'!T14 -> 37589695 | W14: =+$F$198 -> 450000 | X14: =+X13 -> 26459913 | Y14: =+SUM(Q14:X14) -> 2.2771248e+08
B15: Mecánico | C15: persona | D15: 2 | E15: 15675 | F15: =+E15*D15 -> 31350 | I15: Total | J15: =+SUM(J8:J14) -> 2368525.7 | K15: =+SUM(K8:K14) -> 28422308 | N15: 2030 | Q15: =+'[2]V2. Costos Op y Mant'!O15 -> 95323624 | R15: =+'[2]V2. Costos Op y Mant'!P15 -> 20336151 | S15: =+'[2]V2. Costos Op y Mant'!Q15 -> 12369771 | T15: =+'[2]V2. Costos Op y Mant'!R15 -> 3038696 | U15: =+'[2]V2. Costos Op y Mant'!S15 -> 32289776 | V15: =+'[2]V2. Costos Op y Mant'!T15 -> 37826533 | W15: =+$F$198 -> 450000 | X15: =+X14 -> 26459913 | Y15: =+SUM(Q15:X15) -> 2.2809446e+08
B16: Ayudante de mecánico | C16: persona | D16: 2 | E16: 11550 | F16: =+E16*D16 -> 23100 | N16: 2031 | Q16: =+'[2]V2. Costos Op y Mant'!O16 -> 95323624 | R16: =+'[2]V2. Costos Op y Mant'!P16 -> 20456114 | S16: =+'[2]V2. Costos Op y Mant'!Q16 -> 12369771 | T16: =+'[2]V2. Costos Op y Mant'!R16 -> 3055679.3 | U16: =+'[2]V2. Costos Op y Mant'!S16 -> 32289776 | V16: =+'[2]V2. Costos Op y Mant'!T16 -> 38049673 | W16: =+$F$198 -> 450000 | X16: =+X15 -> 26459913 | Y16: =+SUM(Q16:X16) -> 2.2845455e+08
B17: Jefe de seguridad y salud ocupacional | C17: persona | D17: 1 | E17: 26100 | F17: =+E17*D17 -> 26100 | N17: 2032 | Q17: =+'[2]V2. Costos Op y Mant'!O17 -> 95323624 | R17: =+'[2]V2. Costos Op y Mant'!P17 -> 20570443 | S17: =+'[2]V2. Costos Op y Mant'!Q17 -> 12369771 | T17: =+'[2]V2. Costos Op y Mant'!R17 -> 3071810.1 | U17: =+'[2]V2. Costos Op y Mant'!S17 -> 32289776 | V17: =+'[2]V2. Costos Op y Mant'!T17 -> 38262332 | W17: =+$F$198 -> 450000 | X17: =+X16 -> 26459913 | Y17: =+SUM(Q17:X17) -> 2.2879767e+08
B18: Jefe de calidad y medio ambiente | C18: persona | D18: 1 | E18: 26100 | F18: =+E18*D18 -> 26100 | N18: 2033 | Q18: =+'[2]V2. Costos Op y Mant'!O18 -> 95323624 | R18: =+'[2]V2. Costos Op y Mant'!P18 -> 20679034 | S18: =+'[2]V2. Costos Op y Mant'!Q18 -> 12369771 | T18: =+'[2]V2. Costos Op y Mant'!R18 -> 3087073.6 | U18: =+'[2]V2. Costos Op y Mant'!S18 -> 32289776 | V18: =+'[2]V2. Costos Op y Mant'!T18 -> 38464317 | W18: =+$F$198 -> 450000 | X18: =+X17 -> 26459913 | Y18: =+SUM(Q18:X18) -> 2.2912351e+08
B19: Subtotal de Personal Operativo | E19: =+SUM(E9:E18) -> 208550 | F19: =+SUM(F9:F18) -> 345475 | I19: Tabla 7. Resumen de Gastos de Operación de la ET | N19: 2034 | Q19: =+'[2]V2. Costos Op y Mant'!O19 -> 95323624 | R19: =+'[2]V2. Costos Op y Mant'!P19 -> 20781786 | S19: =+'[2]V2. Costos Op y Mant'!Q19 -> 12369771 | T19: =+'[2]V2. Costos Op y Mant'!R19 -> 3101455.9 | U19: =+'[2]V2. Costos Op y Mant'!S19 -> 32289776 | V19: =+'[2]V2. Costos Op y Mant'!T19 -> 38655443 | W19: =+$F$198 -> 450000 | X19: =+X18 -> 26459913 | Y19: =+SUM(Q19:X19) -> 2.2943177e+08
B20: Personal Administrativo | I20: Concepto | J20: Mensual sin IVA | K20: Anual sin IVA | N20: 2035 | Q20: =+'[2]V2. Costos Op y Mant'!O20 -> 95323624 | R20: =+'[2]V2. Costos Op y Mant'!P20 -> 20878606 | S20: =+'[2]V2. Costos Op y Mant'!Q20 -> 12369771 | T20: =+'[2]V2. Costos Op y Mant'!R20 -> 3114943.6 | U20: =+'[2]V2. Costos Op y Mant'!S20 -> 32289776 | V20: =+'[2]V2. Costos Op y Mant'!T20 -> 38835534 | W20: =+$F$198 -> 450000 | X20: =+X19 -> 26459913 | Y20: =+SUM(Q20:X20) -> 2.2972217e+08
B21: Jefe administrativo | C21: persona | D21: 1 | E21: 26100 | F21: =+E21*D21 -> 26100 | I21: Personal | J21: =+F83+F87 -> 155050 | K21: =+J21*12 -> 1860600 | N21: 2036 | Q21: =+'[2]V2. Costos Op y Mant'!O21 -> 95323624 | R21: =+'[2]V2. Costos Op y Mant'!P21 -> 20969404 | S21: =+'[2]V2. Costos Op y Mant'!Q21 -> 12369771 | T21: =+'[2]V2. Costos Op y Mant'!R21 -> 3127524.3 | U21: =+'[2]V2. Costos Op y Mant'!S21 -> 32289776 | V21: =+'[2]V2. Costos Op y Mant'!T21 -> 39004423 | W21: =+$F$198 -> 450000 | X21: =+X20 -> 26459913 | Y21: =+SUM(Q21:X21) -> 2.2999443e+08
B22: Auxiliar administrativo | C22: persona | D22: 1 | E22: 20625 | F22: =+E22*D22 -> 20625 | I22: Gastos de oficina | J22: =+F96 -> 39750 | K22: =+J22*12 -> 477000 | N22: 2037 | Q22: =+'[2]V2. Costos Op y Mant'!O22 -> 95323624 | R22: =+'[2]V2. Costos Op y Mant'!P22 -> 21054095 | S22: =+'[2]V2. Costos Op y Mant'!Q22 -> 12369771 | T22: =+'[2]V2. Costos Op y Mant'!R22 -> 3139186 | U22: =+'[2]V2. Costos Op y Mant'!S22 -> 32289776 | V22: =+'[2]V2. Costos Op y Mant'!T22 -> 39161954 | W22: =+$F$198 -> 450000 | X22: =+X21 -> 26459913 | Y22: =+SUM(Q22:X22) -> 2.3024832e+08
B23: Auxiliar informático | C23: persona | D23: 1 | E23: 20625 | F23: =+E23*D23 -> 20625 | I23: Energía eléctrica Parte Fija | J23: =+F103 -> 6409.125 | K23: =+J23*12 -> 76909.5 | N23: 2038 | Q23: =+'[2]V2. Costos Op y Mant'!O23 -> 95323624 | R23: =+'[2]V2. Costos Op y Mant'!P23 -> 21132600 | S23: =+'[2]V2. Costos Op y Mant'!Q23 -> 12369771 | T23: =+'[2]V2. Costos Op y Mant'!R23 -> 3149918.1 | U23: =+'[2]V2. Costos Op y Mant'!S23 -> 32289776 | V23: =+'[2]V2. Costos Op y Mant'!T23 -> 39307980 | W23: =+$F$198 -> 450000 | X23: =+X22 -> 26459913 | Y23: =+SUM(Q23:X23) -> 2.3048358e+08
B24: Auxiliar de almacén | C24: persona | D24: 1 | E24: 20625 | F24: =+E24*D24 -> 20625 | I24: Laboratorio externo (Monitoreo) | J24: =+F106 -> 7500 | K24: =+J24*12 -> 90000 | N24: 2039 | Q24: =+'[2]V2. Costos Op y Mant'!O24 -> 95323624 | R24: =+'[2]V2. Costos Op y Mant'!P24 -> 21204847 | S24: =+'[2]V2. Costos Op y Mant'!Q24 -> 12369771 | T24: =+'[2]V2. Costos Op y Mant'!R24 -> 3159710.2 | U24: =+'[2]V2. Costos Op y Mant'!S24 -> 32289776 | V24: =+'[2]V2. Costos Op y Mant'!T24 -> 39442363 | W24: =+$F$198 -> 450000 | X24: =+X23 -> 26459913 | Y24: =+SUM(Q24:X24) -> 2.307e+08
B25: Vigilantes | C25: persona | D25: 3 | E25: 13200 | F25: =+E25*D25 -> 39600 | I25: Arrendamiento de Equipo | J25: =+F107 -> 1311613.9 | K25: =+J25*12 -> 15739367 | N25: 2040 | Q25: =+'[2]V2. Costos Op y Mant'!O25 -> 95323624 | R25: =+'[2]V2. Costos Op y Mant'!P25 -> 21270766 | S25: =+'[2]V2. Costos Op y Mant'!Q25 -> 12369771 | T25: =+'[2]V2. Costos Op y Mant'!R25 -> 3168553.1 | U25: =+'[2]V2. Costos Op y Mant'!S25 -> 32289776 | V25: =+'[2]V2. Costos Op y Mant'!T25 -> 39564976 | W25: =+$F$198 -> 450000 | X25: =+X24 -> 26459913 | Y25: =+SUM(Q25:X25) -> 2.3089738e+08
B26: Veladores | C26: persona | D26: 2 | E26: 10725 | F26: =+E26*D26 -> 21450 | I26: Costos de Transporte (variable) | J26: =+F115 -> 1560982.8 | K26: =+J26*12 -> 18731793 | N26: 2041 | Q26: =+'[2]V2. Costos Op y Mant'!O26 -> 95323624 | R26: =+'[2]V2. Costos Op y Mant'!P26 -> 21330296 | S26: =+'[2]V2. Costos Op y Mant'!Q26 -> 12369771 | T26: =+'[2]V2. Costos Op y Mant'!R26 -> 3176438.4 | U26: =+'[2]V2. Costos Op y Mant'!S26 -> 32289776 | V26: =+'[2]V2. Costos Op y Mant'!T26 -> 39675705 | W26: =+$F$198 -> 450000 | X26: =+X25 -> 26459913 | Y26: =+SUM(Q26:X26) -> 2.3107552e+08
B27: Basculista | C27: persona | D27: 2 | E27: 10725 | F27: =+E27*D27 -> 21450 | I27: Energía electrica (variable) | J27: =+F126 -> 52421.057 | K27: =+J27*12 -> 629052.69 | N27: 2042 | Q27: =+'[2]V2. Costos Op y Mant'!O27 -> 95323624 | R27: =+'[2]V2. Costos Op y Mant'!P27 -> 21383378 | S27: =+'[2]V2. Costos Op y Mant'!Q27 -> 12369771 | T27: =+'[2]V2. Costos Op y Mant'!R27 -> 3183358.5 | U27: =+'[2]V2. Costos Op y Mant'!S27 -> 32289776 | V27: =+'[2]V2. Costos Op y Mant'!T27 -> 39774442 | W27: =+$F$198 -> 450000 | X27: =+X26 -> 26459913 | Y27: =+SUM(Q27:X27) -> 2.3123426e+08
B28: Auxiliar de compras | C28: persona | D28: 1 | E28: 20625 | F28: =+E28*D28 -> 20625 | I28: Reactivos Químicos (Variable) | J28: =+F129 -> 24000 | K28: =+J28*12 -> 288000 | N28: 2043 | Q28: =+'[2]V2. Costos Op y Mant'!O28 -> 95323624 | R28: =+'[2]V2. Costos Op y Mant'!P28 -> 21429963 | S28: =+'[2]V2. Costos Op y Mant'!Q28 -> 12369771 | T28: =+'[2]V2. Costos Op y Mant'!R28 -> 3189306.7 | U28: =+'[2]V2. Costos Op y Mant'!S28 -> 32289776 | V28: =+'[2]V2. Costos Op y Mant'!T28 -> 39861094 | W28: =+$F$198 -> 450000 | X28: =+X27 -> 26459913 | Y28: =+SUM(Q28:X28) -> 2.3137345e+08
B29: Subtotal de Personal Administrativo | E29: =+SUM(E21:E28) -> 143250 | F29: =+SUM(F21:F28) -> 191100 | I29: Total | J29: =+SUM(J21:J28) -> 3157726.9 | K29: =+SUM(K21:K28) -> 37892723 | N29: 2044 | Q29: =+'[2]V2. Costos Op y Mant'!O29 -> 95323624 | R29: =+'[2]V2. Costos Op y Mant'!P29 -> 21470006 | S29: =+'[2]V2. Costos Op y Mant'!Q29 -> 12369771 | T29: =+'[2]V2. Costos Op y Mant'!R29 -> 3194277.2 | U29: =+'[2]V2. Costos Op y Mant'!S29 -> 32289776 | V29: =+'[2]V2. Costos Op y Mant'!T29 -> 39935575 | W29: =+$F$198 -> 450000 | X29: =+X28 -> 26459913 | Y29: =+SUM(Q29:X29) -> 2.3149294e+08
B30: Gastos de Oficina | N30: 2045 | Q30: =+'[2]V2. Costos Op y Mant'!O30 -> 95323624 | R30: =+'[2]V2. Costos Op y Mant'!P30 -> 21503467 | S30: =+'[2]V2. Costos Op y Mant'!Q30 -> 12369771 | T30: =+'[2]V2. Costos Op y Mant'!R30 -> 3198265.1 | U30: =+'[2]V2. Costos Op y Mant'!S30 -> 32289776 | V30: =+'[2]V2. Costos Op y Mant'!T30 -> 39997815 | W30: =+$F$198 -> 450000 | X30: =+X29 -> 26459913 | Y30: =+SUM(Q30:X30) -> 2.3159263e+08
B31: Energía eléctrica | C31: mes | D31: 1 | E31: 5000 | F31: =+E31*D31 -> 5000 | N31: 2046 | Q31: =+'[2]V2. Costos Op y Mant'!O31 -> 95323624 | R31: =+'[2]V2. Costos Op y Mant'!P31 -> 21530313 | S31: =+'[2]V2. Costos Op y Mant'!Q31 -> 12369771 | T31: =+'[2]V2. Costos Op y Mant'!R31 -> 3201266.4 | U31: =+'[2]V2. Costos Op y Mant'!S31 -> 32289776 | V31: =+'[2]V2. Costos Op y Mant'!T31 -> 40047750 | W31: =+$F$198 -> 450000 | X31: =+X30 -> 26459913 | Y31: =+SUM(Q31:X31) -> 2.3167241e+08
B32: Servicios (Teléfono, internet) | C32: mes | D32: 1 | E32: 7500 | F32: =+E32*D32 -> 7500 | I32: Tabla 8. Resumen de Gastos de Planta de Separación | N32: 2047 | Q32: =+'[2]V2. Costos Op y Mant'!O32 -> 95323624 | R32: =+'[2]V2. Costos Op y Mant'!P32 -> 21550517 | S32: =+'[2]V2. Costos Op y Mant'!Q32 -> 12369771 | T32: =+'[2]V2. Costos Op y Mant'!R32 -> 3203278 | U32: =+'[2]V2. Costos Op y Mant'!S32 -> 32289776 | V32: =+'[2]V2. Costos Op y Mant'!T32 -> 40085332 | W32: =+$F$198 -> 450000 | X32: =+X31 -> 26459913 | Y32: =+SUM(Q32:X32) -> 2.3173221e+08
B33: Licencias (Software) | C33: mes | D33: 1 | E33: 1250 | F33: =+E33*D33 -> 1250 | I33: Concepto | J33: Mensual sin IVA | K33: Anual sin IVA | N33: 2048 | Q33: =+'[2]V2. Costos Op y Mant'!O33 -> 95323624 | R33: =+'[2]V2. Costos Op y Mant'!P33 -> 21564059 | S33: =+'[2]V2. Costos Op y Mant'!Q33 -> 12369771 | T33: =+'[2]V2. Costos Op y Mant'!R33 -> 3204297.8 | U33: =+'[2]V2. Costos Op y Mant'!S33 -> 32289776 | V33: =+'[2]V2. Costos Op y Mant'!T33 -> 40110521 | W33: =+$F$198 -> 450000 | X33: =+X32 -> 26459913 | Y33: =+SUM(Q33:X33) -> 2.3177196e+08
B34: Subcontratos personal de limpieza (3 personas) | C34: mes | D34: 1 | E34: 34500 | F34: =+E34*D34 -> 34500 | I34: Personal | J34: =+F144 -> 1844500 | K34: =+J34*12 -> 22134000 | N34: 2049 | Q34: =+'[2]V2. Costos Op y Mant'!O34 -> 95323624 | R34: =+'[2]V2. Costos Op y Mant'!P34 -> 21570924 | S34: =+'[2]V2. Costos Op y Mant'!Q34 -> 12369771 | T34: =+'[2]V2. Costos Op y Mant'!R34 -> 3205317.8 | U34: =+'[2]V2. Costos Op y Mant'!S34 -> 32289776 | V34: =+'[2]V2. Costos Op y Mant'!T34 -> 40123289 | W34: =+$F$198 -> 450000 | X34: =+X33 -> 26459913 | Y34: =+SUM(Q34:X34) -> 2.3179262e+08
B35: Subcontratos fumigación y otros | C35: mes | D35: 2 | E35: 7500 | F35: =+E35*D35 -> 15000 | I35: Gastos de oficina | J35: =+F153 -> 52250 | K35: =+J35*12 -> 627000 | N35: 2050 | Q35: =+'[2]V2. Costos Op y Mant'!O35 -> 95323624 | R35: =+'[2]V2. Costos Op y Mant'!P35 -> 21577791 | S35: =+'[2]V2. Costos Op y Mant'!Q35 -> 12369771 | T35: =+'[2]V2. Costos Op y Mant'!R35 -> 3206338.2 | U35: =+'[2]V2. Costos Op y Mant'!S35 -> 32289776 | V35: =+'[2]V2. Costos Op y Mant'!T35 -> 40136062 | W35: =+$F$198 -> 450000 | X35: =+X34 -> 26459913 | Y35: =+SUM(Q35:X35) -> 2.3181328e+08
B36: Artículos de limpieza | C36: mes | D36: 1 | E36: 3500 | F36: =+E36*D36 -> 3500 | I36: Energía eléctrica Parte Fija | J36: =+F160 -> 11536.425 | K36: =+J36*12 -> 138437.1 | N36: 2051 | Q36: =+'[2]V2. Costos Op y Mant'!O36 -> 95323624 | R36: =+'[2]V2. Costos Op y Mant'!P36 -> 21584660 | S36: =+'[2]V2. Costos Op y Mant'!Q36 -> 12369771 | T36: =+'[2]V2. Costos Op y Mant'!R36 -> 3207358.9 | U36: =+'[2]V2. Costos Op y Mant'!S36 -> 32289776 | V36: =+'[2]V2. Costos Op y Mant'!T36 -> 40148839 | W36: =+$F$198 -> 450000 | X36: =+X35 -> 26459913 | Y36: =+SUM(Q36:X36) -> 2.3183394e+08
B37: Papelería y copias | C37: mes | D37: 1 | E37: 3500 | F37: =+E37*D37 -> 3500 | I37: Laboratorio externo (Monitoreo) | J37: =+F163 -> 7500 | K37: =+J37*12 -> 90000 | N37: 2052 | Q37: =+'[2]V2. Costos Op y Mant'!O37 -> 95323624 | R37: =+'[2]V2. Costos Op y Mant'!P37 -> 21591532 | S37: =+'[2]V2. Costos Op y Mant'!Q37 -> 12369771 | T37: =+'[2]V2. Costos Op y Mant'!R37 -> 3208380 | U37: =+'[2]V2. Costos Op y Mant'!S37 -> 32289776 | V37: =+'[2]V2. Costos Op y Mant'!T37 -> 40161620 | W37: =+$F$198 -> 450000 | X37: =+X36 -> 26459913 | Y37: =+SUM(Q37:X37) -> 2.3185462e+08
B38: Subtotal de Gastos de Oficina | E38: =+SUM(E31:E37) -> 62750 | F38: =+SUM(F31:F37) -> 70250 | I38: Maquinaria y Equipo | J38: =+F169 -> 775028.24 | K38: =+J38*12 -> 9300338.9 | N38: 2053 | Q38: =+'[2]V2. Costos Op y Mant'!O38 -> 95323624 | R38: =+'[2]V2. Costos Op y Mant'!P38 -> 21598405 | S38: =+'[2]V2. Costos Op y Mant'!Q38 -> 12369771 | T38: =+'[2]V2. Costos Op y Mant'!R38 -> 3209401.3 | U38: =+'[2]V2. Costos Op y Mant'!S38 -> 32289776 | V38: =+'[2]V2. Costos Op y Mant'!T38 -> 40174406 | W38: =+$F$198 -> 450000 | X38: =+X37 -> 26459913 | Y38: =+SUM(Q38:X38) -> 2.318753e+08
B39: Energía Electrica Parte Fija | I39: Energía electrica (variable) | J39: =+F176 -> 1175120.6 | K39: =+J39*12 -> 14101447 | N39: 2054 | Q39: =+'[2]V2. Costos Op y Mant'!O39 -> 95323624 | R39: =+'[2]V2. Costos Op y Mant'!P39 -> 21605281 | S39: =+'[2]V2. Costos Op y Mant'!Q39 -> 12369771 | T39: =+'[2]V2. Costos Op y Mant'!R39 -> 3210423 | U39: =+'[2]V2. Costos Op y Mant'!S39 -> 32289776 | V39: =+'[2]V2. Costos Op y Mant'!T39 -> 40187195 | W39: =+$F$198 -> 450000 | X39: =+X38 -> 26459913 | Y39: =+SUM(Q39:X39) -> 2.3189598e+08
B40: Potencia Instalada | C40: kW | D40: 150 | I40: Costo de Rechazo (variable) | J40: =+F181 -> 1492558.8 | K40: =+J40*12 -> 17910706 | N40: 2055 | Q40: =+'[2]V2. Costos Op y Mant'!O40 -> 95323624 | R40: =+'[2]V2. Costos Op y Mant'!P40 -> 21612159 | S40: =+'[2]V2. Costos Op y Mant'!Q40 -> 12369771 | T40: =+'[2]V2. Costos Op y Mant'!R40 -> 3211445 | U40: =+'[2]V2. Costos Op y Mant'!S40 -> 32289776 | V40: =+'[2]V2. Costos Op y Mant'!T40 -> 40199988 | W40: =+$F$198 -> 450000 | X40: =+X39 -> 26459913 | Y40: =+SUM(Q40:X40) -> 2.3191668e+08
B41: Potencia en operación | D41: =+(0.333333333333333)*35% -> 0.11666667 | I41: Costo de Lixiviados (variable) | J41: =+F189 -> 377995.77 | K41: =+J41*12 -> 4535949.3 | N41: 2056 | Q41: =+'[2]V2. Costos Op y Mant'!O41 -> 95323624 | R41: =+'[2]V2. Costos Op y Mant'!P41 -> 21619039 | S41: =+'[2]V2. Costos Op y Mant'!Q41 -> 12369771 | T41: =+'[2]V2. Costos Op y Mant'!R41 -> 3212467.4 | U41: =+'[2]V2. Costos Op y Mant'!S41 -> 32289776 | V41: =+'[2]V2. Costos Op y Mant'!T41 -> 40212785 | W41: =+$F$198 -> 450000 | X41: =+X40 -> 26459913 | Y41: =+SUM(Q41:X41) -> 2.3193738e+08
C42: kW | D42: =+D40*D41 -> 17.5 | I42: Total | J42: =+SUM(J34:J41) -> 5736489.8 | K42: =+SUM(K34:K41) -> 68837878 | N42: 2057 | Q42: =+'[2]V2. Costos Op y Mant'!O42 -> 95323624 | R42: =+'[2]V2. Costos Op y Mant'!P42 -> 21625921 | S42: =+'[2]V2. Costos Op y Mant'!Q42 -> 12369771 | T42: =+'[2]V2. Costos Op y Mant'!R42 -> 3213490 | U42: =+'[2]V2. Costos Op y Mant'!S42 -> 32289776 | V42: =+'[2]V2. Costos Op y Mant'!T42 -> 40225587 | W42: =+$F$198 -> 450000 | X42: =+X41 -> 26459913 | Y42: =+SUM(Q42:X42) -> 2.3195808e+08
B43: Consumo | C43: kW-h/mes | D43: =+D42*24*30.4166666666667 -> 12775 | N43: 2058 | Q43: =+'[2]V2. Costos Op y Mant'!O43 -> 95323624 | R43: =+'[2]V2. Costos Op y Mant'!P43 -> 21632805 | S43: =+'[2]V2. Costos Op y Mant'!Q43 -> 12369771 | T43: =+'[2]V2. Costos Op y Mant'!R43 -> 3214513 | U43: =+'[2]V2. Costos Op y Mant'!S43 -> 32289776 | V43: =+'[2]V2. Costos Op y Mant'!T43 -> 40238392 | W43: =+$F$198 -> 450000 | X43: =+X42 -> 26459913 | Y43: =+SUM(Q43:X43) -> 2.3197879e+08
B44: Tarifa de EE en media tensión (HM) | C44: $/kW-h | D44: =+'I. Parametros Grales'!D27 -> 1.0362 | I44: Tabla 9. Planta de Tratamiento de Biodigestor | N44: 2059 | Q44: =+'[2]V2. Costos Op y Mant'!O44 -> 95323624 | R44: =+'[2]V2. Costos Op y Mant'!P44 -> 21639692 | S44: =+'[2]V2. Costos Op y Mant'!Q44 -> 12369771 | T44: =+'[2]V2. Costos Op y Mant'!R44 -> 3215536.3 | U44: =+'[2]V2. Costos Op y Mant'!S44 -> 32289776 | V44: =+'[2]V2. Costos Op y Mant'!T44 -> 40251202 | W44: =+$F$198 -> 450000 | X44: =+X43 -> 26459913 | Y44: =+SUM(Q44:X44) -> 2.3199951e+08
B45: Otros costos (Base + DF; Dato de instalaciones similares) | C45: =+'I. Parametros Grales'!G61 -> 0.37357402 | D45: =+C45*D44 -> 0.3870974 | I45: Concepto | J45: Mensual sin IVA | K45: Anual sin IVA | N45: 2060 | Q45: =+'[2]V2. Costos Op y Mant'!O45 -> 95323624 | R45: =+'[2]V2. Costos Op y Mant'!P45 -> 21646581 | S45: =+'[2]V2. Costos Op y Mant'!Q45 -> 12369771 | T45: =+'[2]V2. Costos Op y Mant'!R45 -> 3216560 | U45: =+'[2]V2. Costos Op y Mant'!S45 -> 32289776 | V45: =+'[2]V2. Costos Op y Mant'!T45 -> 40264016 | W45: =+$F$198 -> 450000 | X45: =+X44 -> 26459913 | Y45: =+SUM(Q45:X45) -> 2.3202024e+08
B46: Total tarifa | C46: $/kW-h | D46: =+D45+D44 -> 1.4232974 | I46: Operación y Mantenimiento | J46: =+F218 -> 2204992.7 | K46: =+J46*12 -> 26459913 | N46: 2061 | Q46: =+'[2]V2. Costos Op y Mant'!O46 -> 95323624 | R46: =+'[2]V2. Costos Op y Mant'!P46 -> 21653472 | S46: =+'[2]V2. Costos Op y Mant'!Q46 -> 12369771 | T46: =+'[2]V2. Costos Op y Mant'!R46 -> 3217583.9 | U46: =+'[2]V2. Costos Op y Mant'!S46 -> 32289776 | V46: =+'[2]V2. Costos Op y Mant'!T46 -> 40276833 | W46: =+$F$198 -> 450000 | X46: =+X45 -> 26459913 | Y46: =+SUM(Q46:X46) -> 2.3204097e+08
B47: Costo de energía eléctrica | C47: $/mes | D47: =+D46*D43 -> 18182.624 | N47: 2062 | Q47: =+'[2]V2. Costos Op y Mant'!O47 -> 95323624 | R47: =+'[2]V2. Costos Op y Mant'!P47 -> 21660365 | S47: =+'[2]V2. Costos Op y Mant'!Q47 -> 12369771 | T47: =+'[2]V2. Costos Op y Mant'!R47 -> 3218608.2 | U47: =+'[2]V2. Costos Op y Mant'!S47 -> 32289776 | V47: =+'[2]V2. Costos Op y Mant'!T47 -> 40289655 | W47: =+$F$198 -> 450000 | X47: =+X46 -> 26459913 | Y47: =+SUM(Q47:X47) -> 2.3206171e+08
B48: Subtotal Energía Eléctrica Parte Fija | D48: 1 | E48: =+D46*D43 -> 18182.624 | F48: =+E48*D48 -> 18182.624 | N48: 2063 | Q48: =+'[2]V2. Costos Op y Mant'!O48 -> 95323624 | R48: =+'[2]V2. Costos Op y Mant'!P48 -> 21667260 | S48: =+'[2]V2. Costos Op y Mant'!Q48 -> 12369771 | T48: =+'[2]V2. Costos Op y Mant'!R48 -> 3219632.8 | U48: =+'[2]V2. Costos Op y Mant'!S48 -> 32289776 | V48: =+'[2]V2. Costos Op y Mant'!T48 -> 40302481 | W48: =+$F$198 -> 450000 | X48: =+X47 -> 26459913 | Y48: =+SUM(Q48:X48) -> 2.3208246e+08
B49: Laboratorio Externo
B50: Analisis de Laboratorio | C50: mes | D50: 1 | E50: 12500 | F50: =+E50*D50 -> 12500
B51: Subtotal de Analisis de Laboratorio | E51: =+E50 -> 12500 | F51: =+F50 -> 12500
B52: Maquinaria y Renta de Equipo
B53: Tractor D7R adaptado para basura | C53: h | D53: 200 | E53: 2000 | F53: =+D53*E53 -> 400000
B54: Compactador 815 | C54: h | D54: 200 | E54: 1750 | F54: =+D54*E54 -> 350000
B55: Cargador 953 K | C55: h | D55: 200 | E55: 1200 | F55: =+D55*E55 -> 240000
B56: Retroexcavadora Cat516 | C56: h | D56: 200 | E56: 600 | F56: =+D56*E56 -> 120000
B57: Subtotal de Renta de Maquinaria y Equipo | E57: =+SUM(E53:E56) -> 5550 | F57: =+SUM(F53:F56) -> 1110000
B58: Costos de Operación (varible)
B59: Diesel
B60: Tractor D7R adaptado para basura | C60: lto. | D60: 4000 | E60: =+'I. Parametros Grales'!$D$24 -> 23.72 | F60: =+D60*E60 -> 94880
B61: Compactador 815F | C61: lto. | D61: 4000 | E61: =+'I. Parametros Grales'!$D$24 -> 23.72 | F61: =+D61*E61 -> 94880
B62: Cargador 953K | C62: lto. | D62: 3000 | E62: =+'I. Parametros Grales'!$D$24 -> 23.72 | F62: =+D62*E62 -> 71160
B63: Retroexcavadora Cat516 | C63: lto. | D63: 1500 | E63: =+'I. Parametros Grales'!$D$24 -> 23.72 | F63: =+D63*E63 -> 35580
B64: Camión volteo 14 m3 | C64: lto. | D64: 5000 | E64: =+'I. Parametros Grales'!$D$24 -> 23.72 | F64: =+D64*E64 -> 118600
B65: Camión pipa 20 m3 | C65: lto. | D65: 1200 | E65: =+'I. Parametros Grales'!$D$24 -> 23.72 | F65: =+D65*E65 -> 28464
B66: Lubricantes | C66: lto. | D66: 0.2 | E66: =+SUM(F60:F65) -> 443564 | F66: =+D66*E66 -> 88712.8
B67: Subtotal de Diesel | D67: =+SUM(D60:D66) -> 18700.2 | E67: =+SUM(E60:E66) -> 443706.32 | F67: =+SUM(F60:F66) -> 532276.8
B68: Refacciones
B69: Refacciones | C69: mes | D69: 0.2 | E69: =+E67 -> 443706.32 | F69: =+D69*E69 -> 88741.264
B70: Subtotal de Refacciones | E70: =+E69 -> 443706.32 | F70: =+F69 -> 88741.264
B71: Costo por Tonelada | F71: =+(K13+K14)/('[2]V. Sit.Con Proyecto'!L83) -> 110.73655
B72: Fracción Separada del RS | F72: =+[3]Cant_Comp_RS!C301 -> 0.83812464
B73: Fuente: Estudio Diagnóstico
B75: Tabla 2. Gastos de Operación y Mantenimiento de la Estación de Transferencia
B76: Concepto | C76: Unidad | D76: Cantidad | E76: P.U. | F76: Importe Mensual
B77: Personal Operativo
B78: Jefe de operaciones | C78: persona | D78: 1 | E78: 36250 | F78: =+D78*E78 -> 36250
B79: Supervisor | C79: persona | D79: 1 | E79: 24750 | F79: =+D79*E79 -> 24750
B80: Electromecánico | C80: persona | D80: 1 | E80: 16500 | F80: =+D80*E80 -> 16500
B81: Ayudante de electromecánico | C81: persona | D81: 1 | E81: 13200 | F81: =+D81*E81 -> 13200
B82: Operadores | C82: persona | D82: 2 | E82: 16500 | F82: =+D82*E82 -> 33000
B83: Subtotal de Personal Operativo | D83: =+SUM(D78:D82) -> 6 | E83: =+SUM(E78:E82) -> 107200 | F83: =+SUM(F78:F82) -> 123700
B84: Personal Administrativo
B85: Auxiliar administrativo | C85: persona | D85: 1 | E85: 20625 | F85: =+E85*D85 -> 20625
B86: Velador | C86: persona | D86: 1 | E86: 10725 | F86: =+E86*D86 -> 10725
B87: Subtotal de Personal Administrativo | D87: =+SUM(D85:D86) -> 2 | E87: =+SUM(E85:E86) -> 31350 | F87: =+SUM(F85:F86) -> 31350
B88: Gastos de Oficina
B89: Energía eléctrica | C89: mes | D89: 1 | E89: 2500 | F89: =+D89*E89 -> 2500
B90: Servicios (Teléfono, internet) | C90: mes | D90: 1 | E90: 1500 | F90: =+D90*E90 -> 1500
B91: Licencias (Software) | C91: mes | D91: 1 | E91: 1250 | F91: =+D91*E91 -> 1250
B92: Subcontratos personal de limpieza (2 personas) | C92: mes | D92: 1 | E92: 20000 | F92: =+D92*E92 -> 20000
B93: Subcontratos fumigación y otros | C93: mes | D93: 1 | E93: 7500 | F93: =+D93*E93 -> 7500
B94: Artículos de limpieza | C94: mes | D94: 1 | E94: 3500 | F94: =+D94*E94 -> 3500
B95: Papelería y copias | C95: mes | D95: 1 | E95: 3500 | F95: =+D95*E95 -> 3500
B96: Subtotal de Gastos de Oficina | D96: =+SUM(D91:D95) -> 5 | E96: =+SUM(E89:E95) -> 39750 | F96: =+SUM(F89:F95) -> 39750
B97: Energía eléctrica Parte Fija
B98: Consumo parte fija | C98: kW-h/mes | D98: 2500
B99: Tarifa de EE en media tensión (HM) | C99: $/kW-h | D99: =+[3]Parametros!C11 -> 1.899
B100: Otros costos (Base + DF; Dato de instalaciones similares) | C100: 0.35 | D100: =+D99*C100 -> 0.66465
B101: Total tarifa | C101: $/kW-h | D101: =+D99+D100 -> 2.56365
B102: Costo de energía eléctrica | C102: $/mes | D102: =+D101*D98 -> 6409.125
B103: Subtotal de Energía Electrica Parte Fija | D103: 1 | E103: =+D102 -> 6409.125 | F103: =+D103*E103 -> 6409.125
B104: Laboratorio Externo (Descarga de aguas residuales)
...

Sheet V. Sit.Con Proyecto
B2: PROYECTO DE GESTIÓN INTEGRAL DE RESIDUOS PARA EL MUNICIPIO DE CHIHUAHUA
B4: Situación con Proyecto
B6: Tabla 1.1 Oferta-Demanda de Recolección
B7: Año | D7: Demanda de Recolección (Generacion RS (ton/año)) | E7: Oferta de Recolección (Ton/año) | F7: Interacción de O-D (Ton/año)
B9: 0 | C9: 2024 | D9: =+'III. Sit. Actual O-D'!U13 -> 424566.97 | E9: =+D9*'I. Parametros Grales'!$D$231 -> 424566.97 | F9: =+E9-D9 -> 0
B10: =B9+1 -> 1 | C10: 2025 | D10: =+'III. Sit. Actual O-D'!U14 -> 429674.89 | E10: =+D10*'I. Parametros Grales'!$D$231 -> 429674.89 | F10: =+E10-D10 -> 0
B11: 2 | C11: 2026 | D11: =+'III. Sit. Actual O-D'!U15 -> 434534.54 | E11: =+D11*'I. Parametros Grales'!$D$231 -> 434534.54 | F11: =+E11-D11 -> 0
B12: =B11+1 -> 3 | C12: 2027 | D12: =+'III. Sit. Actual O-D'!U16 -> 439116.1 | E12: =+D12*'I. Parametros Grales'!$D$231 -> 439116.1 | F12: =+E12-D12 -> 0
B13: 4 | C13: 2028 | D13: =+'III. Sit. Actual O-D'!U17 -> 443416.58 | E13: =+D13*'I. Parametros Grales'!$D$231 -> 443416.58 | F13: =+E13-D13 -> 0
B14: 5 | C14: 2029 | D14: =+'III. Sit. Actual O-D'!U18 -> 447458.54 | E14: =+D14*'I. Parametros Grales'!$D$231 -> 447458.54 | F14: =+E14-D14 -> 0
B15: 6 | C15: 2030 | D15: =+'III. Sit. Actual O-D'!U19 -> 451282.26 | E15: =+D15*'I. Parametros Grales'!$D$231 -> 451282.26 | F15: =+E15-D15 -> 0
B16: =B15+1 -> 7 | C16: 2031 | D16: =+'III. Sit. Actual O-D'!U20 -> 454930.07 | E16: =+D16*'I. Parametros Grales'!$D$231 -> 454930.07 | F16: =+E16-D16 -> 0
B17: =B16+1 -> 8 | C17: 2032 | D17: =+'III. Sit. Actual O-D'!U21 -> 458440.01 | E17: =+D17*'I. Parametros Grales'!$D$231 -> 458440.01 | F17: =+E17-D17 -> 0
B18: =B17+1 -> 9 | C18: 2033 | D18: =+'III. Sit. Actual O-D'!U22 -> 461846.82 | E18: =+D18*'I. Parametros Grales'!$D$231 -> 461846.82 | F18: =+E18-D18 -> 0
B19: =B18+1 -> 10 | C19: 2034 | D19: =+'III. Sit. Actual O-D'!U23 -> 465182.77 | E19: =+D19*'I. Parametros Grales'!$D$231 -> 465182.77 | F19: =+E19-D19 -> 0
B20: =B19+1 -> 11 | C20: 2035 | D20: =+'III. Sit. Actual O-D'!U24 -> 468459.2 | E20: =+D20*'I. Parametros Grales'!$D$231 -> 468459.2 | F20: =+E20-D20 -> 0
B21: =B20+1 -> 12 | C21: 2036 | D21: =+'III. Sit. Actual O-D'!U25 -> 471682.18 | E21: =+D21*'I. Parametros Grales'!$D$231 -> 471682.18 | F21: =+E21-D21 -> 0
B22: =B21+1 -> 13 | C22: 2037 | D22: =+'III. Sit. Actual O-D'!U26 -> 474836.88 | E22: =+D22*'I. Parametros Grales'!$D$231 -> 474836.88 | F22: =+E22-D22 -> 0
B23: =B22+1 -> 14 | C23: 2038 | D23: =+'III. Sit. Actual O-D'!U27 -> 477887.9 | E23: =+D23*'I. Parametros Grales'!$D$231 -> 477887.9 | F23: =+E23-D23 -> 0
B24: =B23+1 -> 15 | C24: 2039 | D24: =+'III. Sit. Actual O-D'!U28 -> 480789.2 | E24: =+D24*'I. Parametros Grales'!$D$231 -> 480789.2 | F24: =+E24-D24 -> 0
B25: =B24+1 -> 16 | C25: 2040 | D25: =+'III. Sit. Actual O-D'!U29 -> 483494.38 | E25: =+D25*'I. Parametros Grales'!$D$231 -> 483494.38 | F25: =+E25-D25 -> 0
B26: =B25+1 -> 17 | C26: 2041 | D26: =+'III. Sit. Actual O-D'!U30 -> 485963.37 | E26: =+D26*'I. Parametros Grales'!$D$231 -> 485963.37 | F26: =+E26-D26 -> 0
B27: =B26+1 -> 18 | C27: 2042 | D27: =+'III. Sit. Actual O-D'!U31 -> 488183.35 | E27: =+D27*'I. Parametros Grales'!$D$231 -> 488183.35 | F27: =+E27-D27 -> 0
... B48: =B47+1 -> 39 | C48: 2063 | D48: =+'III. Sit. Actual O-D'!U52 -> 497245.91 | E48: =+D48*'I. Parametros Grales'!$D$231 -> 497245.91 | F48: =+E48-D48 -> 0
B49: Fuente: Elaboración Propia
B51: Tabla 1.2 Demanda de Disposición Final (Relleno Sanitario + CDR)
B52: Año | D52: Generacion RS (ton/año) | E52: Valorizable (ton/año) | F52: Demanda de procesamiento CDR (ton/año) | G52: Demanda de Disposición Final en Relleno Sanitario (ton/año)
B54: 0 | C54: 2024 | D54: =+'III. Sit. Actual O-D'!U13 -> 424566.97 | E54: 0 | F54: 0 | G54: =+D54-(D54*0.0391) -> 407966.4
B55: =B54+1 -> 1 | C55: 2025 | D55: =+'III. Sit. Actual O-D'!U14 -> 429674.89 | E55: 0 | F55: 0 | G55: =+D55-(D55*0.0391) -> 412874.6
B56: 2 | C56: 2026 | D56: =+'III. Sit. Actual O-D'!U15 -> 434534.54 | E56: =+D56*'II. Caracterizacion RSU'!$D$133 -> 93738.711 | F56: =+D56-E56 -> 340795.82 | G56: =+D56*'II. Caracterizacion RSU'!$D$132 -> 84084.673
B57: =B56+1 -> 3 | C57: 2027 | D57: =+'III. Sit. Actual O-D'!U16 -> 439116.1 | E57: =+D57*'II. Caracterizacion RSU'!$D$133 -> 94727.056 | F57: =+D57-E57 -> 344389.04 | G57: =+D57*'II. Caracterizacion RSU'!$D$132 -> 84971.229
B58: 4 | C58: 2028 | D58: =+'III. Sit. Actual O-D'!U17 -> 443416.58 | E58: =+D58*'II. Caracterizacion RSU'!$D$133 -> 95654.766 | F58: =+D58-E58 -> 347761.82 | G58: =+D58*'II. Caracterizacion RSU'!$D$132 -> 85803.395
B59: 5 | C59: 2029 | D59: =+'III. Sit. Actual O-D'!U18 -> 447458.54 | E59: =+D59*'II. Caracterizacion RSU'!$D$133 -> 96526.705 | F59: =+D59-E59 -> 350931.84 | G59: =+D59*'II. Caracterizacion RSU'!$D$132 -> 86585.535
B60: 6 | C60: 2030 | D60: =+'III. Sit. Actual O-D'!U19 -> 451282.26 | E60: =+D60*'II. Caracterizacion RSU'!$D$133 -> 97351.567 | F60: =+D60-E60 -> 353930.7 | G60: =+D60*'II. Caracterizacion RSU'!$D$132 -> 87325.445
B61: =B60+1 -> 7 | C61: 2031 | D61: =+'III. Sit. Actual O-D'!U20 -> 454930.07 | E61: =+D61*'II. Caracterizacion RSU'!$D$133 -> 98138.48 | F61: =+D61-E61 -> 356791.59 | G61: =+D61*'II. Caracterizacion RSU'!$D$132 -> 88031.315
B62: =B61+1 -> 8 | C62: 2032 | D62: =+'III. Sit. Actual O-D'!U21 -> 458440.01 | E62: =+D62*'II. Caracterizacion RSU'!$D$133 -> 98895.652 | F62: =+D62-E62 -> 359544.36 | G62: =+D62*'II. Caracterizacion RSU'!$D$132 -> 88710.507
B63: =B62+1 -> 9 | C63: 2033 | D63: =+'III. Sit. Actual O-D'!U22 -> 461846.82 | E63: =+D63*'II. Caracterizacion RSU'!$D$133 -> 99630.576 | F63: =+D63-E63 -> 362216.25 | G63: =+D63*'II. Caracterizacion RSU'!$D$132 -> 89369.742
B64: =B63+1 -> 10 | C64: 2034 | D64: =+'III. Sit. Actual O-D'!U23 -> 465182.77 | E64: =+D64*'II. Caracterizacion RSU'!$D$133 -> 100350.21 | F64: =+D64-E64 -> 364832.56 | G64: =+D64*'II. Caracterizacion RSU'!$D$132 -> 90015.265
B65: =B64+1 -> 11 | C65: 2035 | D65: =+'III. Sit. Actual O-D'!U24 -> 468459.2 | E65: =+D65*'II. Caracterizacion RSU'!$D$133 -> 101057.01 | F65: =+D65-E65 -> 367402.18 | G65: =+D65*'II. Caracterizacion RSU'!$D$132 -> 90649.27
B66: =B65+1 -> 12 | C66: 2036 | D66: =+'III. Sit. Actual O-D'!U25 -> 471682.18 | E66: =+D66*'II. Caracterizacion RSU'!$D$133 -> 101752.28 | F66: =+D66-E66 -> 369929.9 | G66: =+D66*'II. Caracterizacion RSU'!$D$132 -> 91272.935
B67: =B66+1 -> 13 | C67: 2037 | D67: =+'III. Sit. Actual O-D'!U26 -> 474836.88 | E67: =+D67*'II. Caracterizacion RSU'!$D$133 -> 102432.82 | F67: =+D67-E67 -> 372404.06 | G67: =+D67*'II. Caracterizacion RSU'!$D$132 -> 91883.384
B68: =B67+1 -> 14 | C68: 2038 | D68: =+'III. Sit. Actual O-D'!U27 -> 477887.9 | E68: =+D68*'II. Caracterizacion RSU'!$D$133 -> 103090.99 | F68: =+D68-E68 -> 374796.91 | G68: =+D68*'II. Caracterizacion RSU'!$D$132 -> 92473.773
B69: =B68+1 -> 15 | C69: 2039 | D69: =+'III. Sit. Actual O-D'!U28 -> 480789.2 | E69: =+D69*'II. Caracterizacion RSU'!$D$133 -> 103716.87 | F69: =+D69-E69 -> 377072.33 | G69: =+D69*'II. Caracterizacion RSU'!$D$132 -> 93035.189
B70: =B69+1 -> 16 | C70: 2040 | D70: =+'III. Sit. Actual O-D'!U29 -> 483494.38 | E70: =+D70*'II. Caracterizacion RSU'!$D$133 -> 104300.43 | F70: =+D70-E70 -> 379193.95 | G70: =+D70*'II. Caracterizacion RSU'!$D$132 -> 93558.656
B71: =B70+1 -> 17 | C71: 2041 | D71: =+'III. Sit. Actual O-D'!U30 -> 485963.37 | E71: =+D71*'II. Caracterizacion RSU'!$D$133 -> 104833.05 | F71: =+D71-E71 -> 381130.33 | G71: =+D71*'II. Caracterizacion RSU'!$D$132 -> 94036.419
B72: =B71+1 -> 18 | C72: 2042 | D72: =+'III. Sit. Actual O-D'!U31 -> 488183.35 | E72: =+D72*'II. Caracterizacion RSU'!$D$133 -> 105311.95 | F72: =+D72-E72 -> 382871.4 | G72: =+D72*'II. Caracterizacion RSU'!$D$132 -> 94465.996
... B93: =B92+1 -> 39 | C93: 2063 | D93: =+'III. Sit. Actual O-D'!U52 -> 497245.91 | E93: =+D93*'II. Caracterizacion RSU'!$D$133 -> 107266.94 | F93: =+D93-E93 -> 389978.97 | G93: =+D93*'II. Caracterizacion RSU'!$D$132 -> 96219.648
B94: Fuente: Elaboración Propia
B96: Disposición Final (Relleno Sanitario + CDR) => Oferta - Demanda
B98: Relleno Sanitario
B100: Tabla 2. Volumenes de Celdas
B101: Celda | C101: Año de Entrada en operación | D101: AREA DE LA CELDA A NIVEL DE TERRENO NATURAL SB (NTN) M2 | E101: AREA DEL FONDO DE LA CELDA (FONDO) M2 | F101: AREA DE LA CELDA A NIVEL CUBIERTA SC (CUBIERTA) M2 | G101: Volumen BAJO Nivel (M3). Formula del volumen en una pirámide truncada
B102: 1A | C102: 2026 | D102: 54119.83 | E102: 36716.93 | F102: 25764.83 | G102: =+($E$109/3)*(D102+E102+(D102*E102)^0.5) -> 902758.78
B103: 1 | C103: 2030 | D103: =+D102 -> 54119.83 | E103: =+E102 -> 36716.93 | F103: =+F102 -> 25764.83 | G103: =+($E$109/3)*(D103+E103+(D103*E103)^0.5) -> 902758.78
B104: 1B | C104: 2037 | D104: 104688.5 | E104: 77439.8 | F104: 59368.4 | G104: =+($E$109/3)*(D104+E104+(D104*E104)^0.5) -> 1814450
B105: 1C | C105: 2048 | D105: 76555.83 | E105: 54962.4 | F105: 40748.4 | G105: =+($E$109/3)*(D105+E105+(D105*E105)^0.5) -> 1309233
B106: 2 | C106: 2055 | D106: 67467.06 | E106: 47398.96 | F106: 34635.81 | G106: =+($E$109/3)*(D106+E106+(D106*E106)^0.5) -> 1142771.5
B107: EMERG | C107: 2062 | D107: 19665 | E107: 17441 | F107: =+F106/D106*D107 -> 10095.493 | G107: =+($E$109/3)*(D107+E107+(D107*E107)^0.5) -> 370837.64
D108: =+SUM(D102:D107) -> 376616.05 | F108: =+SUM(F102:F107) -> 196377.76 | G108: =+SUM(G102:G107) -> 6442809.7
B109: Nota: Profundidad de excavación | D109: he | E109: 20 | F109: m
B110: Fuente: Estudio Diagnóstico, proyecto del NRSM elaborado por la Obras Públicas y el DGSPM
B113: Tabla 3. Proyección Oferta Demanda del Nuevo Relleno Sanitario
D114: DEMANDA EFECTIVA EN NRSM | L114: DEMANDA | M114: OFERTA | O114: INTERACCION O-D
B115: No. | C115: Año | D115: Masa RS (T/día) | E115: Masa RS (T/año) | F115: Vol. RS sin compactar (M3/día) | G115: Vol. RS COMPACTO (M3/día) | H115: Vol. RS COMPACTO Inc. Coef. Ef. Vertido (M3/día) | I115: Volumen de material de cobertura compacto (M3/día) | J115: Volumen utilizado (M3/día) | K115: Volumen efectivo (M3/año) | L115: Volumen efectivo (M3 Acumulado) | M115: OFERTA - Capacidad de Celdas utilizado (M3 Acumulado) | N115: CELDAS | O115: Interacciòn
B116: 0 | C116: 2024 | D116: =+(G54/365) -> 1117.7162 | E116: =+D116*365 -> 407966.4 | F116: =+D116/'I. Parametros Grales'!$C$144*1000 -> 2235.4324 | G116: =+D116/'I. Parametros Grales'!$C$145*1000 -> 1596.7374 | H116: =+G116*'I. Parametros Grales'!$C$149 -> 1612.8661 | I116: =+H116*'I. Parametros Grales'!$C$148 -> 2016.0826 | J116: =+H116+I116 -> 3628.9486 | K116: =+J116*365 -> 1324566.2 | L116: =+K116 -> 1324566.2 | M116: =+K116 -> 1324566.2 | N116: Ampliación | O116: =+M116-K116 -> 0
B117: 1 | C117: 2025 | D117: =+(G55/365) -> 1131.1633 | E117: =+D117*365 -> 412874.6 | F117: =+D117/'I. Parametros Grales'!$C$144*1000 -> 2262.3266 | G117: =+D117/'I. Parametros Grales'!$C$145*1000 -> 1615.9476 | H117: =+G117*'I. Parametros Grales'!$C$149 -> 1632.2703 | I117: =+H117*'I. Parametros Grales'!$C$148 -> 2040.3378 | J117: =+H117+I117 -> 3672.6081 | K117: =+J117*365 -> 1340501.9 | L117: =+K116+K117 -> 2665068.2 | M117: =+K117 -> 1340501.9 | N117: Ampliación | O117: =+M117-K117 -> 0
B118: 2 | C118: 2026 | D118: =+(G56/365) -> 230.36897 | E118: =+D118*365 -> 84084.673 | F118: =+D118/'I. Parametros Grales'!$C$144*1000 -> 460.73794 | G118: =+D118/'I. Parametros Grales'!$C$145*1000 -> 329.09853 | H118: =+G118*'I. Parametros Grales'!$C$149 -> 332.42275 | I118: =+H118*('I. Parametros Grales'!$C$148-1) -> 83.105688 | J118: =+H118+I118 -> 415.52844 | K118: =+J118*365 -> 151667.88 | L118: =K118 -> 151667.88 | M118: 902758.78 | N118: CELDA 1A | O118: =+M118-L118 -> 751090.9
B119: 3 | C119: 2027 | D119: =+(G57/365) -> 232.79789 | E119: =+D119*365 -> 84971.229 | F119: =+D119/'I. Parametros Grales'!$C$144*1000 -> 465.59578 | G119: =+D119/'I. Parametros Grales'!$C$145*1000 -> 332.56841 | H119: =+G119*'I. Parametros Grales'!$C$149 -> 335.92769 | I119: =+H119*('I. Parametros Grales'!$C$148-1) -> 83.981922 | J119: =+H119+I119 -> 419.90961 | K119: =+J119*365 -> 153267.01 | L119: =K119+L118 -> 304934.89 | M119: 902758.78 | N119: CELDA 1A | O119: =+M119-L119 -> 597823.89
B120: 4 | C120: 2028 | D120: =+(G58/365) -> 235.0778 | E120: =+D120*365 -> 85803.395 | F120: =+D120/'I. Parametros Grales'!$C$144*1000 -> 470.15559 | G120: =+D120/'I. Parametros Grales'!$C$145*1000 -> 335.82542 | H120: =+G120*'I. Parametros Grales'!$C$149 -> 339.2176 | I120: =+H120*('I. Parametros Grales'!$C$148-1) -> 84.8044 | J120: =+H120+I120 -> 424.022 | K120: =+J120*365 -> 154768.03 | L120: =K120+L119 -> 459702.92 | M120: 902758.78 | N120: CELDA 1A | O120: =+M120-L120 -> 443055.86
B121: 5 | C121: 2029 | D121: =+(G59/365) -> 237.22064 | E121: =+D121*365 -> 86585.535 | F121: =+D121/'I. Parametros Grales'!$C$144*1000 -> 474.44129 | G121: =+D121/'I. Parametros Grales'!$C$145*1000 -> 338.88663 | H121: =+G121*'I. Parametros Grales'!$C$149 -> 342.30973 | I121: =+H121*('I. Parametros Grales'!$C$148-1) -> 85.577433 | J121: =+H121+I121 -> 427.88717 | K121: =+J121*365 -> 156178.82 | L121: =K121+L120 -> 615881.73 | M121: 902758.78 | N121: CELDA 1A | O121: =+M121-L121 -> 286877.05
B122: 6 | C122: 2030 | D122: =+(G60/365) -> 239.2478 | E122: =+D122*365 -> 87325.445 | F122: =+D122/'I. Parametros Grales'!$C$144*1000 -> 478.49559 | G122: =+D122/'I. Parametros Grales'!$C$145*1000 -> 341.78256 | H122: =+G122*'I. Parametros Grales'!$C$149 -> 345.23491 | I122: =+H122*('I. Parametros Grales'!$C$148-1) -> 86.308728 | J122: =+H122+I122 -> 431.54364 | K122: =+J122*365 -> 157513.43 | L122: =K122+L121 -> 773395.16 | M122: =+G102+G103 -> 1805517.6 | N122: CELDA 1 | O122: =+M122-L122 -> 1032122.4
B123: 7 | C123: 2031 | D123: =+(G61/365) -> 241.18168 | E123: =+D123*365 -> 88031.315 | F123: =+D123/'I. Parametros Grales'!$C$144*1000 -> 482.36337 | G123: =+D123/'I. Parametros Grales'!$C$145*1000 -> 344.54526 | H123: =+G123*'I. Parametros Grales'!$C$149 -> 348.02552 | I123: =+H123*('I. Parametros Grales'!$C$148-1) -> 87.00638 | J123: =+H123+I123 -> 435.0319 | K123: =+J123*365 -> 158786.64 | L123: =K123+L122 -> 932181.81 | M123: =+M122 -> 1805517.6 | N123: CELDA 1 | O123: =+M123-L123 -> 873335.75
B124: 8 | C124: 2032 | D124: =+(G62/365) -> 243.04248 | E124: =+D124*365 -> 88710.507 | F124: =+D124/'I. Parametros Grales'!$C$144*1000 -> 486.08497 | G124: =+D124/'I. Parametros Grales'!$C$145*1000 -> 347.20355 | H124: =+G124*'I. Parametros Grales'!$C$149 -> 350.71066 | I124: =+H124*('I. Parametros Grales'!$C$148-1) -> 87.677664 | J124: =+H124+I124 -> 438.38832 | K124: =+J124*365 -> 160011.74 | L124: =K124+L123 -> 1092193.5 | M124: =+M123 -> 1805517.6 | N124: CELDA 1 | O124: =+M124-L124 -> 713324.02
B125: 9 | C125: 2033 | D125: =+(G63/365) -> 244.84861 | E125: =+D125*365 -> 89369.742 | F125: =+D125/'I. Parametros Grales'!$C$144*1000 -> 489.69721 | G125: =+D125/'I. Parametros Grales'!$C$145*1000 -> 349.78372 | H125: =+G125*'I. Parametros Grales'!$C$149 -> 353.31689 | I125: =+H125*('I. Parametros Grales'!$C$148-1) -> 88.329223 | J125: =+H125+I125 -> 441.64612 | K125: =+J125*365 -> 161200.83 | L125: =K125+L124 -> 1253394.4 | M125: =+M124 -> 1805517.6 | N125: CELDA 1 | O125: =+M125-L125 -> 552123.18
B126: 10 | C126: 2034 | D126: =+(G64/365) -> 246.61717 | E126: =+D126*365 -> 90015.265 | F126: =+D126/'I. Parametros Grales'!$C$144*1000 -> 493.23433 | G126: =+D126/'I. Parametros Grales'!$C$145*1000 -> 352.31024 | H126: =+G126*'I. Parametros Grales'!$C$149 -> 355.86893 | I126: =+H126*('I. Parametros Grales'!$C$148-1) -> 88.967231 | J126: =+H126+I126 -> 444.83616 | K126: =+J126*365 -> 162365.2 | L126: =K126+L125 -> 1415759.6 | M126: =+M125 -> 1805517.6 | N126: CELDA 1 | O126: =+M126-L126 -> 389757.99
B127: 11 | C127: 2035 | D127: =+(G65/365) -> 248.35416 | E127: =+D127*365 -> 90649.27 | F127: =+D127/'I. Parametros Grales'!$C$144*1000 -> 496.70833 | G127: =+D127/'I. Parametros Grales'!$C$145*1000 -> 354.79166 | H127: =+G127*'I. Parametros Grales'!$C$149 -> 358.37542 | I127: =+H127*('I. Parametros Grales'!$C$148-1) -> 89.593855 | J127: =+H127+I127 -> 447.96927 | K127: =+J127*365 -> 163508.78 | L127: =K127+L126 -> 1579268.4 | M127: =+M126 -> 1805517.6 | N127: CELDA 1 | O127: =+M127-L127 -> 226249.2
B128: 12 | C128: 2036 | D128: =+(G66/365) -> 250.06283 | E128: =+D128*365 -> 91272.935 | F128: =+D128/'I. Parametros Grales'!$C$144*1000 -> 500.12567 | G128: =+D128/'I. Parametros Grales'!$C$145*1000 -> 357.23262 | H128: =+G128*'I. Parametros Grales'!$C$149 -> 360.84103 | I128: =+H128*('I. Parametros Grales'!$C$148-1) -> 90.210258 | J128: =+H128+I128 -> 451.05129 | K128: =+J128*365 -> 164633.72 | L128: =K128+L127 -> 1743902.1 | M128: =+M127 -> 1805517.6 | N128: CELDA 1 | O128: =+M128-L128 -> 61615.482
B129: 13 | C129: 2037 | D129: =+(G67/365) -> 251.7353 | E129: =+D129*365 -> 91883.384 | F129: =+D129/'I. Parametros Grales'!$C$144*1000 -> 503.4706 | G129: =+D129/'I. Parametros Grales'!$C$145*1000 -> 359.62186 | H129: =+G129*'I. Parametros Grales'!$C$149 -> 363.2544 | I129: =+H129*('I. Parametros Grales'!$C$148-1) -> 90.8136 | J129: =+H129+I129 -> 454.068 | K129: =+J129*365 -> 165734.82 | L129: =K129+L128 -> 1909636.9 | M129: =+M128+G104 -> 3619967.5 | N129: CELDA 1B | O129: =+M129-L129 -> 1710330.6
B130: 14 | C130: 2038 | D130: =+(G68/365) -> 253.3528 | E130: =+D130*365 -> 92473.773 | F130: =+D130/'I. Parametros Grales'!$C$144*1000 -> 506.70561 | G130: =+D130/'I. Parametros Grales'!$C$145*1000 -> 361.93258 | H130: =+G130*'I. Parametros Grales'!$C$149 -> 365.58846 | I130: =+H130*('I. Parametros Grales'!$C$148-1) -> 91.397115 | J130: =+H130+I130 -> 456.98558 | K130: =+J130*365 -> 166799.74 | L130: =K130+L129 -> 2076436.6 | M130: =+$M$129 -> 3619967.5 | N130: CELDA 1B | O130: =+M130-L130 -> 1543530.9
B131: 15 | C131: 2039 | D131: =+(G69/365) -> 254.89093 | E131: =+D131*365 -> 93035.189 | F131: =+D131/'I. Parametros Grales'!$C$144*1000 -> 509.78186 | G131: =+D131/'I. Parametros Grales'!$C$145*1000 -> 364.1299 | H131: =+G131*'I. Parametros Grales'!$C$149 -> 367.80798 | I131: =+H131*('I. Parametros Grales'!$C$148-1) -> 91.951995 | J131: =+H131+I131 -> 459.75997 | K131: =+J131*365 -> 167812.39 | L131: =K131+L130 -> 2244249 | M131: =+$M$129 -> 3619967.5 | N131: CELDA 1B | O131: =+M131-L131 -> 1375718.5
B132: 16 | C132: 2040 | D132: =+(G70/365) -> 256.32509 | E132: =+D132*365 -> 93558.656 | F132: =+D132/'I. Parametros Grales'!$C$144*1000 -> 512.65017 | G132: =+D132/'I. Parametros Grales'!$C$145*1000 -> 366.17869 | H132: =+G132*'I. Parametros Grales'!$C$149 -> 369.87747 | I132: =+H132*('I. Parametros Grales'!$C$148-1) -> 92.469367 | J132: =+H132+I132 -> 462.34684 | K132: =+J132*365 -> 168756.59 | L132: =K132+L131 -> 2413005.6 | M132: =+$M$129 -> 3619967.5 | N132: CELDA 1B | O132: =+M132-L132 -> 1206961.9
B133: 17 | C133: 2041 | D133: =+(G71/365) -> 257.63402 | E133: =+D133*365 -> 94036.419 | F133: =+D133/'I. Parametros Grales'!$C$144*1000 -> 515.26805 | G133: =+D133/'I. Parametros Grales'!$C$145*1000 -> 368.04861 | H133: =+G133*'I. Parametros Grales'!$C$149 -> 371.76627 | I133: =+H133*('I. Parametros Grales'!$C$148-1) -> 92.941567 | J133: =+H133+I133 -> 464.70784 | K133: =+J133*365 -> 169618.36 | L133: =K133+L132 -> 2582624 | M133: =+$M$129 -> 3619967.5 | N133: CELDA 1B | O133: =+M133-L133 -> 1037343.5
B134: 18 | C134: 2042 | D134: =+(G72/365) -> 258.81095 | E134: =+D134*365 -> 94465.996 | F134: =+D134/'I. Parametros Grales'!$C$144*1000 -> 517.6219 | G134: =+D134/'I. Parametros Grales'!$C$145*1000 -> 369.72993 | H134: =+G134*'I. Parametros Grales'!$C$149 -> 373.46457 | I134: =+H134*('I. Parametros Grales'!$C$148-1) -> 93.366143 | J134: =+H134+I134 -> 466.83072 | K134: =+J134*365 -> 170393.21 | L134: =K134+L133 -> 2753017.2 | M134: =+$M$129 -> 3619967.5 | N134: CELDA 1B | O134: =+M134-L134 -> 866950.33
B135: 19 | C135: 2043 | D135: =+(G73/365) -> 259.85535 | E135: =+D135*365 -> 94847.201 | F135: =+D135/'I. Parametros Grales'!$C$144*1000 -> 519.71069 | G135: =+D135/'I. Parametros Grales'!$C$145*1000 -> 371.22192 | H135: =+G135*'I. Parametros Grales'!$C$149 -> 374.97164 | I135: =+H135*('I. Parametros Grales'!$C$148-1) -> 93.74291 | J135: =+H135+I135 -> 468.71455 | K135: =+J135*365 -> 171080.81 | L135: =K135+L134 -> 2924098 | M135: =+$M$129 -> 3619967.5 | N135: CELDA 1B | O135: =+M135-L135 -> 695869.52
B136: 20 | C136: 2044 | D136: =+(G74/365) -> 260.77906 | E136: =+D136*365 -> 95184.357 | F136: =+D136/'I. Parametros Grales'!$C$144*1000 -> 521.55812 | G136: =+D136/'I. Parametros Grales'!$C$145*1000 -> 372.54151 | H136: =+G136*'I. Parametros Grales'!$C$149 -> 376.30456 | I136: =+H136*('I. Parametros Grales'!$C$148-1) -> 94.07614 | J136: =+H136+I136 -> 470.3807 | K136: =+J136*365 -> 171688.96 | L136: =K136+L135 -> 3095787 | M136: =+$M$129 -> 3619967.5 | N136: CELDA 1B | O136: =+M136-L136 -> 524180.56
B137: 21 | C137: 2045 | D137: =+(G75/365) -> 261.59269 | E137: =+D137*365 -> 95481.33 | F137: =+D137/'I. Parametros Grales'!$C$144*1000 -> 523.18537 | G137: =+D137/'I. Parametros Grales'!$C$145*1000 -> 373.70384 | H137: =+G137*'I. Parametros Grales'!$C$149 -> 377.47862 | I137: =+H137*('I. Parametros Grales'!$C$148-1) -> 94.369656 | J137: =+H137+I137 -> 471.84828 | K137: =+J137*365 -> 172224.62 | L137: =K137+L136 -> 3268011.6 | M137: =+$M$129 -> 3619967.5 | N137: CELDA 1B | O137: =+M137-L137 -> 351955.94
B138: 22 | C138: 2046 | D138: =+(G76/365) -> 262.3122 | E138: =+D138*365 -> 95743.953 | F138: =+D138/'I. Parametros Grales'!$C$144*1000 -> 524.6244 | G138: =+D138/'I. Parametros Grales'!$C$145*1000 -> 374.73171 | H138: =+G138*'I. Parametros Grales'!$C$149 -> 378.51688 | I138: =+H138*('I. Parametros Grales'!$C$148-1) -> 94.629221 | J138: =+H138+I138 -> 473.1461 | K138: =+J138*365 -> 172698.33 | L138: =K138+L137 -> 3440709.9 | M138: =+$M$129 -> 3619967.5 | N138: CELDA 1B | O138: =+M138-L138 -> 179257.62
B139: 23 | C139: 2047 | D139: =+(G77/365) -> 262.9533 | E139: =+D139*365 -> 95977.954 | F139: =+D139/'I. Parametros Grales'!$C$144*1000 -> 525.9066 | G139: =+D139/'I. Parametros Grales'!$C$145*1000 -> 375.64757 | H139: =+G139*'I. Parametros Grales'!$C$149 -> 379.44199 | I139: =+H139*('I. Parametros Grales'!$C$148-1) -> 94.860497 | J139: =+H139+I139 -> 474.30249 | K139: =+J139*365 -> 173120.41 | L139: =K139+L138 -> 3613830.3 | M139: =+$M$129 -> 3619967.5 | N139: CELDA 1B | O139: =+M139-L139 -> 6137.2082
B140: 24 | C140: 2048 | D140: =+(G78/365) -> 263.5302 | E140: =+D140*365 -> 96188.523 | F140: =+D140/'I. Parametros Grales'!$C$144*1000 -> 527.0604 | G140: =+D140/'I. Parametros Grales'!$C$145*1000 -> 376.47172 | H140: =+G140*'I. Parametros Grales'!$C$149 -> 380.27446 | I140: =+H140*('I. Parametros Grales'!$C$148-1) -> 95.068615 | J140: =+H140+I140 -> 475.34308 | K140: =+J140*365 -> 173500.22 | L140: =K140+L139 -> 3787330.5 | M140: =+M139+G105 -> 4929200.6 | N140: CELDA 1C | O140: =+M140-L140 -> 1141870
B141: 25 | C141: 2049 | D141: =+(G79/365) -> 264.05288 | E141: =+D141*365 -> 96379.302 | F141: =+D141/'I. Parametros Grales'!$C$144*1000 -> 528.10576 | G141: =+D141/'I. Parametros Grales'!$C$145*1000 -> 377.2184 | H141: =+G141*'I. Parametros Grales'!$C$149 -> 381.02869 | I141: =+H141*('I. Parametros Grales'!$C$148-1) -> 95.257172 | J141: =+H141+I141 -> 476.28586 | K141: =+J141*365 -> 173844.34 | L141: =K141+L140 -> 3961174.9 | M141: =+M140 -> 4929200.6 | N141: CELDA 1C | O141: =+M141-L141 -> 968025.69
B142: 26 | C142: 2050 | D142: =+(G80/365) -> 264.52757 | E142: =+D142*365 -> 96552.564 | F142: =+D142/'I. Parametros Grales'!$C$144*1000 -> 529.05514 | G142: =+D142/'I. Parametros Grales'!$C$145*1000 -> 377.89653 | H142: =+G142*'I. Parametros Grales'!$C$149 -> 381.71367 | I142: =+H142*('I. Parametros Grales'!$C$148-1) -> 95.428417 | J142: =+H142+I142 -> 477.14209 | K142: =+J142*365 -> 174156.86 | L142: =K142+L141 -> 4135331.7 | M142: =+M141 -> 4929200.6 | N142: CELDA 1C | O142: =+M142-L142 -> 793868.83
B143: 27 | C143: 2051 | D143: =+(G81/365) -> 264.95371 | E143: =+D143*365 -> 96708.102 | F143: =+D143/'I. Parametros Grales'!$C$144*1000 -> 529.90741 | G143: =+D143/'I. Parametros Grales'!$C$145*1000 -> 378.50529 | H143: =+G143*'I. Parametros Grales'!$C$149 -> 382.32858 | I143: =+H143*('I. Parametros Grales'!$C$148-1) -> 95.582145 | J143: =+H143+I143 -> 477.91072 | K143: =+J143*365 -> 174437.41 | L143: =K143+L142 -> 4309769.2 | M143: =+M142 -> 4929200.6 | N143: CELDA 1C | O143: =+M143-L143 -> 619431.41
B144: 28 | C144: 2052 | D144: =+(G82/365) -> 265.32698 | E144: =+D144*365 -> 96844.346 | F144: =+D144/'I. Parametros Grales'!$C$144*1000 -> 530.65395 | G144: =+D144/'I. Parametros Grales'!$C$145*1000 -> 379.03854 | H144: =+G144*'I. Parametros Grales'!$C$149 -> 382.86721 | I144: =+H144*('I. Parametros Grales'!$C$148-1) -> 95.716802 | J144: =+H144+I144 -> 478.58401 | K144: =+J144*365 -> 174683.16 | L144: =K144+L143 -> 4484452.3 | M144: =+M143 -> 4929200.6 | N144: CELDA 1C | O144: =+M144-L144 -> 444748.25
B145: 29 | C145: 2053 | D145: =+(G83/365) -> 265.63537 | E145: =+D145*365 -> 96956.911 | F145: =+D145/'I. Parametros Grales'!$C$144*1000 -> 531.27074 | G145: =+D145/'I. Parametros Grales'!$C$145*1000 -> 379.4791 | H145: =+G145*'I. Parametros Grales'!$C$149 -> 383.31222 | I145: =+H145*('I. Parametros Grales'!$C$148-1) -> 95.828056 | J145: =+H145+I145 -> 479.14028 | K145: =+J145*365 -> 174886.2 | L145: =K145+L144 -> 4659338.5 | M145: =+M144 -> 4929200.6 | N145: CELDA 1C | O145: =+M145-L145 -> 269862.04
B146: 30 | C146: 2054 | D146: =+(G84/365) -> 265.86331 | E146: =+D146*365 -> 97040.109 | F146: =+D146/'I. Parametros Grales'!$C$144*1000 -> 531.72662 | G146: =+D146/'I. Parametros Grales'!$C$145*1000 -> 379.80473 | H146: =+G146*'I. Parametros Grales'!$C$149 -> 383.64114 | I146: =+H146*('I. Parametros Grales'!$C$148-1) -> 95.910285 | J146: =+H146+I146 -> 479.55143 | K146: =+J146*365 -> 175036.27 | L146: =K146+L145 -> 4834374.8 | M146: =+M145 -> 4929200.6 | N146: CELDA 1C | O146: =+M146-L146 -> 94825.773
B147: 31 | C147: 2055 | D147: =+(G85/365) -> 265.99669 | E147: =+D147*365 -> 97088.791 | F147: =+D147/'I. Parametros Grales'!$C$144*1000 -> 531.99337 | G147: =+D147/'I. Parametros Grales'!$C$145*1000 -> 379.99527 | H147: =+G147*'I. Parametros Grales'!$C$149 -> 383.8336 | I147: =+H147*('I. Parametros Grales'!$C$148-1) -> 95.958401 | J147: =+H147+I147 -> 479.792 | K147: =+J147*365 -> 175124.08 | L147: =K147+L146 -> 5009498.9 | M147: =+M146+G106 -> 6071972 | N147: CELDA 2 | O147: =+M147-L147 -> 1062473.2
B148: 32 | C148: 2056 | D148: =+(G86/365) -> 266.02734 | E148: =+D148*365 -> 97099.979 | F148: =+D148/'I. Parametros Grales'!$C$144*1000 -> 532.05468 | G148: =+D148/'I. Parametros Grales'!$C$145*1000 -> 380.03906 | H148: =+G148*'I. Parametros Grales'!$C$149 -> 383.87783 | I148: =+H148*('I. Parametros Grales'!$C$148-1) -> 95.969459 | J148: =+H148+I148 -> 479.84729 | K148: =+J148*365 -> 175144.26 | L148: =K148+L147 -> 5184643.1 | M148: =+M147 -> 6071972 | N148: CELDA 2 | O148: =+M148-L148 -> 887328.89
B149: 33 | C149: 2057 | D149: =+(G87/365) -> 265.95074 | E149: =+D149*365 -> 97072.019 | F149: =+D149/'I. Parametros Grales'!$C$144*1000 -> 531.90147 | G149: =+D149/'I. Parametros Grales'!$C$145*1000 -> 379.92962 | H149: =+G149*'I. Parametros Grales'!$C$149 -> 383.7673 | I149: =+H149*('I. Parametros Grales'!$C$148-1) -> 95.941824 | J149: =+H149+I149 -> 479.70912 | K149: =+J149*365 -> 175093.83 | L149: =K149+L148 -> 5359737 | M149: =+M148 -> 6071972 | N149: CELDA 2 | O149: =+M149-L149 -> 712235.06
B150: 34 | C150: 2058 | D150: =+(G88/365) -> 265.76954 | E150: =+D150*365 -> 97005.882 | F150: =+D150/'I. Parametros Grales'!$C$144*1000 -> 531.53908 | G150: =+D150/'I. Parametros Grales'!$C$145*1000 -> 379.67077 | H150: =+G150*'I. Parametros Grales'!$C$149 -> 383.50583 | I150: =+H150*('I. Parametros Grales'!$C$148-1) -> 95.876458 | J150: =+H150+I150 -> 479.38229 | K150: =+J150*365 -> 174974.54 | L150: =K150+L149 -> 5534711.5 | M150: =+M149 -> 6071972 | N150: CELDA 2 | O150: =+M150-L150 -> 537260.53
B151: 35 | C151: 2059 | D151: =+(G89/365) -> 265.49112 | E151: =+D151*365 -> 96904.258 | F151: =+D151/'I. Parametros Grales'!$C$144*1000 -> 530.98223 | G151: =+D151/'I. Parametros Grales'!$C$145*1000 -> 379.27302 | H151: =+G151*'I. Parametros Grales'!$C$149 -> 383.10407 | I151: =+H151*('I. Parametros Grales'!$C$148-1) -> 95.776016 | J151: =+H151+I151 -> 478.88008 | K151: =+J151*365 -> 174791.23 | L151: =K151+L150 -> 5709502.7 | M151: =+M150 -> 6071972 | N151: CELDA 2 | O151: =+M151-L151 -> 362469.3
...

Sheet V.2 Capacidad ET
B2: PROYECTO DE GESTIÓN INTEGRAL DE RESIDUOS PARA EL MUNICIPIO DE CHIHUAHUA
B4: ESTACIÓN DE TRANSFERENCIA
B6: Tabla 1.Capacidad de Compactación Requerida
B7: AÑO | D7: POBLACIÓN Habitantes | E7: GENERACIÓN RSU (NO INCLUYE RME) | I7: CAPACIDAD DIARIA | K7: UNIDADES TEORICAS REQUERIDAS | M7: CAPACIDAD TEORICA DE COMPACTACION REQUERIDA
E8: kg/hab.dia | F8: t/año | G8: t/d base 365 d/año | H8: t/d base 312 d/año | I8: Camion recolector ton | J8: Tracto + Transfer ton | K8: Camion recolector | L8: Tracto + Transfer | M8: # de líneas | N8: # de horas de trabajo por línea / día | O8: Capacidad por línea t/h
B9: 0 | C9: 2024 | D9: =+'III. Sit. Actual O-D'!I13 -> 1034375.1 | E9: 0.78 | F9: =+E9*D9/1000*365 -> 294486.58 | G9: =F9/365 -> 806.81256 | H9: =+F9/312 -> 943.86726 | I9: 0 | J9: 0 | K9: 0 | L9: 0 | M9: 0 | N9: 0 | O9: 0
B10: 1 | C10: 2025 | D10: =+'III. Sit. Actual O-D'!I14 -> 1046819.5 | E10: 0.78 | F10: =+E10*D10/1000*365 -> 298029.52 | G10: =F10/365 -> 816.51923 | H10: =+F10/312 -> 955.22281 | I10: 0 | J10: 0 | K10: 0 | L10: 0 | M10: 0 | N10: 0 | O10: 0
B11: 2 | C11: 2026 | D11: =+'III. Sit. Actual O-D'!I15 -> 1058659.1 | E11: 0.78 | F11: =+E11*D11/1000*365 -> 301400.25 | G11: =F11/365 -> 825.75411 | H11: =+F11/312 -> 966.02644 | I11: 6 | J11: 75 | K11: 158 | L11: =CEILING(H11/J11,1) -> 13 | M11: 2 | N11: 8 | O11: =+H11/(M11*N11) -> 60.376652
B12: 3 | C12: 2027 | D12: =+'III. Sit. Actual O-D'!I16 -> 1069821.2 | E12: 0.78 | F12: =+E12*D12/1000*365 -> 304578.1 | G12: =F12/365 -> 834.46054 | H12: =+F12/312 -> 976.21185 | I12: 6 | J12: 75 | K12: 159 | L12: =CEILING(H12/J12,1) -> 14 | M12: 2 | N12: 8 | O12: =+H12/(M12*N12) -> 61.01324
B13: 4 | C13: 2028 | D13: =+'III. Sit. Actual O-D'!I17 -> 1080298.5 | E13: 0.78 | F13: =+E13*D13/1000*365 -> 307560.98 | G13: =F13/365 -> 842.63283 | H13: =+F13/312 -> 985.77238 | I13: 6 | J13: 75 | K13: 160 | L13: =CEILING(H13/J13,1) -> 14 | M13: 2 | N13: 8 | O13: =+H13/(M13*N13) -> 61.610774
B14: 5 | C14: 2029 | D14: =+'III. Sit. Actual O-D'!I18 -> 1090145.9 | E14: 0.78 | F14: =+E14*D14/1000*365 -> 310364.55 | G14: =F14/365 -> 850.31384 | H14: =+F14/312 -> 994.75818 | I14: 6 | J14: 75 | K14: 161 | L14: =CEILING(H14/J14,1) -> 14 | M14: 2 | N14: 8 | O14: =+H14/(M14*N14) -> 62.172386
B15: 6 | C15: 2030 | D15: =+'III. Sit. Actual O-D'!I19 -> 1099461.7 | E15: 0.78 | F15: =+E15*D15/1000*365 -> 313016.75 | G15: =F15/365 -> 857.58013 | H15: =+F15/312 -> 1003.2588 | I15: 6 | J15: 75 | K15: 162 | L15: =CEILING(H15/J15,1) -> 14 | M15: 2 | N15: 8 | O15: =+H15/(M15*N15) -> 62.703675
B16: 7 | C16: 2031 | D16: =+'III. Sit. Actual O-D'!I20 -> 1108348.9 | E16: 0.78 | F16: =+E16*D16/1000*365 -> 315546.93 | G16: =F16/365 -> 864.51213 | H16: =+F16/312 -> 1011.3684 | I16: 6 | J16: 75 | K16: 163 | L16: =CEILING(H16/J16,1) -> 14 | M16: 2 | N16: 8 | O16: =+H16/(M16*N16) -> 63.210522
B17: 8 | C17: 2032 | D17: =+'III. Sit. Actual O-D'!I21 -> 1116900.2 | E17: 0.78 | F17: =+E17*D17/1000*365 -> 317981.48 | G17: =F17/365 -> 871.18213 | H17: =+F17/312 -> 1019.1714 | I17: 6 | J17: 75 | K17: 164 | L17: =CEILING(H17/J17,1) -> 14 | M17: 2 | N17: 8 | O17: =+H17/(M17*N17) -> 63.698213
B18: 9 | C18: 2033 | D18: =+'III. Sit. Actual O-D'!I22 -> 1125200.2 | E18: 0.78 | F18: =+E18*D18/1000*365 -> 320344.5 | G18: =F18/365 -> 877.65616 | H18: =+F18/312 -> 1026.7452 | I18: 6 | J18: 75 | K18: 165 | L18: =CEILING(H18/J18,1) -> 14 | M18: 2 | N18: 8 | O18: =+H18/(M18*N18) -> 64.171574
B19: 10 | C19: 2034 | D19: =+'III. Sit. Actual O-D'!I23 -> 1133327.6 | E19: 0.78 | F19: =+E19*D19/1000*365 -> 322658.37 | G19: =F19/365 -> 883.99553 | H19: =+F19/312 -> 1034.1614 | I19: 6 | J19: 75 | K19: 166 | L19: =CEILING(H19/J19,1) -> 14 | M19: 2 | N19: 8 | O19: =+H19/(M19*N19) -> 64.63509
B20: 11 | C20: 2035 | D20: =+'III. Sit. Actual O-D'!I24 -> 1141310 | E20: 0.78 | F20: =+E20*D20/1000*365 -> 324930.95 | G20: =F20/365 -> 890.22177 | H20: =+F20/312 -> 1041.4453 | I20: 6 | J20: 75 | K20: 166 | L20: =CEILING(H20/J20,1) -> 14 | M20: 2 | N20: 8 | O20: =+H20/(M20*N20) -> 65.090334
B21: 12 | C21: 2036 | D21: =+'III. Sit. Actual O-D'!I25 -> 1149162.1 | E21: 0.78 | F21: =+E21*D21/1000*365 -> 327166.46 | G21: =F21/365 -> 896.34647 | H21: =+F21/312 -> 1048.6105 | I21: 6 | J21: 75 | K21: 167 | L21: =CEILING(H21/J21,1) -> 14 | M21: 2 | N21: 8 | O21: =+H21/(M21*N21) -> 65.538154
B22: 13 | C22: 2037 | D22: =+'III. Sit. Actual O-D'!I26 -> 1156847.9 | E22: 0.78 | F22: =+E22*D22/1000*365 -> 329354.61 | G22: =F22/365 -> 902.3414 | H22: =+F22/312 -> 1055.6238 | I22: 6 | J22: 75 | K22: 168 | L22: =CEILING(H22/J22,1) -> 15 | M22: 2 | N22: 8 | O22: =+H22/(M22*N22) -> 65.976484
... B48: 39 | C48: 2063 | D48: =+'III. Sit. Actual O-D'!I52 -> 1211443.2 | E48: 0.78 | F48: =+E48*D48/1000*365 -> 344897.88 | G48: =F48/365 -> 944.92571 | H48: =+F48/312 -> 1105.4419 | I48: 6 | J48: 75 | K48: 170 | L48: =CEILING(H48/J48,1) -> 15 | M48: 2 | N48: 8 | O48: =+H48/(M48*N48) -> 69.090121
B51: Transferencia
B52: Transferencia Con Proyecto
B53: Tabla 2.Capacidad de Transferencia | I53: Tabla 3.Proyección de Oferta - Demanda de la ET
B54: Estación de Transferencia | C54: Capacidad de transferencia por unidad (ton) | D54: Unidades | E54: Viajes al día x unidad | F54: Capacidad de transferencia diaria (ton) | G54: Ton/año | I54: Año | K54: Oferta de transferencia (ton/año) | L54: Demanda de transferencia (ton/año) | M54: Déficit o Superávit (ton/año)
B55: Etapa 1 (2026-2036) | C55: 25 | F55: =+D55*C55*E55 -> 0 | G55: =+F55*312 -> 0
C56: 25 | D56: 14 | E56: 3 | F56: =+D56*C56*E56 -> 1050 | G56: =+F56*312 -> 327600 | I56: -1 | J56: 2023 | K56: 0 | L56: 0 | M56: =K56-L56 -> 0
D57: =SUM(D55:D56) -> 14 | E57: =+(E56*D56)+(E55*D55) -> 42 | F57: =SUM(F55:F56) -> 1050 | G57: =+F57*312 -> 327600 | I57: =I56+1 -> 0 | J57: 2024 | K57: 0 | L57: 0 | M57: =K57-L57 -> 0
B58: Etapa 2 (2037-2046) | C58: 25 | D58: 2 | E58: 4 | F58: =+D58*C58*E58 -> 200 | G58: =+F58*312 -> 62400 | I58: =I57+1 -> 1 | J58: 2025 | K58: 0 | L58: 0 | M58: =K58-L58 -> 0
C59: 25 | D59: 12 | E59: 3 | F59: =+D59*C59*E59 -> 900 | G59: =+F59*312 -> 280800 | I59: =I58+1 -> 2 | J59: 2026 | K59: =+$G$57 -> 327600 | L59: =+F11 -> 301400.25 | M59: =+K59-L59 -> 26199.751
D60: =SUM(D58:D59) -> 14 | E60: =+(E59*D59)+(E58*D58) -> 44 | F60: =SUM(F58:F59) -> 1100 | G60: =+F60*312 -> 343200 | I60: =I59+1 -> 3 | J60: 2027 | K60: =+$G$57 -> 327600 | L60: =+F12 -> 304578.1 | M60: =+K60-L60 -> 23021.904
B61: Etapa 2 (2047-2063) | C61: 25 | D61: 4 | E61: 4 | F61: =+D61*C61*E61 -> 400 | G61: =+F61*312 -> 124800 | I61: =I60+1 -> 4 | J61: 2028 | K61: =+$G$57 -> 327600 | L61: =+F13 -> 307560.98 | M61: =+K61-L61 -> 20039.017
C62: 25 | D62: 10 | E62: 3 | F62: =+D62*C62*E62 -> 750 | G62: =+F62*312 -> 234000 | I62: =I61+1 -> 5 | J62: 2029 | K62: =+$G$57 -> 327600 | L62: =+F14 -> 310364.55 | M62: =+K62-L62 -> 17235.449
D63: =SUM(D61:D62) -> 14 | E63: =+(E62*D62)+(E61*D61) -> 46 | F63: =SUM(F61:F62) -> 1150 | G63: =+F63*312 -> 358800 | I63: =I62+1 -> 6 | J63: 2030 | K63: =+$G$57 -> 327600 | L63: =+F15 -> 313016.75 | M63: =+K63-L63 -> 14583.253
I64: =I63+1 -> 7 | J64: 2031 | K64: =+$G$57 -> 327600 | L64: =+F16 -> 315546.93 | M64: =+K64-L64 -> 12053.074
I65: =I64+1 -> 8 | J65: 2032 | K65: =+$G$57 -> 327600 | L65: =+F17 -> 317981.48 | M65: =+K65-L65 -> 9618.5211
I66: =I65+1 -> 9 | J66: 2033 | K66: =+$G$57 -> 327600 | L66: =+F18 -> 320344.5 | M66: =+K66-L66 -> 7255.5031
I67: =I66+1 -> 10 | J67: 2034 | K67: =+$G$57 -> 327600 | L67: =+F19 -> 322658.37 | M67: =+K67-L67 -> 4941.6328
I68: =I67+1 -> 11 | J68: 2035 | K68: =+$G$57 -> 327600 | L68: =+F20 -> 324930.95 | M68: =+K68-L68 -> 2669.0525
I69: =I68+1 -> 12 | J69: 2036 | K69: =+$G$57 -> 327600 | L69: =+F21 -> 327166.46 | M69: =+K69-L69 -> 433.53681
I70: =I69+1 -> 13 | J70: 2037 | K70: =+$G$60 -> 343200 | L70: =+F22 -> 329354.61 | M70: =+K70-L70 -> 13845.39
I71: =I70+1 -> 14 | J71: 2038 | K71: =+$G$60 -> 343200 | L71: =+F23 -> 331470.85 | M71: =+K71-L71 -> 11729.148
I72: =I71+1 -> 15 | J72: 2039 | K72: =+$G$60 -> 343200 | L72: =+F24 -> 333483.24 | M72: =+K72-L72 -> 9716.7613
I73: =I72+1 -> 16 | J73: 2040 | K73: =+$G$60 -> 343200 | L73: =+F25 -> 335359.6 | M73: =+K73-L73 -> 7840.4019
I74: =I73+1 -> 17 | J74: 2041 | K74: =+$G$60 -> 343200 | L74: =+F26 -> 337072.13 | M74: =+K74-L74 -> 6127.868
I75: =I74+1 -> 18 | J75: 2042 | K75: =+$G$60 -> 343200 | L75: =+F27 -> 338611.94 | M75: =+K75-L75 -> 4588.0553
I76: =I75+1 -> 19 | J76: 2043 | K76: =+$G$60 -> 343200 | L76: =+F28 -> 339978.37 | M76: =+K76-L76 -> 3221.6309
I77: =I76+1 -> 20 | J77: 2044 | K77: =+$G$60 -> 343200 | L77: =+F29 -> 341186.9 | M77: =+K77-L77 -> 2013.1018
I78: =I77+1 -> 21 | J78: 2045 | K78: =+$G$60 -> 343200 | L78: =+F30 -> 342251.39 | M78: =+K78-L78 -> 948.60584
I79: =I78+1 -> 22 | J79: 2046 | K79: =+$G$60 -> 343200 | L79: =+F31 -> 343192.76 | M79: =+K79-L79 -> 7.2385398
I80: =I79+1 -> 23 | J80: 2047 | K80: =+$G$63 -> 358800 | L80: =+F32 -> 344031.53 | M80: =+K80-L80 -> 14768.466
I81: =I80+1 -> 24 | J81: 2048 | K81: =+$G$63 -> 358800 | L81: =+F33 -> 344786.32 | M81: =+K81-L81 -> 14013.682
I82: =I81+1 -> 25 | J82: 2049 | K82: =+$G$63 -> 358800 | L82: =+F34 -> 345470.16 | M82: =+K82-L82 -> 13329.84
I83: =I82+1 -> 26 | J83: 2050 | K83: =+$G$63 -> 358800 | L83: =+F35 -> 346091.21 | M83: =+K83-L83 -> 12708.785
I84: =I83+1 -> 27 | J84: 2051 | K84: =+$G$63 -> 358800 | L84: =+F36 -> 346648.74 | M84: =+K84-L84 -> 12151.259
I85: =I84+1 -> 28 | J85: 2052 | K85: =+$G$63 -> 358800 | L85: =+F37 -> 347137.1 | M85: =+K85-L85 -> 11662.895
I86: =I85+1 -> 29 | J86: 2053 | K86: =+$G$63 -> 358800 | L86: =+F38 -> 347540.59 | M86: =+K86-L86 -> 11259.41
I87: =I86+1 -> 30 | J87: 2054 | K87: =+$G$63 -> 358800 | L87: =+F39 -> 347838.81 | M87: =+K87-L87 -> 10961.188
I88: =I87+1 -> 31 | J88: 2055 | K88: =+$G$63 -> 358800 | L88: =+F40 -> 348013.31 | M88: =+K88-L88 -> 10786.688
I89: =I88+1 -> 32 | J89: 2056 | K89: =+$G$63 -> 358800 | L89: =+F41 -> 348053.42 | M89: =+K89-L89 -> 10746.584
I90: =I89+1 -> 33 | J90: 2057 | K90: =+$G$63 -> 358800 | L90: =+F42 -> 347953.19 | M90: =+K90-L90 -> 10846.807
I91: =I90+1 -> 34 | J91: 2058 | K91: =+$G$63 -> 358800 | L91: =+F43 -> 347716.13 | M91: =+K91-L91 -> 11083.872
... I96: =I95+1 -> 39 | J96: 2063 | K96: =+$G$63 -> 358800 | L96: =+F48 -> 344897.88 | M96: =+K96-L96 -> 13902.118

Sheet V.3 Capacidad Planta de CDR
B2: PROYECTO DE GESTIÓN INTEGRAL DE RESIDUOS PARA EL MUNICIPIO DE CHIHUAHUA
B4: Planta CDR
B6: Tabla 4. Rendimiento Energético
B7: Rendimiento Energético del CDR (10-50 mm) | F7: =+F17*312 -> 405600
B8: MJ/kg | C8: 15 | D8: Dato referencial
B9: GJ/ton | C9: =+C8 -> 15
B10: MBTUs/Ton | C10: =+C9*0.9470863 -> 14.206295
B11: Fuente: Estudio Diagnótico
B13: Tabla 5. Proyección de la Capacidad de Procesamiento
B14: No. | C14: Año | D14: Demanda Masa RS (T/año) | E14: Demanda Masa RS (T/día) | F14: Oferta de Planta CDR (Ton/dia) | G14: Interaccion O-D (T/dia)
B15: 0 | C15: 2024 | D15: =+'V. Sit.Con Proyecto'!F9 -> 0 | E15: =+D15/312 -> 0 | F15: 0 | G15: =+F15-E15 -> 0
B16: 1 | C16: 2025 | D16: =+'V. Sit.Con Proyecto'!F10 -> 0 | E16: =+D16/312 -> 0 | F16: 0 | G16: =+F16-E16 -> 0
B17: 2 | C17: 2026 | D17: =+'V. Sit.Con Proyecto'!F56 -> 340795.82 | E17: =+D17/312 -> 1092.2943 | F17: 1300 | G17: =+F17-E17 -> 207.70569
B18: 3 | C18: 2027 | D18: =+'V. Sit.Con Proyecto'!F57 -> 344389.04 | E18: =+D18/312 -> 1103.811 | F18: 1300 | G18: =+F18-E18 -> 196.18897
B19: 4 | C19: 2028 | D19: =+'V. Sit.Con Proyecto'!F58 -> 347761.82 | E19: =+D19/312 -> 1114.6212 | F19: 1300 | G19: =+F19-E19 -> 185.37879
B20: 5 | C20: 2029 | D20: =+'V. Sit.Con Proyecto'!F59 -> 350931.84 | E20: =+D20/312 -> 1124.7815 | F20: 1300 | G20: =+F20-E20 -> 175.21848
B21: 6 | C21: 2030 | D21: =+'V. Sit.Con Proyecto'!F60 -> 353930.7 | E21: =+D21/312 -> 1134.3933 | F21: 1300 | G21: =+F21-E21 -> 165.60674
B22: 7 | C22: 2031 | D22: =+'V. Sit.Con Proyecto'!F61 -> 356791.59 | E22: =+D22/312 -> 1143.5628 | F22: 1300 | G22: =+F22-E22 -> 156.43721
B23: 8 | C23: 2032 | D23: =+'V. Sit.Con Proyecto'!F62 -> 359544.36 | E23: =+D23/312 -> 1152.3858 | F23: 1300 | G23: =+F23-E23 -> 147.61423
B24: 9 | C24: 2033 | D24: =+'V. Sit.Con Proyecto'!F63 -> 362216.25 | E24: =+D24/312 -> 1160.9495 | F24: 1300 | G24: =+F24-E24 -> 139.05049
B25: 10 | C25: 2034 | D25: =+'V. Sit.Con Proyecto'!F64 -> 364832.56 | E25: =+D25/312 -> 1169.3351 | F25: 1300 | G25: =+F25-E25 -> 130.66488
B26: 11 | C26: 2035 | D26: =+'V. Sit.Con Proyecto'!F65 -> 367402.18 | E26: =+D26/312 -> 1177.5711 | F26: 1300 | G26: =+F26-E26 -> 122.4289
B27: 12 | C27: 2036 | D27: =+'V. Sit.Con Proyecto'!F66 -> 369929.9 | E27: =+D27/312 -> 1185.6728 | F27: 1300 | G27: =+F27-E27 -> 114.32724
B28: 13 | C28: 2037 | D28: =+'V. Sit.Con Proyecto'!F67 -> 372404.06 | E28: =+D28/312 -> 1193.6027 | F28: 1300 | G28: =+F28-E28 -> 106.39725
... B54: 39 | C54: 2063 | D54: =+'V. Sit.Con Proyecto'!F93 -> 389978.97 | E54: =+D54/312 -> 1249.9326 | F54: 1300 | G54: =+F54-E54 -> 50.067412
B55: Fuente: Elaboración Propia

Sheet VI. Cuanti_Beneficios
B2: PROYECTO DE GESTIÓN INTEGRAL DE RESIDUOS PARA EL MUNICIPIO DE CHIHUAHUA
B4: Beneficios
B6: Tabla 1. Valorización de materiales reciclables | F6: Tabla 2. Porcentajes de material valorizable
B7: No. | C7: Materiales Reciclables | D7: Precio por ton. | F7: No. | G7: Materiales Reciclables | H7: % Reciclable | I7: % Realmente Valorizable
B8: 1 | C8: Cartón | D8: 2800 | F8: 1 | G8: Cartón | H8: =+'II. Caracterizacion RSU'!C13 -> 0.0858 | I8: =+'II. Caracterizacion RSU'!F99 -> 0.03080708
B9: 2 | C9: Lata de aluminio | D9: 20000 | F9: 2 | G9: Lata de aluminio | H9: =+'II. Caracterizacion RSU'!C21 -> 0.006 | I9: =+'II. Caracterizacion RSU'!F106 -> 0.0058001496
B10: 3 | C10: Papel | D10: 1300 | F10: 3 | G10: Papel | H10: =+'II. Caracterizacion RSU'!C12 -> 0.0418 | I10: =+'II. Caracterizacion RSU'!F98 -> 0.015008577
B11: 4 | C11: PET | D11: 4000 | F11: 4 | G11: PET | H11: =+'II. Caracterizacion RSU'!C18 -> 0.0667 | I11: =+'II. Caracterizacion RSU'!F103 -> 0.046055949
B12: 5 | C12: Plástico rígido | D12: 5000 | F12: 5 | G12: Plástico rígido | H12: =+'II. Caracterizacion RSU'!C16 -> 0.0707 | I12: =+'II. Caracterizacion RSU'!F101 -> 0.027895957
B13: 6 | C13: Vidrio | D13: 950 | F13: 6 | G13: Vidrio | H13: =+'II. Caracterizacion RSU'!C20+'II. Caracterizacion RSU'!C19 -> 0.042 | I13: =+'II. Caracterizacion RSU'!F105+'II. Caracterizacion RSU'!F104 -> 0.03107223
B14: 7 | C14: Plástico mixto | D14: 3000 | F14: 7 | G14: Plástico ligero | H14: =+'II. Caracterizacion RSU'!C17 -> 0.097 | I14: =+'II. Caracterizacion RSU'!F102 -> 0.038273096
B15: 8 | C15: Papel aluminio | D15: 2000 | F15: 8 | G15: Papel aluminio | H15: =+'II. Caracterizacion RSU'!C24 -> 0.0016 | I15: =+'II. Caracterizacion RSU'!F109 -> 0.00094696319
B16: 9 | C16: Tetrapak | D16: 2000 | F16: 9 | G16: Tetrapak | H16: =+'II. Caracterizacion RSU'!C15 -> 0.014 | I16: =+'II. Caracterizacion RSU'!F100 -> 0.0050267963
B17: 10 | C17: Material ferroso | D17: 1300 | F17: 10 | G17: Material ferroso | H17: =+'II. Caracterizacion RSU'!C22 -> 0.0137 | I17: =+'II. Caracterizacion RSU'!F107 -> 0.012838256
B18: Fuente: Suprareciclaje | F18: Fuente: Elaboración propia con datos del Estudio Diagnóstico de Chihuahua (2023)
B19: Fuente: Elaboración propia con datos del Estudio Diagnóstico de Chihuahua (2023) | I19: =SUM(I8:I17) -> 0.21372506
B21: Tabla 3. Proyección de Ingresos por Reciclaje
B22: No | C22: Año | D22: Generación de RS (Ton anual) | E22: Cartón | F22: Lata de aluminio | G22: Papel | H22: PET | I22: Plástico rígido | J22: Vidrio | K22: Plástico película | L22: Tetrapak | M22: Papel aluminio | N22: Material ferroso | O22: Total
B23: 0 | C23: 2024 | D23: =(+'III. Sit. Actual O-D'!U13) -> 424566.97 | E23: 0 | F23: 0 | G23: 0 | H23: 0 | I23: 0 | J23: 0 | K23: 0 | L23: 0 | M23: 0 | N23: 0 | O23: =+SUM(E23:K23) -> 0
B24: 1 | C24: =C23+1 -> 2025 | D24: =(+'III. Sit. Actual O-D'!U14) -> 429674.89 | E24: 0 | F24: 0 | G24: 0 | H24: 0 | I24: 0 | J24: 0 | K24: 0 | L24: 0 | M24: 0 | N24: 0 | O24: 0
B25: 2 | C25: =C24+1 -> 2026 | D25: =(+'III. Sit. Actual O-D'!U15) -> 434534.54 | E25: =(+D25*$D$8*$I$8) -> 37482873 | F25: =(+$D$9*D25*$I$9) -> 50407306 | G25: =(+$D$10*$I$10*D25) -> 8478268.8 | H25: =((+$D$11*$I$11*D25)) -> 80051602 | I25: =((+$D$12*$I$12*D25)) -> 60608784 | J25: =(+$D$13*$I$13*D25) -> 12826859 | K25: =((+D25*$D$14*$I$14)) -> 49892946 | L25: =((+D25*$D$16*I$16)) -> 4368633.2 | M25: =((+D25*$D$15*$I$15)) -> 822976.42 | N25: =((+D25*$D$17*$I$17)) -> 7252265.4 | O25: =+SUM(E25:N25) -> 3.1219251e+08
B26: 3 | C26: =C25+1 -> 2027 | D26: =(+'III. Sit. Actual O-D'!U16) -> 439116.1 | E26: =(+D26*$D$8*$I$8) -> 37878077 | F26: =(+$D$9*D26*$I$9) -> 50938781 | G26: =(+$D$10*$I$10*D26) -> 8567660.4 | H26: =((+$D$11*$I$11*D26)) -> 80895635 | I26: =((+$D$12*$I$12*D26)) -> 61247820 | J26: =(+$D$13*$I$13*D26) -> 12962100 | K26: =((+D26*$D$14*$I$14)) -> 50418997 | L26: =((+D26*$D$16*I$16)) -> 4414694.3 | M26: =((+D26*$D$15*$I$15)) -> 831653.56 | N26: =((+D26*$D$17*$I$17)) -> 7328730.5 | O26: =+SUM(E26:N26) -> 3.1548415e+08
B27: 4 | C27: =C26+1 -> 2028 | D27: =(+'III. Sit. Actual O-D'!U17) -> 443416.58 | E27: =(+D27*$D$8*$I$8) -> 38249037 | F27: =(+$D$9*D27*$I$9) -> 51437650 | G27: =(+$D$10*$I$10*D27) -> 8651567.8 | H27: =((+$D$11*$I$11*D27)) -> 81687887 | I27: =((+$D$12*$I$12*D27)) -> 61847651 | J27: =(+$D$13*$I$13*D27) -> 13089045 | K27: =((+D27*$D$14*$I$14)) -> 50912776 | L27: =((+D27*$D$16*I$16)) -> 4457929.7 | M27: =((+D27*$D$15*$I$15)) -> 839798.37 | N27: =((+D27*$D$17*$I$17)) -> 7400504.4 | O27: =+SUM(E27:N27) -> 3.1857385e+08
B28: 5 | C28: =C27+1 -> 2029 | D28: =(+'III. Sit. Actual O-D'!U18) -> 447458.54 | E28: =(+D28*$D$8*$I$8) -> 38597695 | F28: =(+$D$9*D28*$I$9) -> 51906529 | G28: =(+$D$10*$I$10*D28) -> 8730431 | H28: =((+$D$11*$I$11*D28)) -> 82432512 | I28: =((+$D$12*$I$12*D28)) -> 62411422 | J28: =(+$D$13*$I$13*D28) -> 13208358 | K28: =((+D28*$D$14*$I$14)) -> 51376871 | L28: =((+D28*$D$16*I$16)) -> 4498565.9 | M28: =((+D28*$D$15*$I$15)) -> 847453.54 | N28: =((+D28*$D$17*$I$17)) -> 7467963.6 | O28: =+SUM(E28:N28) -> 3.214778e+08
B29: 6 | C29: =C28+1 -> 2030 | D29: =(+'III. Sit. Actual O-D'!U19) -> 451282.26 | E29: =(+D29*$D$8*$I$8) -> 38927529 | F29: =(+$D$9*D29*$I$9) -> 52350092 | G29: =(+$D$10*$I$10*D29) -> 8805036.3 | H29: =((+$D$11*$I$11*D29)) -> 83136933 | I29: =((+$D$12*$I$12*D29)) -> 62944754 | J29: =(+$D$13*$I$13*D29) -> 13321229 | K29: =((+D29*$D$14*$I$14)) -> 51815908 | L29: =((+D29*$D$16*I$16)) -> 4537008 | M29: =((+D29*$D$15*$I$15)) -> 854695.39 | N29: =((+D29*$D$17*$I$17)) -> 7531780.5 | O29: =+SUM(E29:N29) -> 3.2422496e+08
B30: 7 | C30: =C29+1 -> 2031 | D30: =(+'III. Sit. Actual O-D'!U20) -> 454930.07 | E30: =(+D30*$D$8*$I$8) -> 39242188 | F30: =(+$D$9*D30*$I$9) -> 52773249 | G30: =(+$D$10*$I$10*D30) -> 8876209.2 | H30: =((+$D$11*$I$11*D30)) -> 83808946 | I30: =((+$D$12*$I$12*D30)) -> 63453550 | J30: =(+$D$13*$I$13*D30) -> 13428907 | K30: =((+D30*$D$14*$I$14)) -> 52234747 | L30: =((+D30*$D$16*I$16)) -> 4573681.6 | M30: =((+D30*$D$15*$I$15)) -> 861604.07 | N30: =((+D30*$D$17*$I$17)) -> 7592661.5 | O30: =+SUM(E30:N30) -> 3.2684574e+08
B31: 8 | C31: =C30+1 -> 2032 | D31: =(+'III. Sit. Actual O-D'!U21) -> 458440.01 | E31: =(+D31*$D$8*$I$8) -> 39544955 | F31: =(+$D$9*D31*$I$9) -> 53180413 | G31: =(+$D$10*$I$10*D31) -> 8944692.2 | H31: =((+$D$11*$I$11*D31)) -> 84455560 | I31: =((+$D$12*$I$12*D31)) -> 63943115 | J31: =(+$D$13*$I$13*D31) -> 13532516 | K31: =((+D31*$D$14*$I$14)) -> 52637756 | L31: =((+D31*$D$16*I$16)) -> 4608969.1 | M31: =((+D31*$D$15*$I$15)) -> 868251.64 | N31: =((+D31*$D$17*$I$17)) -> 7651241.5 | O31: =+SUM(E31:N31) -> 3.2936747e+08
B32: 9 | C32: =C31+1 -> 2033 | D32: =(+'III. Sit. Actual O-D'!U22) -> 461846.82 | E32: =(+D32*$D$8*$I$8) -> 39838826 | F32: =(+$D$9*D32*$I$9) -> 53575613 | G32: =(+$D$10*$I$10*D32) -> 9011162.9 | H32: =((+$D$11*$I$11*D32)) -> 85083176 | I32: =((+$D$12*$I$12*D32)) -> 64418296 | J32: =(+$D$13*$I$13*D32) -> 13633080 | K32: =((+D32*$D$14*$I$14)) -> 53028923 | L32: =((+D32*$D$16*I$16)) -> 4643219.8 | M32: =((+D32*$D$15*$I$15)) -> 874703.88 | N32: =((+D32*$D$17*$I$17)) -> 7708100.2 | O32: =+SUM(E32:N32) -> 3.318151e+08
B33: 10 | C33: =C32+1 -> 2034 | D33: =(+'III. Sit. Actual O-D'!U23) -> 465182.77 | E33: =(+D33*$D$8*$I$8) -> 40126584 | F33: =(+$D$9*D33*$I$9) -> 53962593 | G33: =(+$D$10*$I$10*D33) -> 9076251.2 | H33: =((+$D$11*$I$11*D33)) -> 85697737 | I33: =((+$D$12*$I$12*D33)) -> 64883594 | J33: =(+$D$13*$I$13*D33) -> 13731553 | K33: =((+D33*$D$14*$I$14)) -> 53411954 | L33: =((+D33*$D$16*I$16)) -> 4676758.1 | M33: =((+D33*$D$15*$I$15)) -> 881021.93 | N33: =((+D33*$D$17*$I$17)) -> 7763776.3 | O33: =+SUM(E33:N33) -> 3.3421182e+08
B34: 11 | C34: =C33+1 -> 2035 | D34: =(+'III. Sit. Actual O-D'!U24) -> 468459.2 | E34: =(+D34*$D$8*$I$8) -> 40409208 | F34: =(+$D$9*D34*$I$9) -> 54342668 | G34: =(+$D$10*$I$10*D34) -> 9140178 | H34: =((+$D$11*$I$11*D34)) -> 86301332 | I34: =((+$D$12*$I$12*D34)) -> 65340589 | J34: =(+$D$13*$I$13*D34) -> 13828268 | K34: =((+D34*$D$14*$I$14)) -> 53788151 | L34: =((+D34*$D$16*I$16)) -> 4709697.9 | M34: =((+D34*$D$15*$I$15)) -> 887227.23 | N34: =((+D34*$D$17*$I$17)) -> 7818458.9 | O34: =+SUM(E34:N34) -> 3.3656578e+08
B35: 12 | C35: =C34+1 -> 2036 | D35: =(+'III. Sit. Actual O-D'!U25) -> 471682.18 | E35: =(+D35*$D$8*$I$8) -> 40687222 | F35: =(+$D$9*D35*$I$9) -> 54716544 | G35: =(+$D$10*$I$10*D35) -> 9203062.1 | H35: =((+$D$11*$I$11*D35)) -> 86895083 | I35: =((+$D$12*$I$12*D35)) -> 65790130 | J35: =(+$D$13*$I$13*D35) -> 13923406 | K35: =((+D35*$D$14*$I$14)) -> 54158212 | L35: =((+D35*$D$16*I$16)) -> 4742100.5 | M35: =((+D35*$D$15*$I$15)) -> 893331.33 | N35: =((+D35*$D$17*$I$17)) -> 7872249.7 | O35: =+SUM(E35:N35) -> 3.3888134e+08
B36: 13 | C36: =C35+1 -> 2037 | D36: =(+'III. Sit. Actual O-D'!U26) -> 474836.88 | E36: =(+D36*$D$8*$I$8) -> 40959345 | F36: =(+$D$9*D36*$I$9) -> 55082498 | G36: =(+$D$10*$I$10*D36) -> 9264613.8 | H36: =((+$D$11*$I$11*D36)) -> 87476253 | I36: =((+$D$12*$I$12*D36)) -> 66230146 | J36: =(+$D$13*$I$13*D36) -> 14016528 | K36: =((+D36*$D$14*$I$14)) -> 54520432 | L36: =((+D36*$D$16*I$16)) -> 4773816.5 | M36: =((+D36*$D$15*$I$15)) -> 899306.09 | N36: =((+D36*$D$17*$I$17)) -> 7924900.7 | O36: =+SUM(E36:N36) -> 3.4114784e+08
... B62: 39 | C62: =C61+1 -> 2063 | D62: =(+'III. Sit. Actual O-D'!U52) -> 497245.91 | E62: =(+D62*$D$8*$I$8) -> 42892345 | F62: =(+$D$9*D62*$I$9) -> 57682013 | G62: =(+$D$10*$I$10*D62) -> 9701839.9 | H62: =((+$D$11*$I$11*D62)) -> 91604530 | I62: =((+$D$12*$I$12*D62)) -> 69355754 | J62: =(+$D$13*$I$13*D62) -> 14678012 | K62: =((+D62*$D$14*$I$14)) -> 57093421 | L62: =((+D62*$D$16*I$16)) -> 4999107.8 | M62: =((+D62*$D$15*$I$15)) -> 941747.15 | N62: =((+D62*$D$17*$I$17)) -> 8298901.5 | O62: =+SUM(E62:N62) -> 3.5724767e+08
C63: Total | D63: =SUM(D23:D62) -> 19207104 | E63: =SUM(E23:E62) -> 1.5831147e+09 | F63: =SUM(F23:F62) -> 2.1289869e+09 | G63: =SUM(G23:G62) -> 3.5808546e+08 | H63: =SUM(H23:H62) -> 3.381034e+09 | I63: =SUM(I23:I62) -> 2.5598533e+09 | J63: =SUM(J23:J62) -> 5.4175114e+08 | K63: =SUM(K23:K62) -> 2.1072626e+09 | ... O63: =SUM(O23:O62) -> 1.3185664e+10
B64: Fuente: Elaboración Propia
B67: Valorización de CDR
B69: Tabla 4. Proyección de Ingresos por CDR
B70: Año | D70: Toneladas de Residuso Susceptibles a CDR | E70: Toneladas generadas de CDR VERDE | F70: Toneladas generadas de CDR PLASTICO | G70: Valorización CDR VERDE | H70: Valorización CDR PLASTICO | I70: Total Valorización CDR
B71: 0 | C71: 2024 | D71: =+'V.3 Capacidad Planta de CDR'!D15 -> 0 | E71: 0 | F71: 0 | G71: 0 | H71: 0 | I71: =+H71+G71 -> 0
B72: 1 | C72: 2025 | D72: =+'V.3 Capacidad Planta de CDR'!D16 -> 0 | E72: =+D72*'II. Caracterizacion RSU'!$F$115 -> 0 | F72: =+D72*'II. Caracterizacion RSU'!$F$117 -> 0 | G72: =+E72*'I. Parametros Grales'!$J$144 -> 0 | H72: =+F72*'I. Parametros Grales'!$J$145 -> 0 | I72: =+(H72+G72)*0.25 -> 0
B73: 2 | C73: 2026 | D73: =+'V.3 Capacidad Planta de CDR'!D17 -> 340795.82 | E73: =+D73*'II. Caracterizacion RSU'!$F$115 -> 125076.78 | F73: =+D73*'II. Caracterizacion RSU'!$F$117 -> 62442.324 | G73: =+E73*'I. Parametros Grales'!$J$144 -> 18761517 | H73: =+F73*'I. Parametros Grales'!$J$145 -> 18732697 | I73: =+H73+G73 -> 37494214
B74: 3 | C74: =C73+1 -> 2027 | D74: =+'V.3 Capacidad Planta de CDR'!D18 -> 344389.04 | E74: =+D74*'II. Caracterizacion RSU'!$F$115 -> 126395.54 | F74: =+D74*'II. Caracterizacion RSU'!$F$117 -> 63100.691 | G74: =+E74*'I. Parametros Grales'!$J$144 -> 18959331 | H74: =+F74*'I. Parametros Grales'!$J$145 -> 18930207 | I74: =+H74+G74 -> 37889539
B75: 4 | C75: =C74+1 -> 2028 | D75: =+'V.3 Capacidad Planta de CDR'!D19 -> 347761.82 | E75: =+D75*'II. Caracterizacion RSU'!$F$115 -> 127633.4 | F75: =+D75*'II. Caracterizacion RSU'!$F$117 -> 63718.668 | G75: =+E75*'I. Parametros Grales'!$J$144 -> 19145009 | H75: =+F75*'I. Parametros Grales'!$J$145 -> 19115600 | I75: =+H75+G75 -> 38260610
B76: 5 | C76: =C75+1 -> 2029 | D76: =+'V.3 Capacidad Planta de CDR'!D20 -> 350931.84 | E76: =+D76*'II. Caracterizacion RSU'!$F$115 -> 128796.84 | F76: =+D76*'II. Caracterizacion RSU'!$F$117 -> 64299.495 | G76: =+E76*'I. Parametros Grales'!$J$144 -> 19319526 | H76: =+F76*'I. Parametros Grales'!$J$145 -> 19289848 | I76: =+H76+G76 -> 38609374
B77: 6 | C77: =C76+1 -> 2030 | D77: =+'V.3 Capacidad Planta de CDR'!D21 -> 353930.7 | E77: =+D77*'II. Caracterizacion RSU'!$F$115 -> 129897.46 | F77: =+D77*'II. Caracterizacion RSU'!$F$117 -> 64848.961 | G77: =+E77*'I. Parametros Grales'!$J$144 -> 19484619 | H77: =+F77*'I. Parametros Grales'!$J$145 -> 19454688 | I77: =+H77+G77 -> 38939307
B78: 7 | C78: =C77+1 -> 2031 | D78: =+'V.3 Capacidad Planta de CDR'!D22 -> 356791.59 | E78: =+D78*'II. Caracterizacion RSU'!$F$115 -> 130947.45 | F78: =+D78*'II. Caracterizacion RSU'!$F$117 -> 65373.149 | G78: =+E78*'I. Parametros Grales'!$J$144 -> 19642117 | H78: =+F78*'I. Parametros Grales'!$J$145 -> 19611945 | I78: =+H78+G78 -> 39254062
B79: 8 | C79: =C78+1 -> 2032 | D79: =+'V.3 Capacidad Planta de CDR'!D23 -> 359544.36 | E79: =+D79*'II. Caracterizacion RSU'!$F$115 -> 131957.75 | F79: =+D79*'II. Caracterizacion RSU'!$F$117 -> 65877.525 | G79: =+E79*'I. Parametros Grales'!$J$144 -> 19793663 | H79: =+F79*'I. Parametros Grales'!$J$145 -> 19763257 | I79: =+H79+G79 -> 39556920
B80: 9 | C80: =C79+1 -> 2033 | D80: =+'V.3 Capacidad Planta de CDR'!D24 -> 362216.25 | E80: =+D80*'II. Caracterizacion RSU'!$F$115 -> 132938.37 | F80: =+D80*'II. Caracterizacion RSU'!$F$117 -> 66367.081 | G80: =+E80*'I. Parametros Grales'!$J$144 -> 19940756 | H80: =+F80*'I. Parametros Grales'!$J$145 -> 19910124 | I80: =+H80+G80 -> 39850880
B81: 10 | C81: =C80+1 -> 2034 | D81: =+'V.3 Capacidad Planta de CDR'!D25 -> 364832.56 | E81: =+D81*'II. Caracterizacion RSU'!$F$115 -> 133898.59 | F81: =+D81*'II. Caracterizacion RSU'!$F$117 -> 66846.455 | G81: =+E81*'I. Parametros Grales'!$J$144 -> 20084789 | H81: =+F81*'I. Parametros Grales'!$J$145 -> 20053937 | I81: =+H81+G81 -> 40138726
B82: 11 | C82: =C81+1 -> 2035 | D82: =+'V.3 Capacidad Planta de CDR'!D26 -> 367402.18 | E82: =+D82*'II. Caracterizacion RSU'!$F$115 -> 134841.68 | F82: =+D82*'II. Caracterizacion RSU'!$F$117 -> 67317.275 | G82: =+E82*'I. Parametros Grales'!$J$144 -> 20226252 | H82: =+F82*'I. Parametros Grales'!$J$145 -> 20195182 | I82: =+H82+G82 -> 40421435
B83: 12 | C83: =C82+1 -> 2036 | D83: =+'V.3 Capacidad Planta de CDR'!D27 -> 369929.9 | E83: =+D83*'II. Caracterizacion RSU'!$F$115 -> 135769.39 | F83: =+D83*'II. Caracterizacion RSU'!$F$117 -> 67780.416 | G83: =+E83*'I. Parametros Grales'!$J$144 -> 20365408 | H83: =+F83*'I. Parametros Grales'!$J$145 -> 20334125 | I83: =+H83+G83 -> 40699533
B84: 13 | C84: =C83+1 -> 2037 | D84: =+'V.3 Capacidad Planta de CDR'!D28 -> 372404.06 | E84: =+D84*'II. Caracterizacion RSU'!$F$115 -> 136677.44 | F84: =+D84*'II. Caracterizacion RSU'!$F$117 -> 68233.743 | G84: =+E84*'I. Parametros Grales'!$J$144 -> 20501616 | H84: =+F84*'I. Parametros Grales'!$J$145 -> 20470123 | I84: =+H84+G84 -> 40971739
B85: 14 | C85: =C84+1 -> 2038 | D85: =+'V.3 Capacidad Planta de CDR'!D29 -> 374796.91 | E85: =+D85*'II. Caracterizacion RSU'!$F$115 -> 137555.65 | F85: =+D85*'II. Caracterizacion RSU'!$F$117 -> 68672.174 | G85: =+E85*'I. Parametros Grales'!$J$144 -> 20633347 | H85: =+F85*'I. Parametros Grales'!$J$145 -> 20601652 | I85: =+H85+G85 -> 41234999
... B110: 39 | C110: =C109+1 -> 2063 | D110: =+'V.3 Capacidad Planta de CDR'!D54 -> 389978.97 | E110: =+D110*'II. Caracterizacion RSU'!$F$115 -> 143127.67 | F110: =+D110*'II. Caracterizacion RSU'!$F$117 -> 71453.906 | G110: =+E110*'I. Parametros Grales'!$J$144 -> 21469151 | H110: =+F110*'I. Parametros Grales'!$J$145 -> 21436172 | I110: =+H110+G110 -> 42905323
B111: Fuente: Elaboración propia con datos del Estudio Diagnóstico de Chihuahua (2023)
B114: Ahorros en Costos de Transportación a NSRM
B116: Tabla 5. Proyección del Ahorro en Transporte
B117: Año | D117: Ahorros en Diesel (lts/año) | E117: Valorización Ahorros en Diesel ($) | F117: Otros ahorros en Costos de Operación ($) | G117: Total de Ahorros en OPEX Transporte ($)
B118: 0 | C118: 2024 | D118: 0 | E118: 0 | F118: 0 | G118: 0 | I118: Tabla 6. Costo Anual de Operación | M118: Tabla 7. Ahorro en Combustible | R118: Tabla 7.1 Valores Diagnósticos y Estimaciones
B119: 1 | C119: =C118+1 -> 2025 | D119: 0 | E119: =+D119*$O$122 -> 0 | F119: 0 | G119: =+F119+E119 -> 0 | J119: Sin Estación de Transferencia | K119: Con Estación de Transferencia | M119: Ahorro anual en distancia recorrida (km/año) | N119: km/año | O119: =+T129-U129 -> 1767315 | R119: CONCEPTO | T119: SIN ET | U119: CON ET
B120: 2 | C120: =C119+1 -> 2026 | D120: =+O120 -> 785473.35 | E120: =+D120*$O$122 -> 18631428 | F120: =+$K$123-E120 -> 15237166 | G120: =+F120+E120 -> 33868594 | I120: Traslado en Camiones Colectores | J120: 95129124 | K120: 20451790 | M120: Ahorro de diesel (lt/año) | N120: lto/año | O120: =+O119/O121 -> 785473.35 | R120: Numero de toneladas transportadas por año
B121: 3 | C121: =C120+1 -> 2027 | D121: =+D120 -> 785473.35 | E121: =+D121*$O$122 -> 18631428 | F121: =+$K$123-E121 -> 15237166 | G121: =+F121+E121 -> 33868594 | I121: Traslado en Tractores con Caja Transfer | J121: 0 | K121: 40808740 | M121: Rendimiento diesel | N121: km/l | O121: 2.25 | R121: Camión recolector | S121: t/año | T121: 298029.52 | U121: 298029.52
B122: 4 | C122: =C121+1 -> 2028 | D122: =+D121 -> 785473.35 | E122: =+D122*$O$122 -> 18631428 | F122: =+$K$123-E122 -> 15237166 | G122: =+F122+E122 -> 33868594 | I122: Total | J122: 95129124 | K122: 61260530 | M122: Precio Promedio Diesel ($/lt) | N122: Promedio | O122: =+'I. Parametros Grales'!D24 -> 23.72 | R122: Camión transfer | S122: t/año | T122: - | U122: 298029.52
B123: 5 | C123: =C122+1 -> 2029 | D123: =+D122 -> 785473.35 | E123: =+D123*$O$122 -> 18631428 | F123: =+$K$123-E123 -> 15237166 | G123: =+F123+E123 -> 33868594 | I123: Ahorro en Costos de Trasnporte por año | J123: 0 | K123: =+J122-K122 -> 33868594 | M123: Fuente: Estudio Diagnóstico de Chihuahua (2023) | R123: Numero de viajes realizados por año
B124: 6 | C124: =C123+1 -> 2030 | D124: =+D123 -> 785473.35 | E124: =+D124*$O$122 -> 18631428 | F124: =+$K$123-E124 -> 15237166 | G124: =+F124+E124 -> 33868594 | I124: Fuente: Estudio Diagnóstico de Chihuahua (2023) | R124: Camión recolector | S124: viajes | T124: 49671.586 | U124: 49671.586
B125: 7 | C125: =C124+1 -> 2031 | D125: =+D124 -> 785473.35 | E125: =+D125*$O$122 -> 18631428 | F125: =+$K$123-E125 -> 15237166 | G125: =+F125+E125 -> 33868594 | R125: Camión transfer | S125: viajes | T125: - | U125: 11921.181
B126: 8 | C126: =C125+1 -> 2032 | D126: =+D125 -> 785473.35 | E126: =+D126*$O$122 -> 18631428 | F126: =+$K$123-E126 -> 15237166 | G126: =+F126+E126 -> 33868594 | R126: Numero de km recorridos por año
B127: 9 | C127: =C126+1 -> 2033 | D127: =+D126 -> 785473.35 | E127: =+D127*$O$122 -> 18631428 | F127: =+$K$123-E127 -> 15237166 | G127: =+F127+E127 -> 33868594 | R127: Camión recolector | S127: km | T127: 3303160.5 | U127: 844416.97
B128: 10 | C128: =C127+1 -> 2034 | D128: =+D127 -> 785473.35 | E128: =+D128*$O$122 -> 18631428 | F128: =+$K$123-E128 -> 15237166 | G128: =+F128+E128 -> 33868594 | R128: Camión transfer | S128: km | T128: - | U128: 691428.48
B129: 11 | C129: =C128+1 -> 2035 | D129: =+D128 -> 785473.35 | E129: =+D129*$O$122 -> 18631428 | F129: =+$K$123-E129 -> 15237166 | G129: =+F129+E129 -> 33868594 | S129: km | T129: 3303160.5 | U129: 1535845.5
B130: 12 | C130: =C129+1 -> 2036 | D130: =+D129 -> 785473.35 | E130: =+D130*$O$122 -> 18631428 | F130: =+$K$123-E130 -> 15237166 | G130: =+F130+E130 -> 33868594 | R130: $ Costos de mantenimiento y refacciones por año
B131: 13 | C131: =C130+1 -> 2037 | D131: =+D130 -> 785473.35 | E131: =+D131*$O$122 -> 18631428 | F131: =+$K$123-E131 -> 15237166 | G131: =+F131+E131 -> 33868594 | R131: Camión recolector | S131: $ | T131: 34929973 | U131: 8929466.8
B132: 14 | C132: =C131+1 -> 2038 | D132: =+D131 -> 785473.35 | E132: =+D132*$O$122 -> 18631428 | F132: =+$K$123-E132 -> 15237166 | G132: =+F132+E132 -> 33868594 | R132: Camión transfer | S132: $ | U132: 8225614.7
B133: 15 | C133: =C132+1 -> 2039 | D133: =+D132 -> 785473.35 | E133: =+D133*$O$122 -> 18631428 | F133: =+$K$123-E133 -> 15237166 | G133: =+F133+E133 -> 33868594 | S133: $ | T133: 34929973 | U133: 17155081
B134: 16 | C134: =C133+1 -> 2040 | D134: =+D133 -> 785473.35 | E134: =+D134*$O$122 -> 18631428 | F134: =+$K$123-E134 -> 15237166 | G134: =+F134+E134 -> 33868594 | R134: Numero hrs de recorrido por año
B135: 17 | C135: =C134+1 -> 2041 | D135: =+D134 -> 785473.35 | E135: =+D135*$O$122 -> 18631428 | F135: =+$K$123-E135 -> 15237166 | G135: =+F135+E135 -> 33868594 | R135: Camión recolector | S135: h | T135: 120114.93 | U135: 30706.072
B136: 18 | C136: =C135+1 -> 2042 | D136: =+D135 -> 785473.35 | E136: =+D136*$O$122 -> 18631428 | F136: =+$K$123-E136 -> 15237166 | G136: =+F136+E136 -> 33868594 | R136: Camión transfer | S136: h | T136: - | U136: 25142.854
B137: 19 | C137: =C136+1 -> 2043 | D137: =+D136 -> 785473.35 | E137: =+D137*$O$122 -> 18631428 | F137: =+$K$123-E137 -> 15237166 | G137: =+F137+E137 -> 33868594 | S137: h | T137: 120114.93 | U137: 55848.925
